Workbook

Sheet 1. Titelblad
B2: Tabblad 1 - Titelblad
B13: Over dit bestand
B15: Zaaknummer | C15: ACM/26/201015
B16: Titel | C16: Invulmodule Tarievenvoorstel TenneT op Land 2027
B17: Ondertitel | C17: Invulmodule systeembeheerder van het landelijke transmissiesysteem 2027
B18: Hoort bij besluit(en): | C18: Tarievenbesluit TenneT op Land 2027
B19: Hoort bij onderzoek/publicatie ACM: | C19: N.v.t.
B20: Kenmerk besluit(en) | C20: N.t.b.
B21: Samenhang met andere rekenbestanden | C21: - Rekenmodule projectprocedure investeringen TenneT op Land 2027 - Invulmodule tarievenvoorstel TenneT op Zee 2027
B22: Overig opmerkingen | C22: N.v.t.
B25: Over de status van dit bestand
B27: Definitief? (ja/nee) | C27: Ja
B28: Indien definitief, wordt bestand openbaar en/of gepubliceerd? (ja/nee) | C28: Ja
B29: Indien publicatie, datum van dit bestand: | C29: 46302
B30: Juridisch integraal onderdeel van bovenstaande besluit(en) (ja/nee)? | C30: Ja
B31: Indien publicatie, bevat bedrijfsvertrouwelijke gegevens? (ja/nee) | C31: Nee
B32: Overig opmerkingen | C32: N.v.t.
B34: Mogelijkheden van bezwaar en beroep staan open tegen het besluit waarbij dit bestand hoort (zie kenmerken hierboven).
B36: Contactgegevens ACM
B38: Postbus 16326
B39: 2500 BH DEN HAAG
B40: e-mail : info@acm.nl
B42: Disclaimer
B44: Dit bestand is bedoeld ter verduidelijking van de berekeningen door ACM. Aan dit bestand kunnen geen rechten worden ontleend.

Sheet 2. Toelichting
B2: Tabblad 2 - Toelichting bij dit bestand
B5: Toelichting bij de werking van dit model
B7: Deze rekenmodule wordt gebruikt bij het vaststellen van het Tarievenbesluit TenneT op Land 2027.
B8: Deze rekenmodule bevat alle gegevens die nodig zijn om de tarieven voor het transmissiesysteem voor elektriciteit op land te berekenen voor het jaar 2027
B10: Schematische weergave en/of inhoudsopgave van de werking van dit model
B12: Toelichting samenhang tabbladen:
D14: Inputs | H14: Hulpberekeningen | L14: Berekeningen | P14: Resultaten
D17: 9. Parameters | L17: [berekeningstabbladen]
H21: 16. Berekening parameters
D34: 10. Brondata | L34: 18. Correcties OA&M en IKTNN
L38: 20. Correctie bijschatten
L42: 21. Correctie afloopinv. WUI
L46: 22. Correctie WACC
D50: 6. Correcties en prognoses | L50: 25. Overige correcties
D54: 13. Input desinvesteringen | L54: 19. Correctie desinvesteringen
D58: 14. Reallisaties IKE&V | L58: 17. Correctie IKE&V
D62: 8. Input voorschot IKE&V | L62: 21. Voorschot IKE&V
Q64: 7. Spreiding nacalculaties 2025
D66: 12. Input inv. <= 10 jaar | L66: 23. Correctie inv. <= 10 jaar
D70: 15. Realisaties IKTNN | L70: 22. Prognoses IKTNN
D74: 11. Tarieven, RV en omzet | L74: 24. Omzetcorrectie
Q78: 4. Totale inkomsten 2027
D82: 10. Voorstel tarieven en RV | L82: 26. Controle tarieven
Q85: 5. Tarieven en RV 2027
B90: Legenda voor gebruik van celkleuren en tabkleuren
B92: Celkleur getallen | D92: Beschrijving
B94: 123 | D94: Data en input (bron wordt vermeld)
B95: =B94 -> 123 | D95: Waarde die zonder berekening wordt overgenomen uit een andere cel
B96: =B95+B94 -> 246 | D96: Berekende waarde
B97: =B95+B96 -> 369 | D97: Berekende waarde die wordt opgehaald op een ander tabblad, incl. (eind)resultaat van berekening
B98: 123 | D98: Waarde die uit de ACM-database wordt ingelezen in de cel.
D99: Cel is niet van toepassing (dus leeg, niet nul), maar er wordt door een formule wel naar verwezen
B101: Bijzonderheden:
B102: =B97+16 -> 385 | D102: Waarde of berekening die speciale aandacht vraagt (zie toelichting in notitie)
B103: =B95*PI() -> 386.4159 | D103: Ingevoerde waarde of berekening die nog niet juist is (indien van toepassing)
B105: Eventueel te gebruiken:
B106: 123 | D106: Deze kleur wordt uitsluitend gebruikt bij een informatieverzoek: cellen die door de ontvanger van het dataverzoek moeten worden ingevuld
B107: 124 | D107: Een kader kan worden gebruikt om aan te geven dat een bepaald veld input bevat, maar deze input automatisch wordt ingeladen, bijvoorbeeld door middel van een macro (dus niet handmatig in te vullen)
B108: =B106-B107 -> -1 | D108: Grijze cijfers geven de uitkomt van een check berekening; dit is geen resultaat waarmee verder wordt gerekend
B110: Tabkleur
B112: Tabbladen die het model vormen
B113: Resultaat | D113: Tabblad met resultaten/output
B114: Data | D114: Tabblad met input
B115: Database | D115: Tabblad met input uit een database
B116: Berekening | D116: Tabblad met berekeningen
B118: Tabbladen ten behoeve van begrip
B119: Input --> | D119: Leeg tabblad dat wordt gebruikt als index/markering voor een serie tabbladen (kleur: licht grijs)
B120: Toelichting | D120: Gestandaardiseerde tabbladen, omvat tenminste: 'Titelblad', 'Toelichting' en 'Bronnen en toepassingen' (kleur: ACM-lichtpaars)

Sheet 3. Bronnen en toepassingen
B2: Tabblad 3 - Bronnenoverzicht en specifieke toepassingen
B5: Bronnenoverzicht
B7: In onderstaand overzicht houdt ACM bij welke bronnen gebruikt zijn voor de data en berekeningen in dit bestand.
B8: Ieder inputblad heeft een kolom 'bronverwijzing', waarin gebruikte bronnen met een verkorte naam worden aangeduid. Deze bronnen worden verder toegelicht in deze tabel.
B10: Nr. | C10: Verkorte naam | D10: Naam bestand | E10: Zaaknummer en/of kenmerk ACM | F10: Aanvullende gegevens bestand | G10: Overige opmerkingen
C11: Zoals gebruikt in dit bestand | D11: Exacte bestandsnaam | E11: Indien van toepassing | F11: Datum/wijze ontvangst, versie nr., URL, etc.
B12: 1 | C12: CBS Statline | F12: Hyperlink
B13: 2 | C13: DNB | F13: Hyperlink
B14: 3 | C14: Rijksoverheid | F14: Hyperlink
B15: 4 | C15: Tarievencode Elektriciteit 2026 | F15: Hyperlink
B16: 5 | C16: Reguleringsdata TenneT 2018 | F16: Niet openbaar
B17: 6 | C17: Reguleringsdata TenneT 2019 | F17: Niet openbaar
B18: 7 | C18: Reguleringsdata TenneT 2020 | F18: Niet openbaar
B19: 8 | C19: Reguleringsdata TenneT 2021 | F19: Niet openbaar
B20: 9 | C20: Reguleringsdata TenneT 2022 | F20: Niet openbaar
B21: 10 | C21: Reguleringsdata TenneT 2023 | F21: Niet openbaar
B22: 11 | C22: Reguleringsdata TenneT 2024 | F22: Niet openbaar
B23: 12 | C23: Reguleringsdata TenneT 2025 | F23: Niet openbaar
... B28: 17 | C28: Rekenmodule tarievenbesluit TenneT 2026 | F28: Hyperlink
B29: 18 | C29: Rekenmodule projectprocedure investeringen | D29: Rekenmodule projectprocedure investeringen TenneT op Land 2027 | F29: Niet openbaar
B30: 19 | C30: Gewijzigde GAW-berekening TenneT | D30: Gewijzigde GAW-berekening TenneT voor de reguleringsperiode 2022-2026 | F30: Hyperlink
B31: 20 | C31: Gewijzigde X-factorberekening Transporttaken TenneT | D31: Gewijzigde X-factorberekening Transporttaken TenneT 2022-2026 | F31: Hyperlink
B32: 21 | C32: Gewijzigde doelmatigheidsfactorberekening Systeemtaken TenneT | D32: Bijlage 1a bij het gewijzigd methodebesluit TenneT systeemtaken 2022-2026 | F32: Hyperlink
B33: 22 | C33: Gewijzigd methodebesluit transporttaken TenneT 2022-2026 | E33: ACM/UIT/600678 | F33: Hyperlink
B34: 23 | C34: Gewijzigd methodebesluit systeemtaken TenneT 2022-2026 | E34: ACM/UIT/600685 | F34: Hyperlink
B35: 24 | C35: Update gewijzigde X-factorberekening Transporttaken TenneT t.b.v. Tarievenbesluit 2027 | D35: Update gewijzigde X-factorberekening Transporttaken TenneT 2022-2026 t.b.v. Tarievenbesluit TenneT op Land 2027 | F35: Niet openbaar
B36: 25 | C36: Update gewijzigde doelmatigheidsfactorberekening Systeemtaken TenneT t.b.v. Tarievenbesluit 2027 | D36: Update gewijzigde doelmatigheidsfactorberekening Systeemtaken TenneT 2022-2026 t.b.v. Tarievenbesluit op Land 2027 | F36: Niet openbaar
B37: 26 | C37: Update gewijzigde GAW-berekening TenneT t.b.v. Tarievenbesluiten 2027 | D37: Update gewijzigde GAW-berekening TenneT voor de reguleringsperiode 2022-2026 t.b.v. Tarievenbesluiten 2027 | F37: Niet openbaar
B38: 27 | C38: Rekenmodule afschrijvingen TenneT 2027 | D38: Rekenmodule afschrijvingen projectprocedure investeringen en ARO’s 2027 | F38: Niet openbaar
B39: 28 | C39: Nacalculatiemodel WACC 2025 | D39: Model WACC-nacalculatie voor tarievenbesluiten GTS, TenneT en DSB's | E39: n.t.b. | F39: Hyperlink
B41: Duiding van specifieke Excel-toepassingen en overige bijzonderheden
B43: In rekenmodellen probeert ACM zoveel mogelijk eenvoudige navolgbare berekeningen te maken en geen ingewikkelde functies of toepassingen te gebruiken.
B44: Wanneer toch gebruik wordt gemaakt van cel- en rangenamen, macro's of andere bijzondere functies in Excel wordt de werking ervan hier toegelicht
B46: De gegevens die de ACM ophaalt uit de database staan in deze rekenmodule als tabel met tabelnaam. Dit zijn de tabellen "Desinvesteringen", "Realisatie_inkoopkosten_energie_en_vermogen", en "Realisatie_inkoopkosten_transport_naastgelegen_netten". De ACM haalt op de relevante berekeningstabbladen gegevens uit deze tabellen op door gebruik te maken van de SOM-functie. In de SOM-functie neemt de ACM voorwaarden op, om specifieke gegevens uit de tabellen met input uit de database te selecteren.
B48: Op tabblad 28. Correctie investeringen met een afschrijvingstermijn van 5 of 10 jaar wordt de Excel-functie Macht gebruikt om in de kolommen Z t/m AC de reël-plus afschrijving per investering te berekenen. Deze functie zorgt ervoor dat de nominale afschrijving voor ieder jaar na ingebruikname wordt vermenigvuldigd met de indexatiefactor. In het jaar van ingebruiname is de waarde van de macht nul waardoor de nominale afschrijving wordt vermenigvudligd met één.

Sheet 4. Totale inkomsten 2027
B2: Tabblad 4 - Totale inkomsten TenneT 2027
B4: Beschrijving resultaat
B5: Dit tabblad is een overzicht van de totale inkomsten 2027 van de beheerder van het landelijke hoogspanningsnet, TenneT TSO B.V. De ACM bepaalt de totale inkomsten inclusief tariefcorrecties in drie stappen: 1: de ACM berekent de totale inkomsten exclusief tariefcorrecties; 2: de ACM bepaalt de tariefcorrecties; 3: de ACM berekent de totale inkomsten inclusief tariefcorrecties.
B7: Toelichting bij bijzonderheden
B8: Bedragen zijn inclusief het rentepercentage voor tariefcorrecties.
B10: Omschrijving | F10: Eenheid | H10: Rijtotaal | J10: EHS | K10: HS | M10: Opmerking
B13: Berekening totale inkomsten
B15: Stap 1: Totale inkomsten exclusief tariefcorrecties
B17: Schatting inkomsten uit inkomstenbesluit TenneT op Land 2027 | F17: EUR, pp 2027 | H17: =SUM(J17:K17) -> 2.2201826e+09 | J17: ='6. Correcties en prognoses'!AM13 -> 1.2082383e+09 | K17: ='6. Correcties en prognoses'!AM32 -> 1.0119443e+09
B19: Totale inkomsten exclusief tariefcorrecties 2027 | F19: EUR, pp 2027 | H19: =SUM(J19:K19) -> 2.2201826e+09 | J19: =SUM(J17:J17) -> 1.2082383e+09 | K19: =SUM(K17:K17) -> 1.0119443e+09
B21: Stap 2: Tariefcorrecties
B23: Correcties op grond van een specifieke wettelijke bevoegdheid
B24: Inzet congestie-ontvangsten | F24: EUR, pp 2027 | H24: =SUM(J24:K24) -> -245000000 | J24: ='6. Correcties en prognoses'!AM27 -> -245000000 | M24: Correctie als bedoeld in artikel 19, derde lid, van Verordening 2019/943
B25: Verrekening vergoedingen net op zee fase I | F25: EUR, pp 2027 | H25: =SUM(J25:K25) -> 1.2043607e+08 | J25: ='6. Correcties en prognoses'!AM24 -> 1.2043607e+08 | M25: Correctie als bedoeld in artikel 3.80 van de Energiewet
B26: Verrekening vergoedingen net op zee fase II | F26: EUR, pp 2027 | H26: =SUM(J26:K26) -> 9.6912427e+08 | J26: ='6. Correcties en prognoses'!AM25 -> 9.6912427e+08 | M26: Correctie als bedoeld in artikel 3.80 van de Energiewet
B27: Correctie inkoopkosten transport bij regionale netbeheerders 2025 | F27: EUR, pp 2027 | H27: =SUM(J27:K27) -> -28877304 | K27: ='18. Correcties OA&M en IKTNN'!M36 -> -28877304 | M27: Correctie als bedoeld in artikel 41b, tweede lid, van de E-wet
B28: Correctie InterTSO compensation 2025 | F28: EUR, pp 2027 | H28: =SUM(J28:K28) -> -18075380 | J28: ='18. Correcties OA&M en IKTNN'!L40 -> -18075380 | M28: Correctie als bedoeld in artikel 41b, tweede lid, van de E-wet
B29: Omzetcorrectie op basis van volumeverschillen 2025 | F29: EUR, pp 2027 | H29: =SUM(J29:K29) -> -1.0661578e+08 | J29: ='24. Omzetcorrectie'!H39 -> 86027559 | K29: ='24. Omzetcorrectie'!H44 -> -1.9264334e+08 | M29: Correctie als bedoeld in artikel 41d, tweede lid, van de E-wet
B30: Correctie onderzoekskosten niet-geactiveerde verkabelingsprojecten 2025 | F30: EUR, pp 2027 | H30: =SUM(J30:K30) -> 0 | K30: ='25. Overige correcties'!AM78 -> 0 | M30: Correctie als bedoeld in artikel 41b, eerste lid, onderdeel l van de E-wet
B32: Correcties op grond van de algemene bevoegdheid
B33: Prognose omzet aansluitdienst en meterhuur 2027 | F33: EUR, pp 2027 | H33: =SUM(J33:K33) -> -56645400 | J33: ='6. Correcties en prognoses'!AM16 -> -4305886.5 | K33: ='6. Correcties en prognoses'!AM35 -> -52339514
B34: Correctie vermogenskosten transporttaak door de herrekende WACC 2025 | F34: EUR, pp 2027 | H34: =SUM(J34:K34) -> 1.2400581e+08 | J34: ='22. Correctie WACC'!AM105 -> 54326189 | K34: ='22. Correctie WACC'!AM106 -> 69679617
B35: Correctie vermogenskosten systeemtaak door de herrekende WACC 2025 | F35: EUR, pp 2027 | H35: =SUM(J35:K35) -> 3201649.4 | J35: ='22. Correctie WACC'!AM107 -> 3201649.4
B36: Correctie vermogenskosten projectprocedure investeringen in aanbouw 2025 | F36: EUR, pp 2027 | H36: =SUM(J36:K36) -> 19753286 | J36: ='10. Brondata'!AM13 -> 18114029 | K36: ='10. Brondata'!AM14 -> 1639257.1
B37: Correctie toevoeging totale kosten projectprocedure investeringen in gebruik door de herrekende WACC 2025 | F37: EUR, pp 2027 | H37: =SUM(J37:K37) -> 43631107 | J37: ='10. Brondata'!AM17 -> 41844848 | K37: ='10. Brondata'!AM18 -> 1786258.8
B38: Correctie efficiënte kosten Marnezijl-Oudehaske 2025 in 2027 | F38: EUR, pp 2027 | H38: =SUM(J38:K38) -> 29253.652 | J38: ='10. Brondata'!AM21 -> 2511.8621 | K38: ='10. Brondata'!AM24 -> 26741.79
B39: Correctie efficiënte (vermogens)kosten Diemen-Lelystad-Ens in 2027 | F39: EUR, pp 2027 | H39: =SUM(J39:K39) -> 48271.9 | J39: ='10. Brondata'!AM26 -> 48271.9
B40: Nacalculatie efficiënte (vermogens)kosten Eemshaven Oudeschip-Vierverlaten 2016 t/m 2025 in 2027 | F40: EUR, pp 2027 | H40: =SUM(J40:K40) -> 3045642.5 | J40: ='10. Brondata'!AM27 -> 2034724 | K40: ='10. Brondata'!AM28 -> 1010918.5
B41: Nacalculatie efficiënte (vermogens)kosten Krimpen-Geertruidenberg 2018 t/m 2025 in 2027 | F41: EUR, pp 2027 | H41: =SUM(J41:K41) -> 2691483.8 | J41: ='10. Brondata'!AM29 -> 2691483.8
B42: Nacalculatie efficiënte (vermogens)kosten HKN/HKW: onshore-deel van investering NoZ 2019 t/m 2025 in 2027 | F42: EUR, pp 2027 | H42: =SUM(J42:K42) -> 1218251.5 | J42: ='10. Brondata'!AM30 -> 1218251.5
B43: Correctie omzet aansluitdienst en meterhuur 2025 | F43: EUR, pp 2027 | H43: =SUM(J43:K43) -> -8860637.6 | J43: ='18. Correcties OA&M en IKTNN'!L32 -> -281920.87 | K43: ='18. Correcties OA&M en IKTNN'!M32 -> -8578716.8
B44: Correctie verrekening garantstelling faillissementen | F44: EUR, pp 2027 | H44: =SUM(J44:K44) -> 0 | J44: ='25. Overige correcties'!AM69 -> 0
B45: Correctie operationele kosten netcongestie 2025 | F45: EUR, pp 2027 | H45: =SUM(J45:K45) -> 16280341 | K45: ='25. Overige correcties'!AM80 -> 16280341
B46: Correctie operationele kosten cybersecurity 2022 t/m 2025 | F46: EUR, pp 2027 | H46: =SUM(J46:K46) -> 18044002 | J46: ='25. Overige correcties'!AM71 -> 10899990 | K46: ='25. Overige correcties'!AM81 -> 7144011.3
B47: Correctie inkoopkosten energie en vermogen transporttaak 2025 | F47: EUR, pp 2027 | H47: =SUM(J47:K47) -> 1.344205e+08 | J47: ='17. Correctie IKE&V'!AM114 -> 74771629 | K47: ='17. Correctie IKE&V'!AM148 -> 59648872
B48: Correctie inkoopkosten energie en vermogen systeemtaak 2025 | F48: EUR, pp 2027 | H48: =SUM(J48:K48) -> 88420883 | J48: ='17. Correctie IKE&V'!AM176 -> 88420883
B49: Correctie inkomsten transportdiensten | F49: EUR, pp 2027 | H49: =SUM(J49:K49) -> -325455.53 | J49: ='25. Overige correcties'!AM65 -> 0 | K49: ='25. Overige correcties'!AM74 -> -325455.53
B50: Correctie inkomsten aansluitdiensten | F50: EUR, pp 2027 | H50: =SUM(J50:K50) -> -1371232.9 | J50: ='25. Overige correcties'!AM67 -> -1371232.9 | K50: ='25. Overige correcties'!AM76 -> 0
B51: Correctie operationele kosten door desinvesteringen in 2021 t/m 2025 transporttaak | F51: EUR, pp 2027 | H51: =SUM(J51:K51) -> -603272.9 | J51: ='19. Correctie desinvesteringen'!P579 -> -340442.46 | K51: ='19. Correctie desinvesteringen'!P580 -> -262830.44
B52: Correctie operationele kosten door desinvesteringen in 2021 t/m 2025 systeemtaak | F52: EUR, pp 2027 | H52: =SUM(J52:K52) -> -12287.165 | J52: ='19. Correctie desinvesteringen'!P581 -> -12287.165
B53: Correctie investeringen met een afschrijvingstermijn langer dan tien jaar transportaak | F53: EUR, pp 2027 | H53: =SUM(J53:K53) -> 50620761 | J53: ='20. Correctie bijschatten'!AM158 -> 17339327 | K53: ='20. Correctie bijschatten'!AM181 -> 33281435
B54: Correctie investeringen met een afschrijvingstermijn langer dan tien jaar systeemtaak | F54: EUR, pp 2027 | H54: =SUM(J54:K54) -> 1758278.9 | J54: ='20. Correctie bijschatten'!AM197 -> 1758278.9
B55: Correctie investeringen met een afschrijvingstermijn van maximaal tien jaar transporttaak | F55: EUR, pp 2027 | H55: =SUM(J55:K55) -> 24579751 | J55: ='23. Correctie inv. <= 10 jaar'!O148 -> 5903619.5 | K55: ='23. Correctie inv. <= 10 jaar'!O151 -> 18676131
B56: Correctie investeringen met een afschrijvingstermijn van maximaal tien jaar systeemtaak | F56: EUR, pp 2027 | H56: =SUM(J56:K56) -> 15352672 | J56: ='23. Correctie inv. <= 10 jaar'!O154 -> 15352672
B57: Correctie efficiënte kosten gerealiseerde afloopinvesteringen WUI's in 2021 t/m 2025 | F57: EUR, pp 2027 | H57: =SUM(J57:K57) -> 1805905.2 | J57: ='21. Correctie afloopinv. WUI'!AM76 -> 0 | K57: ='21. Correctie afloopinv. WUI'!AM93 -> 1805905.2
B58: Correctie operationele kosten 2025 a.g.v. overname HS-Randmeren-net | F58: EUR, pp 2027 | H58: =SUM(J58:K58) -> 10952775 | K58: ='25. Overige correcties'!AM85 -> 10952775
B59: Correctie verrekening faillissementen PV partijen in 2027 | F59: EUR, pp 2027 | J59: ='25. Overige correcties'!AM88 -> 0
B60: Restitutie systeemdienstentarieven n.a.v. DOW-uitspraak: claimperiode vóór 1-7-2011 in 2027 | F60: EUR, pp 2027 | H60: =SUM(J60:K60) -> 0 | J60: ='25. Overige correcties'!AM90 -> 0
B61: Restitutie systeemdienstentarieven n.a.v. DOW-uitspraak: claimperiode na 1-7-2011 in 2027 | F61: EUR, pp 2027 | H61: =SUM(J61:K61) -> 0 | J61: ='25. Overige correcties'!AM91 -> 0
B63: Totaal tariefcorrecties 2027
B64: Totaal tariefcorrecties 2027 | F64: EUR, pp 2027 | H64: =SUM(J64:K64) -> 1.1830342e+09 | J64: =SUM(J24:J61) -> 1.2441291e+09 | K64: =SUM(K24:K61) -> -61094899
B66: Spreiding nacalculaties
B67: Totaal nog te vergoeden nacalculaties na 2027 a.g.v. spreiding nacalculaties | F67: EUR, pp 2027 | H67: =SUM(J67:K67) -> 79023853 | J67: ='7. Spreiding nacalculaties 2025'!J96 -> 80774930 | K67: ='7. Spreiding nacalculaties 2025'!K96 -> -1751077
B68: Totaal tariefcorrecties te vergoeden in 2027 | F68: EUR, pp 2027 | H68: =SUM(J68:K68) -> 1.1040104e+09 | J68: =J64-J67 -> 1.1633542e+09 | K68: =K64-K67 -> -59343822
B70: Stap 3: Totale inkomsten
B72: Totale inkomsten 2027 | F72: EUR, pp 2027 | H72: =SUM(J72:K72) -> 3.324193e+09 | J72: =J19+J68 -> 2.3715925e+09 | K72: =K19+K68 -> 9.5260048e+08

Sheet 5. Tarieven en RV 2027
B2: Tabblad 5 - Tarieven en rekenvolumina 2027
B4: Beschrijving resultaat
B5: Op dit tabblad geeft de ACM de tarieven en rekenvolumina per tariefdrager voor 2027 weer. De controles hieronder gaan na of de tarieven en rekenvolumina die in dit resultaat worden weergegeven gelijk zijn aan de tarieven en rekenvolumina die TenneT heeft voorgesteld.
B7: Controles
B8: Zijn de tarieven conform voorstel TenneT? | F8: ='26. Controle tarieven'!H83 -> ja
B10: Omschrijving | F10: Eenheid | H10: Constante | J10: Rijtotaal | L10: Vastrecht | M10: kW gecontracteerd per jaar | N10: kW max gewogen per maand | O10: kW gecontracteerd per jaar (max 600 uur) | P10: kW max gewogen per week (max 600 uur) | R10: Opmerking
B13: Voorstel TenneT voor 2027
B15: EHS
B16: Tarieven 2027 | F16: EUR, pp 2027 | L16: ='26. Controle tarieven'!L85 -> 12478.96 | M16: ='26. Controle tarieven'!M85 -> 57.03 | N16: ='26. Controle tarieven'!N85 -> 4.44 | O16: ='26. Controle tarieven'!O85 -> 28.51 | P16: ='26. Controle tarieven'!P85 -> 1.54
B17: Rekenvolumina 2027 | F17: # | L17: ='8. Voorstel tarieven en RV'!L25 -> 27.73632 | M17: ='8. Voorstel tarieven en RV'!M25 -> 854945.37 | N17: ='8. Voorstel tarieven en RV'!N25 -> 10730412 | O17: ='8. Voorstel tarieven en RV'!O25 -> 51426.435 | P17: ='8. Voorstel tarieven en RV'!P25 -> 1698972.9
B19: HS
B20: Tarieven 2027 | F20: EUR, pp 2027 | L20: ='26. Controle tarieven'!L86 -> 2760 | M20: ='26. Controle tarieven'!M86 -> 79.66 | N20: ='26. Controle tarieven'!N86 -> 9.24 | O20: ='26. Controle tarieven'!O86 -> 39.83 | P20: ='26. Controle tarieven'!P86 -> 3.2
B21: Rekenvolumina 2027 | F21: # | L21: ='8. Voorstel tarieven en RV'!L29 -> 111.6741 | M21: ='8. Voorstel tarieven en RV'!M29 -> 19967372 | N21: ='8. Voorstel tarieven en RV'!N29 -> 1.7338678e+08 | O21: ='8. Voorstel tarieven en RV'!O29 -> 519853.72 | P21: ='8. Voorstel tarieven en RV'!P29 -> 3013391

Sheet Input (Dataverzoek TenneT) -->

Sheet 6. Correcties en prognoses
B2: Tabblad 6 - Correcties en prognoses
B4: Beschrijving gegevens
B5: Op dit tabblad vult TenneT gegevens in ten behoeve van de berekening van de totale inkomsten in 2027. De ACM schrijft een aantal correcties en prognoses voor die TenneT jaarlijks in moet vullen. Daarnaast heeft TenneT zelf de mogelijkheid een aantal (incidentele) correcties op te geven.
B7: Omschrijving | F7: Eenheid | H7: Constante | J7: Rijtotaal | L7: 2000 | M7: 2001 | N7: 2002 | O7: 2003 | P7: 2004 | Q7: 2005 | R7: 2006 | S7: 2007 | T7: 2008 | U7: 2009 | V7: 2010 | W7: 2011 | X7: 2012 | Y7: 2013 | Z7: 2014 | AA7: 2015 | AB7: 2016 | AC7: 2017 | AD7: 2018 | AE7: 2019 | AF7: 2020 | AG7: 2021 | AH7: 2022 | AI7: 2023 | AJ7: 2024 | AK7: 2025 | AL7: 2026 | AM7: 2027 | AO7: Opmerking
B10: Transporttaak
B12: EHS
B13: Schatting inkomsten 2027 uit inkomstenbesluit TenneT op Land 2027-2031 EHS | F13: EUR, pp jaar | AM13: 1.2082383e+09 | AO13: Deze prognose verrekent de schatting voor de verwachte inkomsten op het EHS netvlak volgens het Inkomstenbesluit TenneT op Land 2027-2031
B15: Correctie omzet aansluitdienst en meterhuur EHS 2025 | F15: EUR, pp jaar | AK15: -256948.63 | AO15: Deze correctie verrekent de inkomsten op het EHS netvlak als gevolg van een verschil tussen de realisatie en de prognose van de aansluitdienst en meterhuur in 2024.
B16: Prognose omzet aansluitdienst en meterhuur EHS 2027 | F16: EUR, pp jaar | AM16: -4305886.5
B18: Correctie inkomsten transportdiensten EHS | F18: EUR, pp jaar | AD18: 0 | AE18: 0 | AF18: 0 | AG18: 0 | AH18: 0 | AI18: 0 | AJ18: 0 | AK18: 0 | AO18: Deze correctie verrekent de inkomsten op het EHS netvlak als gevolg van wijzigingen in de inkomsten van de transportdiensten in afgelopen jaren. Wijzigingen kunnen bijvoorbeeld plaatsvinden door het wijzigen van een factuur of als gevolg van een geschilprocedure.
B20: Correctie inkomsten aansluitdiensten EHS | F20: EUR, pp jaar | AD20: 0 | AE20: 0 | AF20: 0 | AG20: 0 | AH20: 0 | AI20: 0 | AJ20: 0 | AK20: -1249770.6 | AO20: Deze correctie verrekent de inkomsten op het EHS netvlak als gevolg van wijzigingen in de inkomsten van de aansluitdiensten in afgelopen jaren. Wijzigingen kunnen bijvoorbeeld plaatsvinden door het wijzigen van een factuur of als gevolg van een geschilprocedure.
B22: Correctie verrekening garantstelling faillissementen | F22: EUR, pp jaar | AD22: 0 | AE22: 0 | AF22: 0 | AG22: 0 | AH22: 0 | AI22: 0 | AJ22: 0 | AK22: 0 | AO22: N.v.t.
B24: Verrekening kosten net op zee fase I | F24: EUR, pp jaar | AM24: 1.2043607e+08 | AO24: Verrekening kosten net op zee fase I niet gedekt door subsidie
B25: Verrekening kosten net op zee fase II | F25: EUR, pp jaar | AM25: 9.6912427e+08 | AO25: Verrekening kosten net op zee fase II niet gedekt door subsidie
B27: Inzet congestie-ontvangsten | F27: EUR, pp jaar | AM27: -245000000 | AO27: Deze correctie betreft inzet van de congestie-ontvangsten bij het vaststellen van de transporttarieven.
B29: Correctie operationele kosten cybersecurity | F29: EUR, pp jaar | AH29: 121574.51 | AI29: 699072.34 | AJ29: 1628963.8 | AK29: 7264746.2 | AO29: Deze correctie betreft toegenomen operationele kosten gerelateerd aan cybersecurity
B31: HS
B32: Schatting inkomsten 2027 uit inkomstenbesluit TenneT op Land 2027-2031 HS | F32: EUR, pp jaar | AM32: 1.0119443e+09 | AO32: Deze prognose verrekent de schatting voor de verwachte inkomsten op het HS netvlak volgens het Inkomstenbesluit TenneT op Land 2027-2031
B34: Correctie omzet aansluitdienst en meterhuur HS 2025 | F34: EUR, pp jaar | AK34: -7818823.5 | AO34: Deze correctie verrekent de inkomsten op het HS netvlak als gevolg van een verschil tussen de realisatie en de prognose van de aansluitdienst en meterhuur in 2024.
B35: Prognose omzet aansluitdienst en meterhuur HS 2027 | F35: EUR, pp jaar | AM35: -52339514
B37: Correctie inkomsten transportdiensten HS | F37: EUR, pp jaar | AD37: 0 | AE37: 0 | AF37: 0 | AG37: 0 | AH37: 0 | AI37: 0 | AJ37: 0 | AK37: -296627.04 | AO37: Deze correctie verrekent de inkomsten op het HS netvlak als gevolg van wijzigingen in de inkomsten van de transportdiensten in afgelopen jaren. Wijzigingen kunnen bijvoorbeeld plaatsvinden door het wijzigen van een factuur of als gevolg van een geschilprocedure.
B39: Correctie inkomsten aansluitdiensten HS | F39: EUR, pp jaar | AD39: 0 | AE39: 0 | AF39: 0 | AG39: 0 | AH39: 0 | AI39: 0 | AJ39: 0 | AK39: 0 | AO39: Deze correctie verrekent een correctie in de berekening van de periodieke aansluitvergoeding van enkele regionale netbeheerders.
B41: Correctie onderzoekskosten niet-geactiveerde verkabelingsprojecten 2025 | F41: EUR, pp jaar | AK41: 0 | AO41: Onderdeel van de gemaakte kosten voor de uitvoering van artikel 3.27 van de Energiewet
B43: Correctie operationele kosten netcongestie | F43: EUR, pp jaar | AK43: 14838247 | AO43: Deze correctie betreft toegenomen operationele kosten gerelateerd aan netcongestie
B44: Correctie operationele kosten cybersecurity | F44: EUR, pp jaar | AH44: 92238.197 | AI44: 477728.83 | AJ44: 1071637 | AK44: 4720331.8 | AO44: Deze correctie betreft toegenomen operationele kosten gerelateerd aan cybersecurity
B46: Directe operationele kosten HS Randmeren-net | F46: EUR, pp jaar | AJ46: 4164387.2 | AO46: Deze correctie berekent de operationele kosten die TenneT vergoed krijgt als gevolg van de overname van het HS Randmeren-net van Liander in 2025.
B48: Systeemtaak
B50: Correctie verrekening faillissementen PV partijen | F50: EUR, pp jaar | AD50: 0 | AE50: 0 | AF50: 0 | AG50: 0 | AH50: 0 | AI50: 0 | AJ50: 0 | AK50: 0 | AO50: Deze correctie betreft de verrekening van zowel openstaande facturen die TenneT heeft voldaan in het kader van het balanshandhavingsprocesverrekening in verband met faillissementen en eventuele ontvangsten als gevolg van finale afwikkelingen.
B52: Restitutie systeemdienstentarieven n.a.v. DOW-uitspraak: claimperiode vóór 1-7-2011 | F52: EUR, pp jaar | AH52: 0 | AI52: 0 | AJ52: 0 | AK52: 0 | AO52: In het methodebesluit systeemtaken 2014-2016 heeft de ACM geconcludeerd dat, ten gevolge van de uitspraak van het CBb van 23 juli 2012 inzake DOW Benelux B.V. bepaalde afnemers in het verleden onverschuldigde systeemdiensten hebben betaald. Deze correctie verrekent de wijzigingen in inkomsten uit de systeemdienstentarieven omdat TenneT deze afnemers dient te restitueren.
B53: Restitutie systeemdienstentarieven n.a.v. DOW-uitspraak: claimperiode na 1-7-2011 | F53: EUR, pp jaar | AH53: 0 | AI53: 0 | AJ53: 0 | AK53: 0 | AO53: In het methodebesluit systeemtaken 2014-2016 heeft de ACM geconcludeerd dat, ten gevolge van de uitspraak van het CBb van 23 juli 2012 inzake DOW Benelux B.V. bepaalde afnemers in het verleden onverschuldigde systeemdiensten hebben betaald. Deze correctie verrekent de wijzigingen in inkomsten uit de systeemdienstentarieven omdat TenneT deze afnemers dient te restitueren.

Sheet 7. Spreiding nacalculaties 2025
B2: Tabblad 7 - Spreiding nacalculaties 2025
B4: Beschrijving resultaat
B5: Op dit tabblad doet TenneT een voorstel voor het spreiden van de nacalculaties die zien op de jaren t/m 2025 die normaliter in 2027 vergoed worden. Dit is een uitwerking van de afspraak uit de Sectorovereenkomst Methodebesluiten 2027 t/m 2031. Het spreiden van nacalculaties moet bijdragen aan een stabieler tariefverloop tijdens de overgang van de oude naar de nieuwe reguleringsperiode. TenneT moet in cel H14 een percentage van waarmee zij een voorstel doet voor het in 2027 te verrekenen deel van de nacalculaties.
B7: Omschrijving | F7: Eenheid | J7: EHS | K7: HS | N7: Opmerking
B10: Constanten | H10: Constante
B12: Voorstel TenneT percentage nacalculatie tariefcorrecties 2025 te vergoeden in 2027 | F12: % | H12: 0.8
B14: Ophalen totale nacalculaties t/m 2025 in prijspeil 2027 | J14: EHS | K14: HS
B16: Correcties op grond van een specifieke wettelijke bevoegdheid
B17: Correctie inkoopkosten transport bij regionale netbeheerders 2025 | F17: EUR, pp 2027 | K17: ='18. Correcties OA&M en IKTNN'!M36 -> -28877304
B18: Correctie InterTSO compensation 2025 | F18: EUR, pp 2027 | J18: ='18. Correcties OA&M en IKTNN'!L40 -> -18075380
B19: Omzetcorrectie op basis van volumeverschillen 2025 | F19: EUR, pp 2027 | J19: ='24. Omzetcorrectie'!H39 -> 86027559 | K19: ='24. Omzetcorrectie'!H44 -> -1.9264334e+08
B20: Correctie onderzoekskosten niet-geactiveerde verkabelingsprojecten 2025 | F20: EUR, pp 2027 | K20: ='25. Overige correcties'!AM78 -> 0
B22: Correcties op grond van de algemene bevoegdheid
B23: Correctie vermogenskosten transporttaak door de herrekende WACC 2025 | F23: EUR, pp 2027 | J23: ='22. Correctie WACC'!AM105 -> 54326189 | K23: ='22. Correctie WACC'!AM106 -> 69679617
B24: Correctie vermogenskosten systeemtaak door de herrekende WACC 2025 | F24: EUR, pp 2027 | J24: ='22. Correctie WACC'!AM107 -> 3201649.4
B25: Correctie vermogenskosten projectprocedure investeringen in aanbouw 2025 | F25: EUR, pp 2027 | J25: ='10. Brondata'!AM13 -> 18114029 | K25: ='10. Brondata'!AM14 -> 1639257.1
B26: Correctie toevoeging totale kosten projectprocedure investeringen in gebruik door de herrekende WACC 2025 | F26: EUR, pp 2027 | J26: ='10. Brondata'!AM17 -> 41844848 | K26: ='10. Brondata'!AM18 -> 1786258.8
B27: Correctie efficiënte kosten Marnezijl-Oudehaske 2025 in 2027 | F27: EUR, pp 2027 | J27: ='10. Brondata'!AM21 -> 2511.8621 | K27: ='10. Brondata'!AM24 -> 26741.79
B28: Correctie efficiënte (vermogens)kosten Diemen-Lelystad-Ens in 2027 | F28: EUR, pp 2027 | J28: ='10. Brondata'!AM26 -> 48271.9
B29: Nacalculatie efficiënte (vermogens)kosten Eemshaven Oudeschip-Vierverlaten 2016 t/m 2025 in 2027 | F29: EUR, pp 2027 | J29: ='10. Brondata'!AM27 -> 2034724 | K29: ='10. Brondata'!AM28 -> 1010918.5
B30: Nacalculatie efficiënte (vermogens)kosten Krimpen-Geertruidenberg 2018 t/m 2025 in 2027 | F30: EUR, pp 2027 | J30: ='10. Brondata'!AM29 -> 2691483.8
B31: Nacalculatie efficiënte (vermogens)kosten HKN/HKW: onshore-deel van investering NoZ 2019 t/m 2025 in 2027 | F31: EUR, pp 2027 | J31: ='10. Brondata'!AM30 -> 1218251.5
B32: Correctie omzet aansluitdienst en meterhuur 2025 | F32: EUR, pp 2027 | J32: ='18. Correcties OA&M en IKTNN'!L32 -> -281920.87 | K32: ='18. Correcties OA&M en IKTNN'!M32 -> -8578716.8
B33: Correctie verrekening garantstelling faillissementen | F33: EUR, pp 2027 | J33: ='25. Overige correcties'!AM69 -> 0
B34: Correctie operationele kosten netcongestie 2025 | F34: EUR, pp 2027 | K34: ='25. Overige correcties'!AM80 -> 16280341
B35: Correctie operationele kosten cybersecurity 2022 t/m 2025 | F35: EUR, pp 2027 | J35: ='25. Overige correcties'!AM71 -> 10899990 | K35: ='25. Overige correcties'!AM81 -> 7144011.3
B36: Correctie inkoopkosten energie en vermogen transporttaak 2025 | F36: EUR, pp 2027 | J36: ='17. Correctie IKE&V'!AM114 -> 74771629 | K36: ='17. Correctie IKE&V'!AM148 -> 59648872
B37: Correctie inkoopkosten energie en vermogen systeemtaak 2025 | F37: EUR, pp 2027 | J37: ='17. Correctie IKE&V'!AM176 -> 88420883
B38: Correctie inkomsten transportdiensten | F38: EUR, pp 2027 | J38: ='25. Overige correcties'!AM65 -> 0 | K38: ='25. Overige correcties'!AM74 -> -325455.53
B39: Correctie inkomsten aansluitdiensten | F39: EUR, pp 2027 | J39: ='25. Overige correcties'!AM67 -> -1371232.9 | K39: ='25. Overige correcties'!AM76 -> 0
B40: Correctie operationele kosten door desinvesteringen in 2021 t/m 2025 transporttaak | F40: EUR, pp 2027 | J40: ='19. Correctie desinvesteringen'!P579 -> -340442.46 | K40: ='19. Correctie desinvesteringen'!P580 -> -262830.44
B41: Correctie operationele kosten door desinvesteringen in 2021 t/m 2025 systeemtaak | F41: EUR, pp 2027 | J41: ='19. Correctie desinvesteringen'!P581 -> -12287.165
B42: Correctie investeringen met een afschrijvingstermijn langer dan tien jaar transportaak | F42: EUR, pp 2027 | J42: ='20. Correctie bijschatten'!AM158 -> 17339327 | K42: ='20. Correctie bijschatten'!AM181 -> 33281435
B43: Correctie investeringen met een afschrijvingstermijn langer dan tien jaar systeemtaak | F43: EUR, pp 2027 | J43: ='20. Correctie bijschatten'!AM197 -> 1758278.9
B44: Correctie investeringen met een afschrijvingstermijn van maximaal tien jaar transporttaak | F44: EUR, pp 2027 | J44: ='23. Correctie inv. <= 10 jaar'!O148 -> 5903619.5 | K44: ='23. Correctie inv. <= 10 jaar'!O151 -> 18676131
B45: Correctie investeringen met een afschrijvingstermijn van maximaal tien jaar systeemtaak | F45: EUR, pp 2027 | J45: ='23. Correctie inv. <= 10 jaar'!O154 -> 15352672
B46: Correctie efficiënte kosten gerealiseerde afloopinvesteringen WUI's in 2021 t/m 2025 | F46: EUR, pp 2027 | J46: ='21. Correctie afloopinv. WUI'!AM76 -> 0 | K46: ='21. Correctie afloopinv. WUI'!AM93 -> 1805905.2
B47: Correctie operationele kosten 2025 a.g.v. overname HS-Randmeren-net | F47: EUR, pp 2027 | K47: ='25. Overige correcties'!AM85 -> 10952775
B48: Correctie verrekening faillissementen PV partijen in 2027 | F48: EUR, pp 2027 | J48: ='25. Overige correcties'!AM88 -> 0
B49: Restitutie systeemdienstentarieven n.a.v. DOW-uitspraak: claimperiode vóór 1-7-2011 in 2027 | F49: EUR, pp 2027 | J49: ='25. Overige correcties'!AM90 -> 0
B50: Restitutie systeemdienstentarieven n.a.v. DOW-uitspraak: claimperiode na 1-7-2011 in 2027 | F50: EUR, pp 2027 | J50: ='25. Overige correcties'!AM91 -> 0
B52: Totaal tariefcorrecties t/m 2025 | F52: EUR, pp 2027 | J52: =SUM(J17:J50) -> 4.0387465e+08 | K52: =SUM(K17:K50) -> -8755385
B54: Te vergoeden deel tariefcorrecties 2025 in 2027 a.g.v. spreiding nacalculaties | J54: EHS | K54: HS
B56: Correcties op grond van een specifieke wettelijke bevoegdheid
B57: Correctie inkoopkosten transport bij regionale netbeheerders 2025 | F57: EUR, pp 2027 | K57: =$H$12*K17 -> -23101843
B58: Correctie InterTSO compensation 2025 | F58: EUR, pp 2027 | J58: =$H$12*J18 -> -14460304
B59: Omzetcorrectie op basis van volumeverschillen 2025 | F59: EUR, pp 2027 | J59: =$H$12*J19 -> 68822047 | K59: =$H$12*K19 -> -1.5411467e+08
B60: Correctie onderzoekskosten niet-geactiveerde verkabelingsprojecten 2025 | F60: EUR, pp 2027 | K60: =$H$12*K20 -> 0
B62: Correcties op grond van de algemene bevoegdheid
B63: Correctie vermogenskosten transporttaak door de herrekende WACC 2025 | F63: EUR, pp 2027 | J63: =$H$12*J23 -> 43460951 | K63: =$H$12*K23 -> 55743693
B64: Correctie vermogenskosten systeemtaak door de herrekende WACC 2025 | F64: EUR, pp 2027 | J64: =$H$12*J24 -> 2561319.5
B65: Correctie vermogenskosten projectprocedure investeringen in aanbouw 2025 | F65: EUR, pp 2027 | J65: =$H$12*J25 -> 14491223 | K65: =$H$12*K25 -> 1311405.7
B66: Correctie toevoeging totale kosten projectprocedure investeringen in gebruik door de herrekende WACC 2025 | F66: EUR, pp 2027 | J66: =$H$12*J26 -> 33475878 | K66: =$H$12*K26 -> 1429007
B67: Correctie efficiënte kosten Marnezijl-Oudehaske 2025 in 2027 | F67: EUR, pp 2027 | J67: =$H$12*J27 -> 2009.4897 | K67: =$H$12*K27 -> 21393.432
B68: Correctie efficiënte (vermogens)kosten Diemen-Lelystad-Ens in 2027 | F68: EUR, pp 2027 | J68: =$H$12*J28 -> 38617.52
B69: Nacalculatie efficiënte (vermogens)kosten Eemshaven Oudeschip-Vierverlaten 2016 t/m 2025 in 2027 | F69: EUR, pp 2027 | J69: =$H$12*J29 -> 1627779.2 | K69: =$H$12*K29 -> 808734.82
B70: Nacalculatie efficiënte (vermogens)kosten Krimpen-Geertruidenberg 2018 t/m 2025 in 2027 | F70: EUR, pp 2027 | J70: =$H$12*J30 -> 2153187.1
B71: Nacalculatie efficiënte (vermogens)kosten HKN/HKW: onshore-deel van investering NoZ 2019 t/m 2025 in 2027 | F71: EUR, pp 2027 | J71: =$H$12*J31 -> 974601.18
B72: Correctie omzet aansluitdienst en meterhuur 2025 | F72: EUR, pp 2027 | J72: =$H$12*J32 -> -225536.7 | K72: =$H$12*K32 -> -6862973.4
B73: Correctie verrekening garantstelling faillissementen | F73: EUR, pp 2027 | J73: =$H$12*J33 -> 0
B74: Correctie operationele kosten netcongestie 2025 | F74: EUR, pp 2027 | K74: =$H$12*K34 -> 13024273
B75: Correctie operationele kosten cybersecurity 2022 t/m 2025 | F75: EUR, pp 2027 | J75: =$H$12*J35 -> 8719992.3 | K75: =$H$12*K35 -> 5715209.1
B76: Correctie inkoopkosten energie en vermogen transporttaak 2025 | F76: EUR, pp 2027 | J76: =$H$12*J36 -> 59817303 | K76: =$H$12*K36 -> 47719097
B77: Correctie inkoopkosten energie en vermogen systeemtaak 2025 | F77: EUR, pp 2027 | J77: =$H$12*J37 -> 70736706
B78: Correctie inkomsten transportdiensten | F78: EUR, pp 2027 | J78: =$H$12*J38 -> 0 | K78: =$H$12*K38 -> -260364.43
B79: Correctie inkomsten aansluitdiensten | F79: EUR, pp 2027 | J79: =$H$12*J39 -> -1096986.3 | K79: =$H$12*K39 -> 0
B80: Correctie operationele kosten door desinvesteringen in 2021 t/m 2025 transporttaak | F80: EUR, pp 2027 | J80: =$H$12*J40 -> -272353.96 | K80: =$H$12*K40 -> -210264.35
B81: Correctie operationele kosten door desinvesteringen in 2021 t/m 2025 systeemtaak | F81: EUR, pp 2027 | J81: =$H$12*J41 -> -9829.7322
B82: Correctie investeringen met een afschrijvingstermijn langer dan tien jaar transportaak | F82: EUR, pp 2027 | J82: =$H$12*J42 -> 13871461 | K82: =$H$12*K42 -> 26625148
B83: Correctie investeringen met een afschrijvingstermijn langer dan tien jaar systeemtaak | F83: EUR, pp 2027 | J83: =$H$12*J43 -> 1406623.1
B84: Correctie investeringen met een afschrijvingstermijn van maximaal tien jaar transporttaak | F84: EUR, pp 2027 | J84: =$H$12*J44 -> 4722895.6 | K84: =$H$12*K44 -> 14940905
B85: Correctie investeringen met een afschrijvingstermijn van maximaal tien jaar systeemtaak | F85: EUR, pp 2027 | J85: =$H$12*J45 -> 12282137
B86: Correctie efficiënte kosten gerealiseerde afloopinvesteringen WUI's in 2021 t/m 2025 | F86: EUR, pp 2027 | J86: =$H$12*J46 -> 0 | K86: =$H$12*K46 -> 1444724.2
B87: Correctie operationele kosten 2025 a.g.v. overname HS-Randmeren-net | F87: EUR, pp 2027 | K87: =$H$12*K47 -> 8762219.6
B88: Correctie verrekening faillissementen PV partijen in 2027 | F88: EUR, pp 2027 | J88: =$H$12*J48 -> 0
B89: Restitutie systeemdienstentarieven n.a.v. DOW-uitspraak: claimperiode vóór 1-7-2011 in 2027 | F89: EUR, pp 2027 | J89: =$H$12*J49 -> 0
B90: Restitutie systeemdienstentarieven n.a.v. DOW-uitspraak: claimperiode na 1-7-2011 in 2027 | F90: EUR, pp 2027 | J90: =$H$12*J50 -> 0
B92: Totaal nacalculaties 2025 | J92: EHS | K92: HS
B94: Verdeling nacalculaties 2025
B95: Totaal te vergoeden nacalculaties 2025 in 2027 | F95: EUR, pp 2027 | J95: =SUM((J57:J60,J63:J90)) -> 3.2309972e+08 | K95: =SUM((K57:K60,K63:K90)) -> -7004308
B96: Totaal nog te vergoeden nacalculaties na 2027 a.g.v. spreiding nacalculaties | F96: EUR, pp 2027 | J96: =J52-SUM(J57:J60,J63:J90) -> 80774930 | K96: =K52-SUM(K57:K60,K63:K90) -> -1751077

Sheet 8. Voorstel tarieven en RV
B2: Tabblad 8 - Voorstel tarieven en rekenvolumina
B4: Beschrijving gegevens
B5: Op dit tabblad vult TenneT de gerealiseerde volumina 2025 en de voorgestelde tarieven en rekenvolumina voor 2027 in. De rekenvolumina representeren de afzet die in een jaar te verwachten is. De controles hieronder gaan na of de getallen die TenneT invult voor de tarieven en de rekenvolumina voldoen aan respectievelijk de Tarievencode Elektriciteit 2026 en de bepalingen in het methodebesluit TenneT op Land 2027-2031. De voor 2027 voorgestelde rekenvolumina dienen overeen te komen met de rekenvolumina die de ACM heeft vastgesteld in het Inkomstenbesluit TenneT op Land 2027-2031.
B7: Controles
B8: Voldoet het voorstel voor de tarieven? | F8: ='26. Controle tarieven'!H83 -> ja
B10: Omschrijving | F10: Eenheid | H10: Constante | J10: Rijtotaal | L10: Vastrecht | M10: kW gecontracteerd per jaar | N10: kW max gewogen per maand | O10: kW gecontracteerd per jaar (max 600 uur) | P10: kW max gewogen per week (max 600 uur) | R10: Opmerking
B13: Realisatie volumina 2025
B15: EHS
B16: Realisatie volumina EHS 2025 | F16: # | L16: 22.583333 | M16: 655597.02 | N16: 5096149 | O16: 120379 | P16: 1646902
B18: HS
B19: Realisatie volumina HS 2025 | F19: # | L19: 99.083333 | M19: 17639969 | N19: 148325360 | O19: 270236.72 | P19: 2235875
B21: Voorstel TenneT voor 2027
B23: EHS
B24: Voorstel tarieven 2027 | F24: EUR, pp 2027 | L24: 12478.96 | M24: 57.03 | N24: 4.44 | O24: 28.51 | P24: 1.54
B25: Voorstel rekenvolumina 2027 | F25: # | L25: 27.73632 | M25: 854945.37 | N25: 10730412 | O25: 51426.435 | P25: 1698972.9 | R25: Dit voorstel dient overeen te komen met de rekenvolumina uit het Inkomstenbesluit TenneT op Land 2027 t/m 2031
B27: HS
B28: Voorstel tarieven 2027 | F28: EUR, pp 2027 | L28: 2760 | M28: 79.66 | N28: 9.24 | O28: 39.83 | P28: 3.2
B29: Voorstel rekenvolumina 2027 | F29: # | L29: 111.6741 | M29: 19967372 | N29: 1.7338678e+08 | O29: 519853.72 | P29: 3013391 | R29: Dit voorstel dient overeen te komen met de rekenvolumina uit het Inkomstenbesluit TenneT op Land 2027 t/m 2031

Sheet Input (Data door ACM) -->

Sheet 9. Parameters
B2: Tabblad 9 - Parameters
B4: Beschrijving gegevens
B5: Op dit blad staan inputgegevens voor relevante parameters in de berekening van de totale inkomsten en de tarieven. Deze parameters betreffen achtereenvolgens: CPI, frontier shift, rentepercentage tariefcorrecties, x-factor en doelmatigheidsfactor, verwachte verandering OPEX a.g.v. uitbreiding/krimp, statische efficiëntieparameter, WACC, percentages nieuw en bestaand vermogen, percentage binnen scope per activaklasse en overige parameters.
B7: Omschrijving | F7: Eenheid | H7: Constante | J7: Rijtotaal | L7: 2000 | M7: 2001 | N7: 2002 | O7: 2003 | P7: 2004 | Q7: 2005 | R7: 2006 | S7: 2007 | T7: 2008 | U7: 2009 | V7: 2010 | W7: 2011 | X7: 2012 | Y7: 2013 | Z7: 2014 | AA7: 2015 | AB7: 2016 | AC7: 2017 | AD7: 2018 | AE7: 2019 | AF7: 2020 | AG7: 2021 | AH7: 2022 | AI7: 2023 | AJ7: 2024 | AK7: 2025 | AL7: 2026 | AM7: 2027 | AO7: Bronverwijzing | AQ7: Opmerking
B10: CPI
B12: Consumenten Prijs Index | AQ12: Toelichting vaststelling jaarlijks CPI-percentage
B13: CPI als jaarlijks percentage | F13: % | L13: 0.026 | M13: 0.025 | N13: 0.047 | O13: 0.033 | P13: 0.021 | Q13: 0.011 | R13: 0.018 | S13: 0.014 | T13: 0.011 | U13: 0.032 | V13: 0.003 | W13: 0.015 | X13: 0.026 | Y13: 0.023 | Z13: 0.028 | AA13: 0.01 | AB13: 0.008 | AC13: 0.002 | AD13: 0.014 | AE13: 0.021 | AF13: 0.028 | AG13: 0.007 | AH13: 0.024 | AI13: 0.12 | AJ13: 0.03 | AK13: 0.036 | AL13: 0.028 | AO13: CBS Statline | AQ13: De relatieve wijziging van de consumentenprijsindex wordt berekend uit het quotiënt van deze index, gepubliceerd in de vierde maand voorafgaande aan het jaar t, en van deze index, gepubliceerd
AQ14: in de zestiende maand voorafgaande aan het jaar t, zoals deze maandelijks wordt vastgesteld door het CBS. Dit komt neer op de jaarmutatie van de CPI in augustus voorafgaande aan jaar t.
B15: Indexatiefactor 2022-2026 | AQ15: De gegevens zijn afkomstig uit StatLine, zie voor recente CPI-cijfers: https://opendata.cbs.nl/statline/#/CBS/nl/dataset/70936ned/table?ts=1532343719053.
B16: Indexatiefactor 2022-2026 | F16: % | H16: 0.009 | AO16: Gewijzigd methodebesluit transporttaken TenneT 2022-2026, paragraaf 7.4.2, randnummer 276
B18: Frontier shift
B20: Frontier shift | F20: % | AF20: 0 | AG20: 0 | AH20: 0.005 | AI20: 0.005 | AJ20: 0.005 | AK20: 0.005 | AL20: 0.005 | AO20: 2020 t/m 2021: Methodebesluit 2017-2021, paragraaf 8.2.4; 2022 t/m 2026: Gewijzigd methodebesluit transporttaken TenneT 2022-2026, paragraaf 7.4.4, randnummer 411
B22: Rentepercentage tariefcorrecties
B24: Rentepercentage tariefcorrecties | AQ24: Toelichting gegevens rentepercentage tariefcorrecties
B25: Eerste kwartaal | F25: % | AD25: 0.02 | AE25: 0.02 | AF25: 0.02 | AG25: 0.02 | AH25: 0.02 | AI25: 0.04 | AJ25: 0.07 | AK25: 0.06 | AL25: 0.04 | AM25: 0.05 | AO25: DNB | AQ25: De ACM gebruikt het rentepercentage tariefcorrecties voor de vergoeding van de tijdwaarde van geld in het geval van het toekennen van correcties in de tarieven die volgen uit nacalculaties over eerdere jaren.
B26: Tweede kwartaal | F26: % | AD26: 0.02 | AE26: 0.02 | AF26: 0.02 | AG26: 0.02 | AH26: 0.02 | AI26: 0.04 | AJ26: 0.07 | AK26: 0.06 | AL26: 0.04 | AM26: 0.05 | AO26: DNB | AQ26: De nacalculaties waarop het rentepercentage tariefcorrecties wordt toegepast kunnen zowel positief als negatief zijn; ACM past het rentepercentage tariefcorrecties symmetrisch toe.
B27: Derde kwartaal | F27: % | AD27: 0.02 | AE27: 0.02 | AF27: 0.02 | AG27: 0.02 | AH27: 0.02 | AI27: 0.06 | AJ27: 0.07 | AK27: 0.06 | AL27: 0.04 | AO27: DNB | AQ27: De ACM heeft besloten om voor alle nacalculaties vanaf 2022 de wettelijke rente als rentepercentage tariefcorrecties te hanteren. Dit percentage werd tot en met juli 2025 halfjaarlijks door De Nederlandsche Bank gepubliceerd. Daarna baseert de ACM zich op de website van Rijksoverheid en wijzigingsbesluiten in de Staatscourant.
B28: Vierde kwartaal | F28: % | AD28: 0.02 | AE28: 0.02 | AF28: 0.02 | AG28: 0.02 | AH28: 0.02 | AI28: 0.06 | AJ28: 0.07 | AK28: 0.06 | AL28: 0.04 | AO28: DNB | AQ28: De roze cellen betreffen voorlopige cijfers voor de wettelijke rente, gezien de definitieve waarden pas begin 2027 bekend worden. De ACM stelt deze voorlopige cijfers vast aan de hand van de berekeningsmethode van de wettelijke rente zoals gehanteerd bij de meest recente wijziging van de wettelijke rente.
AQ29: Deze berekeningsmethode is omschreven in nota van toelichting bij het meest recente wijzigingsbesluit (https://zoek.officielebekendmakingen.nl/stb-2025-438.html). In deze rekenmodule heeft de ACM de voorlopige cijfers gebaseerd op de basisherfinancieringsrente van de ECB van 2,4%. Dit was de stand van deze rente ten tijde van het versturen van het informatieverzoek.
AQ30: In het Tarievenbesluit TenneT op Land 2027 zal de ACM de voorlopige cijfers baseren op de stand van deze rente op de in de nota van toelichting beschreven peildatum (eind oktober).
B32: Verwachte verandering OPEX a.g.v. uitbreiding/krimp
B34: Verwachte verandering OPEX a.g.v. uitbreiding/krimp | F34: % | H34: 0.01 | AO34: Gewijzigd methodebesluit transporttaken TenneT 2022-2026, paragraaf 7.3.3, randnummers 212-213
B36: Statische efficiëntieparameter
B38: Thèta | F38: % | AG38: 1 | AH38: 1 | AI38: 1 | AJ38: 1 | AK38: 1 | AL38: 1 | AO38: Gewijzigd methodebesluit transporttaken TenneT 2022-2026, paragraaf 7.4.3, randnummer 327b
B40: WACC
B42: Reëel-plus WACC uit het methodebesluit
B43: Reeël-plus WACC nieuw vermogen uit MB (voor belasting) | F43: % | AH43: 0.022 | AI43: 0.022 | AJ43: 0.027 | AK43: 0.027 | AL43: 0.027 | AO43: Gewijzigd methodebesluit transporttaken TenneT 2022-2026, paragraaf 7.4.1, randnummer 271; Gewijzigd methodebesluit systeemtaken TenneT 2022-2026, paragraaf 7.4.1, randnummer 111.
B44: Reeël-plus WACC bestaand vermogen uit MB (voor belasting) | F44: % | AH44: 0.024 | AI44: 0.023 | AJ44: 0.028 | AK44: 0.028 | AL44: 0.028 | AO44: Gewijzigd methodebesluit transporttaken TenneT 2022-2026, paragraaf 7.4.1, randnummer 271; Gewijzigd methodebesluit systeemtaken TenneT 2022-2026, paragraaf 7.4.1, randnummer 111.
B46: Herrekende reëel-plus WACC
B47: Herrekende reëel-plus WACC nieuw vermogen (voor belasting) | F47: % | AH47: 0.037 | AI47: 0.051 | AJ47: 0.049 | AK47: 0.053 | AO47: Nacalculatiemodel WACC 2025, tab 1, rij 71
B48: Herrekende reëel-plus WACC bestaand vermogen rente (voor belasting) | F48: % | AH48: 0.031 | AI48: 0.041 | AJ48: 0.041 | AK48: 0.045 | AO48: Nacalculatiemodel WACC 2025, tab 1, rij 55
B50: Percentages nieuw en bestaand vermogen
B52: Percentages nieuw en bestaand vermogen uit update gewijzigde X-factorberekening Transporttaken
B53: Percentage bijschatten nieuw vermogen | F53: % | AH53: 0.10302589 | AI53: 0.37569182 | AJ53: 0.5100865 | AK53: 0.58497699 | AO53: Update gewijzigde X-factorberekening Transporttaken TenneT t.b.v. Tarievenbesluit TenneT op Land 2027, tab 1, rij 79
B54: Percentage bijschatten bestaand vermogen | F54: % | AH54: 0.89697411 | AI54: 0.62430818 | AJ54: 0.4899135 | AK54: 0.41502301 | AO54: Update gewijzigde X-factorberekening Transporttaken TenneT t.b.v. Tarievenbesluit TenneT op Land 2027, tab 1, rij 80
B56: Percentages nieuw en bestaand vermogen uit update gewijzigde doelmatigheidsfactorberekening Systeemtaken
B57: Percentage bijschatten nieuw vermogen | F57: % | AH57: 0.11528691 | AI57: 0.50099648 | AJ57: 0.454056 | AK57: 0.51113914 | AO57: Update gewijzigde doelmatigheidsfactorberekening TenneT t.b.v. Tarievenbesluit TenneT op Land 2027, tab 1, rij 37
B58: Percentage bijschatten bestaand vermogen | F58: % | AH58: 0.88471309 | AI58: 0.49900352 | AJ58: 0.545944 | AK58: 0.48886086 | AO58: Update gewijzigde doelmatigheidsfactorberekening TenneT t.b.v. Tarievenbesluit TenneT op Land 2027, tab 1, rij 38
B60: Percentage binnen scope per activaklasse
B62: GAW ultimo 2000 EHS OUD | F62: % | H62: 0.97443793 | AO62: Gewijzigde GAW-berekening TenneT, tab 3, cellen B13:F13
B63: GAW ultimo 2000 Delta | F63: % | H63: 0.95011783 | AO63: Gewijzigde GAW-berekening TenneT, tab 3, cellen B14:F14
B64: GAW ultimo 2000 Liander (overname: 2008) | F64: % | H64: 0.95011783 | AO64: Gewijzigde GAW-berekening TenneT, tab 3, cellen B15:F15
B65: GAW ultimo 2000 Enexis | F65: % | H65: 0.95011783 | AO65: Gewijzigde GAW-berekening TenneT, tab 3, cellen B16:F16
B66: GAW ultimo 2000 TZH | F66: % | H66: 0.95011783 | AO66: Gewijzigde GAW-berekening TenneT, tab 3, cellen B17:F17
B67: GAW ultimo 2000 Stedin - HS Eneco Classic (Zuid-Holland) | F67: % | H67: 0.87322202 | AO67: Gewijzigde GAW-berekening TenneT, tab 3, cellen B18:F18
B68: GAW ultimo 2000 Stedin - HS Utrecht (ENBU) | F68: % | H68: 0.87322202 | AO68: Gewijzigde GAW-berekening TenneT, tab 3, cellen B19:F19
B69: GAW ultimo 2000 Liander - HS Pampus | F69: % | H69: 0.95011783 | AO69: Gewijzigde GAW-berekening TenneT, tab 3, cellen B20:F20
B70: Desinvestering TZH 2011 (trafo's Stedin) | F70: % | H70: 1 | AO70: Gewijzigde GAW-berekening TenneT, tab 3, cellen B21:F21
B71: Desinvestering TZH 2012 (trafo's Liander) | F71: % | H71: 1 | AO71: Gewijzigde GAW-berekening TenneT, tab 3, cellen B22:F22
B72: GAW ultimo 2007 Delta | F72: % | H72: 0.99121036 | AO72: Gewijzigde GAW-berekening TenneT, tab 3, cellen B23:F23
B73: GAW ultimo 2007 Liander | F73: % | H73: 0.99121036 | AO73: Gewijzigde GAW-berekening TenneT, tab 3, cellen B24:F24
... B95: Hoogspanningsstations primair (25 jaar) | F95: % | H95: 1 | AO95: Gewijzigde GAW-berekening TenneT, tab 3, cellen B46:F46
B97: Overige parameters
B99: Dekking kosten door tariefdragers TAVT
B100: kW gecontracteerd (min/max 600) | F100: % | H100: 0.5 | AO100: Tarievencode elektricteit 2026, artikel 3.9(1), onderdeel a, subonderdeel 1°
B101: kW max gewogen (per maand/week) | F101: % | H101: 0.5 | AO101: Tarievencode elektricteit 2026, artikel 3.9(1), onderdeel a, subonderdeel 2°
B103: Verhouding tarieven TAVT
B104: kW gecontracteerd max 600: kW gecontracteerd min 600 | F104: % | H104: 0.5 | AO104: Tarievencode elektricteit 2026, artikel 3.9(2), onderdeel a, subonderdeel 1°
B105: kW max gewogen per week: kW max gewogen per maand | F105: % | H105: 0.34615385 | AO105: Tarievencode elektricteit 2026, artikel 3.9(2), onderdeel a, subonderdeel 2°

Sheet 10. Brondata
B2: Tabblad 10 - Brondata
B4: Beschrijving gegevens
B5: Op dit tabblad staan per jaar de gegevens die de ACM gebruikt voor de berekening van de totale inkomsten van TenneT in 2027. Bij elk gegeven is een bron aangegeven.
B7: Omschrijving | F7: Eenheid | H7: Constante | J7: Rijtotaal | L7: 2000 | M7: 2001 | N7: 2002 | O7: 2003 | P7: 2004 | Q7: 2005 | R7: 2006 | S7: 2007 | T7: 2008 | U7: 2009 | V7: 2010 | W7: 2011 | X7: 2012 | Y7: 2013 | Z7: 2014 | AA7: 2015 | AB7: 2016 | AC7: 2017 | AD7: 2018 | AE7: 2019 | AF7: 2020 | AG7: 2021 | AH7: 2022 | AI7: 2023 | AJ7: 2024 | AK7: 2025 | AL7: 2026 | AM7: 2027 | AO7: Bronverwijzing | AQ7: Opmerking
B10: Data ten behoeve van correcties op toevoegingen projectprocedure investeringen
B12: Correctie toevoeging vermogenkosten
B13: Correctie toevoeging vermogenskosten projectprocedure investeringen EHS 2025 in 2027 | F13: EUR, pp jaar | AM13: 18114029 | AO13: Rekenmodule projectprocedure investeringen, tab 4, cel J20
B14: Correctie toevoeging vermogenskosten projectprocedure investeringen HS 2025 in 2027 | F14: EUR, pp jaar | AM14: 1639257.1 | AO14: Rekenmodule projectprocedure investeringen, tab 4, cel K20
B16: Correctie toevoeging totale kosten a.g.v. herberekende WACC
B17: Correctie toevoeging totale kosten a.g.v. herberekende WACC 2025 in 2027 EHS | F17: EUR, pp jaar | AM17: 41844848 | AO17: Rekenmodule projectprocedure investeringen, tab 4, cel J17
B18: Correctie toevoeging totale kosten a.g.v. herberekende WACC 2025 in 2027 HS | F18: EUR, pp jaar | AM18: 1786258.8 | AO18: Rekenmodule projectprocedure investeringen, tab 4, cel K17
B20: Nacalculatie efficiënte (vermogens)kosten
B21: Nacalculatie efficiënte (vermogens)kosten Marnezijl-Oudehaske EHS 2025 in 2027 | F21: EUR, pp jaar | AM21: 2511.8621 | AO21: Rekenmodule projectprocedure investeringen, tab 4, cel J20 | AQ21: Deze investering wordt in de bron aangeduid met de naam Windpark Friesland.
B22: Nacalculatie efficiënte (vermogens)kosten Windpark Friesland A 2025 in 2027 | F22: EUR, pp jaar | AM22: -5256.1226 | AO22: Rekenmodule projectprocedure investeringen, tab 4, cel K21
B23: Nacalculatie efficiënte (vermogens)kosten Windpark Friesland B 2025 in 2027 | F23: EUR, pp jaar | AM23: 31997.912 | AO23: Rekenmodule projectprocedure investeringen, tab 4, cel K22
B24: Nacalculatie efficiënte (vermogens)kosten Marnezijl-Oudehaske HS 2025 in 2027 | F24: EUR, pp jaar | AM24: =SUM(AM22:AM23) -> 26741.79 | AQ24: De investering Marnezijl-Oudehaske (HS) bestaat uit twee deelprojecten waarvoor in de bron aparte nacalculaties berekend zijn, namelijk Windpark Friesland A en Windpark Friesland B.
B25: Nacalculatie efficiënte (vermogens)kosten Lelystad-Diemen 2025 in 2027 | F25: EUR, pp jaar | AM25: 48271.9 | AO25: Rekenmodule projectprocedure investeringen 2027, tab 4, cel J23
B26: Correctie efficiënte(vermogens)kosten Diemen-Lelystad-Ens EHS in 2027 | F26: EUR, pp jaar | AM26: =SUM(AM25:AM25) -> 48271.9 | AQ26: De investering Diemen-Lelystad-Ens (EHS) bestaat uit twee deelprojecten waarvoor in de bron aparte nacalculaties berekend zijn, namelijk Ens-Lelystad en Lelystad-Diemen. Ens-Lelystad wordt niet meer nagecalculeerd na de nacalculatie van de efficiënte kosten in het tarievenbesluit 2026 omdat deze investering is opgenomen in de GAW.
B27: Nacalculatie efficiënte (vermogens)kosten Eemshaven Oudeschip-Vierverlaten EHS 2016 t/m 2025 in 2027 | F27: EUR, pp jaar | AM27: 2034724 | AO27: Rekenmodule projectprocedure investeringen 2027, tab 4, cel J24
B28: Nacalculatie efficiënte (vermogens)kosten Eemshaven Oudeschip-Vierverlaten HS 2016 t/m 2025 in 2027 | F28: EUR, pp jaar | AM28: 1010918.5 | AO28: Rekenmodule projectprocedure investeringen 2027, tab 4, cel K24
B29: Nacalculatie efficiënte (vermogens)kosten Krimpen-Geertruidenberg 2018 t/m 2025 in 2027 | F29: EUR, pp jaar | AM29: 2691483.8 | AO29: Rekenmodule projectprocedure investeringen 2027, tab 4, cel J25
B30: Nacalculatie efficiënte (vermogens)kosten HKN/HKW: onshore-deel van investering NoZ 2019 t/m 2025 in 2027 | F30: EUR, pp jaar | AM30: 1218251.5 | AO30: Rekenmodule projectprocedure investeringen 2027, tab 4, cel J26
B32: Geschatte kapitaalkosten ARO
B33: Geschatte kapitaalkosten voor de actualisatie ARO Cobra-kabel 2021 t/m 2025 in 2027 | F33: EUR, pp jaar | AM33: -959129.27 | AO33: Rekenmodule projectprocedure investeringen, tab 4, cel J30
B35: Data ten behoeve van inkoopkosten transport naastgelegen netten
B37: Inkoopkosten transport bij regionale netbeheerder(s)
B38: Prognose inkoopkosten transport bij regionale netbeheerder(s) 2025 | F38: EUR, pp jaar | AK38: 26319384 | AO38: Rekenmodule tarievenbesluit TenneT 2025, tab 4, cel K22
B40: Inter-TSO compensation
B41: Prognose Inter-TSO compensation 2025 | F41: EUR, pp jaar | AK41: -12052595 | AO41: Rekenmodule tarievenbesluit TenneT 2025, tab 4, cel J23
B43: Data ten behoeve van de nacalculatie inkoopkosten energie en vermogen 2025 in 2027
B45: Voorschotspercentage
B46: Voorschotspercentage nacalculatie inkoopkosten E&V 2025 | F46: % | H46: 0.4 | AO46: Rekenmodule tarievenbesluit TenneT 2026, tab 8, cel H28
B48: Verwachte nacalculatie inkoopkosten E&V transporttaak 2025 in tarievenbesluit 2026
B49: Netverliezen EHS | F49: EUR, pp 2025 | AO49: Rekenmodule tarievenbesluit TenneT 2026, tab 21, cel AJ88
B50: Blindvermogen betrekken EHS | F50: EUR, pp 2025 | AO50: Rekenmodule tarievenbesluit TenneT 2026, tab 21, cel AJ96
B51: Oplossen transportbeperkingen EHS | F51: EUR, pp 2025 | AO51: Rekenmodule tarievenbesluit TenneT 2026, tab 21, cel AJ104
B53: Netverliezen HS | F53: EUR, pp 2025 | AO53: Rekenmodule tarievenbesluit TenneT 2026, tab 21, cel AJ115
B54: Blindvermogen betrekken HS | F54: EUR, pp 2025 | AO54: Rekenmodule tarievenbesluit TenneT 2026, tab 21, cel AJ123
B55: Oplossen transportbeperkingen HS | F55: EUR, pp 2025 | AO55: Rekenmodule tarievenbesluit TenneT 2026, tab 21, cel AJ131
B57: Verwachte nacalculatie inkoopkosten E&V systeemtaak 2025 in tarievenbesluit 2026
B58: Regel- en reservevermogen | F58: EUR, pp 2025 | AO58: Rekenmodule tarievenbesluit TenneT 2026, tab 21, cel AJ140
B59: Noodvermogen | F59: EUR, pp 2025 | AO59: Rekenmodule tarievenbesluit TenneT 2026, tab 21, cel AJ144
B60: Primaire reserve | F60: EUR, pp 2025 | AO60: Rekenmodule tarievenbesluit TenneT 2026, tab 21, cel AJ148
B61: Herstelvoorzieningen | F61: EUR, pp 2025 | AO61: Rekenmodule tarievenbesluit TenneT 2026, tab 21, cel AJ152
B63: Data ten behoeve van correctie bijgeschatte investeringen afschrijvingstermijn > 10 jaar
B65: Verwachte kosten o.b.v. bijgeschatte investeringen EHS
B66: Verwachte kapitaalkosten bijschatten EHS binnen scope | F66: EUR, pp jaar | AH66: 3956909.8 | AI66: 6252842.2 | AJ66: 9323114.5 | AK66: 11867311 | AL66: 14228133 | AO66: Gewijzigde X-factorberekening Transporttaken TenneT, tab 7, rij 59
B67: Verandering operationele kosten door bijgeschatte investeringen EHS binnen scope in 2021 | F67: EUR, pp jaar | AH67: 376893.98 | AI67: 381759.69 | AJ67: 386688.2 | AK67: 391680.35 | AL67: 396736.94 | AO67: Gewijzigde X-factorberekening Transporttaken TenneT, tab 8, rij 174
B68: Verandering operationele kosten door bijgeschatte investeringen EHS binnen scope in 2022 | F68: EUR, pp jaar | AH68: 188446.99 | AI68: 381759.69 | AJ68: 386688.2 | AK68: 391680.35 | AL68: 396736.94 | AO68: Gewijzigde X-factorberekening Transporttaken TenneT, tab 8, rij 175
B69: Verandering operationele kosten door bijgeschatte investeringen EHS binnen scope in 2023 | F69: EUR, pp jaar | AI69: 190879.84 | AJ69: 386688.2 | AK69: 391680.35 | AL69: 396736.94 | AO69: Gewijzigde X-factorberekening Transporttaken TenneT, tab 8, rij 176
B70: Verandering operationele kosten door bijgeschatte investeringen EHS binnen scope in 2024 | F70: EUR, pp jaar | AJ70: 193344.1 | AK70: 391680.35 | AL70: 396736.94 | AO70: Gewijzigde X-factorberekening Transporttaken TenneT, tab 8, rij 177
B71: Verandering operationele kosten door bijgeschatte investeringen EHS binnen scope in 2025 | F71: EUR, pp jaar | AK71: 195840.17 | AL71: 396736.94 | AO71: Gewijzigde X-factorberekening Transporttaken TenneT, tab 8, rij 178
B73: Verwachte kapitaalkosten bijschatten EHS buiten scope | F73: EUR, pp jaar | AH73: 1826202.7 | AI73: 2876198.9 | AJ73: 4308390.8 | AK73: 5482066.9 | AL73: 6514012.7 | AO73: Gewijzigde X-factorberekening Transporttaken TenneT, tab 7, rij 60
B74: Verandering operationele kosten door bijgeschatte investeringen EHS buiten scope in 2021 | F74: EUR, pp jaar | AH74: 184399.13 | AI74: 186779.72 | AJ74: 189191.05 | AK74: 191633.5 | AL74: 194107.49 | AO74: Gewijzigde X-factorberekening Transporttaken TenneT, tab 8, rij 182
B75: Verandering operationele kosten door bijgeschatte investeringen EHS buiten scope in 2022 | F75: EUR, pp jaar | AH75: 92199.564 | AI75: 186779.72 | AJ75: 189191.05 | AK75: 191633.5 | AL75: 194107.49 | AO75: Gewijzigde X-factorberekening Transporttaken TenneT, tab 8, rij 183
B76: Verandering operationele kosten door bijgeschatte investeringen EHS buiten scope in 2023 | F76: EUR, pp jaar | AI76: 93389.861 | AJ76: 189191.05 | AK76: 191633.5 | AL76: 194107.49 | AO76: Gewijzigde X-factorberekening Transporttaken TenneT, tab 8, rij 184
B77: Verandering operationele kosten door bijgeschatte investeringen EHS buiten scope in 2024 | F77: EUR, pp jaar | AJ77: 94595.524 | AK77: 191633.5 | AL77: 194107.49 | AO77: Gewijzigde X-factorberekening Transporttaken TenneT, tab 8, rij 185
B78: Verandering operationele kosten door bijgeschatte investeringen EHS buiten scope in 2025 | F78: EUR, pp jaar | AK78: 95816.752 | AL78: 194107.49 | AO78: Gewijzigde X-factorberekening Transporttaken TenneT, tab 8, rij 186
B80: Verwachte kosten o.b.v. bijgeschatte investeringen HS
B81: Verwachte kapitaalkosten bijschatten HS binnen scope | F81: EUR, pp jaar | AH81: 17629824 | AI81: 27629471 | AJ81: 41671476 | AK81: 52994432 | AL81: 63754633 | AO81: Gewijzigde X-factorberekening Transporttaken TenneT, tab 7, rij 69
B82: Verandering operationele kosten door bijgeschatte investeringen HS binnen scope in 2021 | F82: EUR, pp jaar | AH82: 1928713.3 | AI82: 1953613 | AJ82: 1978834.2 | AK82: 2004380.9 | AL82: 2030257.5 | AO82: Gewijzigde X-factorberekening Transporttaken TenneT, tab 8, rij 207
B83: Verandering operationele kosten door bijgeschatte investeringen HS binnen scope in 2022 | F83: EUR, pp jaar | AH83: 964356.67 | AI83: 1953613 | AJ83: 1978834.2 | AK83: 2004380.9 | AL83: 2030257.5 | AO83: Gewijzigde X-factorberekening Transporttaken TenneT, tab 8, rij 208
B84: Verandering operationele kosten door bijgeschatte investeringen HS binnen scope in 2023 | F84: EUR, pp jaar | AI84: 976806.52 | AJ84: 1978834.2 | AK84: 2004380.9 | AL84: 2030257.5 | AO84: Gewijzigde X-factorberekening Transporttaken TenneT, tab 8, rij 209
B85: Verandering operationele kosten door bijgeschatte investeringen HS binnen scope in 2024 | F85: EUR, pp jaar | AJ85: 989417.09 | AK85: 2004380.9 | AL85: 2030257.5 | AO85: Gewijzigde X-factorberekening Transporttaken TenneT, tab 8, rij 210
B86: Verandering operationele kosten door bijgeschatte investeringen HS binnen scope in 2025 | F86: EUR, pp jaar | AK86: 1002190.5 | AL86: 2030257.5 | AO86: Gewijzigde X-factorberekening Transporttaken TenneT, tab 8, rij 211
B88: Verwachte kapitaalkosten bijschatten HS buiten scope | F88: EUR, pp jaar | AH88: 3782556.4 | AI88: 6021196.3 | AJ88: 8886956.5 | AK88: 11321452 | AL88: 13298325 | AO88: Gewijzigde X-factorberekening Transporttaken TenneT, tab 7, rij 70
B89: Verandering operationele kosten door bijgeschatte investeringen HS buiten scope in 2021 | F89: EUR, pp jaar | AH89: 312650.49 | AI89: 316686.81 | AJ89: 320775.24 | AK89: 324916.45 | AL89: 329111.12 | AO89: Gewijzigde X-factorberekening Transporttaken TenneT, tab 8, rij 215
B90: Verandering operationele kosten door bijgeschatte investeringen HS buiten scope in 2022 | F90: EUR, pp jaar | AH90: 156325.25 | AI90: 316686.81 | AJ90: 320775.24 | AK90: 324916.45 | AL90: 329111.12 | AO90: Gewijzigde X-factorberekening Transporttaken TenneT, tab 8, rij 216
B91: Verandering operationele kosten door bijgeschatte investeringen HS buiten scope in 2023 | F91: EUR, pp jaar | AI91: 158343.41 | AJ91: 320775.24 | AK91: 324916.45 | AL91: 329111.12 | AO91: Gewijzigde X-factorberekening Transporttaken TenneT, tab 8, rij 217
B92: Verandering operationele kosten door bijgeschatte investeringen HS buiten scope in 2024 | F92: EUR, pp jaar | AJ92: 160387.62 | AK92: 324916.45 | AL92: 329111.12 | AO92: Gewijzigde X-factorberekening Transporttaken TenneT, tab 8, rij 218
B93: Verandering operationele kosten door bijgeschatte investeringen HS buiten scope in 2025 | F93: EUR, pp jaar | AK93: 162458.22 | AL93: 329111.12 | AO93: Gewijzigde X-factorberekening Transporttaken TenneT, tab 8, rij 219
B95: Verwachte kosten o.b.v. bijgeschatte investeringen systeem
B96: Verwachte kapitaalkosten bijschatten systeem | F96: EUR, pp jaar | AH96: 7048454.1 | AI96: 11549405 | AJ96: 16339121 | AK96: 20885891 | AL96: 23323972 | AO96: Gewijzigde doelmatigheidsfactorberekening Systeemtaken TenneT, tab 7, rij 39
B97: Verandering operationele kosten door bijgeschatte investeringen systeem in 2021 | F97: EUR, pp jaar | AH97: 209865.12 | AI97: 212574.48 | AJ97: 215318.82 | AK97: 218098.58 | AL97: 220914.23 | AO97: Gewijzigde doelmatigheidsfactorberekening Systeemtaken TenneT, tab 8, rij 76
B98: Verandering operationele kosten door bijgeschatte investeringen systeem in 2022 | F98: EUR, pp jaar | AH98: 104932.56 | AI98: 212574.48 | AJ98: 215318.82 | AK98: 218098.58 | AL98: 220914.23 | AO98: Gewijzigde doelmatigheidsfactorberekening Systeemtaken TenneT, tab 8, rij 77
B99: Verandering operationele kosten door bijgeschatte investeringen systeem in 2023 | F99: EUR, pp jaar | AI99: 106287.24 | AJ99: 215318.82 | AK99: 218098.58 | AL99: 220914.23 | AO99: Gewijzigde doelmatigheidsfactorberekening Systeemtaken TenneT, tab 8, rij 78
B100: Verandering operationele kosten door bijgeschatte investeringen systeem in 2024 | F100: EUR, pp jaar | AJ100: 107659.41 | AK100: 218098.58 | AL100: 220914.23 | AO100: Gewijzigde doelmatigheidsfactorberekening Systeemtaken TenneT, tab 8, rij 79
B101: Verandering operationele kosten door bijgeschatte investeringen systeem in 2025 | F101: EUR, pp jaar | AK101: 109049.29 | AL101: 220914.23 | AO101: Gewijzigde doelmatigheidsfactorberekening Systeemtaken TenneT, tab 8, rij 80
B103: Verwachte kosten o.b.v. gerealiseerde investeringen met afschrijvingstermijn > 10 jaar EHS
B104: Verwachte kapitaalkosten bijschatten EHS binnen scope o.b.v. gerealiseerde inv. 2021-2025 en bijgeschatte inv. 2026 | F104: EUR, pp jaar | AH104: 710312.77 | AI104: 1160911 | AJ104: 1645171.5 | AK104: 2102688.2 | AL104: 3955918.7 | AO104: Update gewijzigde X-factorberekening Transporttaken TenneT t.b.v. Tarievenbesluit TenneT op Land 2027, tab 1, rij 29
B105: Verandering operationele kosten door gerealiseerde investeringen EHS binnen scope in 2021 | F105: EUR, pp jaar | AH105: 22862.757 | AI105: 23157.916 | AJ105: 23456.884 | AK105: 23759.713 | AL105: 24066.451 | AO105: Update gewijzigde X-factorberekening Transporttaken TenneT t.b.v. Tarievenbesluit TenneT op Land 2027, tab 1, rij 30
B106: Verandering operationele kosten door gerealiseerde investeringen EHS binnen scope in 2022 | F106: EUR, pp jaar | AH106: 11431.379 | AI106: 23157.916 | AJ106: 23456.884 | AK106: 23759.713 | AL106: 24066.451 | AO106: Update gewijzigde X-factorberekening Transporttaken TenneT t.b.v. Tarievenbesluit TenneT op Land 2027, tab 1, rij 31
B107: Verandering operationele kosten door gerealiseerde investeringen EHS binnen scope in 2023 | F107: EUR, pp jaar | AI107: 11578.958 | AJ107: 23456.884 | AK107: 23759.713 | AL107: 24066.451 | AO107: Update gewijzigde X-factorberekening Transporttaken TenneT t.b.v. Tarievenbesluit TenneT op Land 2027, tab 1, rij 32
B108: Verandering operationele kosten door gerealiseerde investeringen EHS binnen scope in 2024 | F108: EUR, pp jaar | AJ108: 11728.442 | AK108: 23759.713 | AL108: 24066.451 | AO108: Update gewijzigde X-factorberekening Transporttaken TenneT t.b.v. Tarievenbesluit TenneT op Land 2027, tab 1, rij 33
B109: Verandering operationele kosten door gerealiseerde investeringen EHS binnen scope in 2025 | F109: EUR, pp jaar | AK109: 11879.856 | AL109: 24066.451 | AO109: Update gewijzigde X-factorberekening Transporttaken TenneT t.b.v. Tarievenbesluit TenneT op Land 2027, tab 1, rij 34
B111: Verwachte kapitaalkosten bijschatten EHS buiten scope o.b.v. gerealiseerde inv. 2021-2025 en bijgeschatte inv. 2026 | F111: EUR, pp jaar | AH111: 4820374.3 | AI111: 13585750 | AJ111: 27482477 | AK111: 38923830 | AL111: 43523036 | AO111: Update gewijzigde X-factorberekening Transporttaken TenneT t.b.v. Tarievenbesluit TenneT op Land 2027, tab 1, rij 36
B112: Verandering operationele kosten door gerealiseerde investeringen EHS buiten scope in 2021 | F112: EUR, pp jaar | AH112: 561610.05 | AI112: 568860.43 | AJ112: 576204.42 | AK112: 583643.22 | AL112: 591178.05 | AO112: Update gewijzigde X-factorberekening Transporttaken TenneT t.b.v. Tarievenbesluit TenneT op Land 2027, tab 1, rij 37
B113: Verandering operationele kosten door gerealiseerde investeringen EHS buiten scope in 2022 | F113: EUR, pp jaar | AH113: 233540.69 | AI113: 467100.04 | AJ113: 473130.3 | AK113: 479238.41 | AL113: 485425.38 | AO113: Update gewijzigde X-factorberekening Transporttaken TenneT t.b.v. Tarievenbesluit TenneT op Land 2027, tab 1, rij 38
B114: Verandering operationele kosten door gerealiseerde investeringen EHS buiten scope in 2023 | F114: EUR, pp jaar | AI114: 876363.66 | AJ114: 2350763.9 | AK114: 2381112.3 | AL114: 2411852.4 | AO114: Update gewijzigde X-factorberekening Transporttaken TenneT t.b.v. Tarievenbesluit TenneT op Land 2027, tab 1, rij 39
B115: Verandering operationele kosten door gerealiseerde investeringen EHS buiten scope in 2024 | F115: EUR, pp jaar | AJ115: 947793.33 | AK115: 2221860.6 | AL115: 2250544.8 | AO115: Update gewijzigde X-factorberekening Transporttaken TenneT t.b.v. Tarievenbesluit TenneT op Land 2027, tab 1, rij 40
B116: Verandering operationele kosten door gerealiseerde investeringen EHS buiten scope in 2025 | F116: EUR, pp jaar | AK116: 721454.78 | AL116: 2223186.7 | AO116: Update gewijzigde X-factorberekening Transporttaken TenneT t.b.v. Tarievenbesluit TenneT op Land 2027, tab 1, rij 41
B118: Verwachte kosten HS o.b.v. gerealiseerde investeringen met afschrijvingstermijn > 10 jaar
B119: Verwachte kapitaalkosten bijschatten HS binnen scope o.b.v. gerealiseerde inv. 2021-2025 en bijgeschatte inv. 2026 | F119: EUR, pp jaar | AH119: 2374050.5 | AI119: 3877726.4 | AJ119: 5499144.8 | AK119: 7027926.1 | AL119: 15630638 | AO119: Update gewijzigde X-factorberekening Transporttaken TenneT t.b.v. Tarievenbesluit TenneT op Land 2027, tab 1, rij 44
B120: Verandering operationele kosten door gerealiseerde investeringen HS binnen scope in 2021 | F120: EUR, pp jaar | AH120: 78582.435 | AI120: 79596.935 | AJ120: 80624.531 | AK120: 81665.394 | AL120: 82719.694 | AO120: Update gewijzigde X-factorberekening Transporttaken TenneT t.b.v. Tarievenbesluit TenneT op Land 2027, tab 1, rij 45
B121: Verandering operationele kosten door gerealiseerde investeringen HS binnen scope in 2022 | F121: EUR, pp jaar | AH121: 39291.218 | AI121: 79596.935 | AJ121: 80624.531 | AK121: 81665.394 | AL121: 82719.694 | AO121: Update gewijzigde X-factorberekening Transporttaken TenneT t.b.v. Tarievenbesluit TenneT op Land 2027, tab 1, rij 46
B122: Verandering operationele kosten door gerealiseerde investeringen HS binnen scope in 2023 | F122: EUR, pp jaar | AI122: 39798.467 | AJ122: 80624.531 | AK122: 81665.394 | AL122: 82719.694 | AO122: Update gewijzigde X-factorberekening Transporttaken TenneT t.b.v. Tarievenbesluit TenneT op Land 2027, tab 1, rij 47
B123: Verandering operationele kosten door gerealiseerde investeringen HS binnen scope in 2024 | F123: EUR, pp jaar | AJ123: 40312.266 | AK123: 81665.394 | AL123: 82719.694 | AO123: Update gewijzigde X-factorberekening Transporttaken TenneT t.b.v. Tarievenbesluit TenneT op Land 2027, tab 1, rij 48
B124: Verandering operationele kosten door gerealiseerde investeringen HS binnen scope in 2025 | F124: EUR, pp jaar | AK124: 40832.697 | AL124: 82719.694 | AO124: Update gewijzigde X-factorberekening Transporttaken TenneT t.b.v. Tarievenbesluit TenneT op Land 2027, tab 1, rij 49
B126: Verwachte kapitaalkosten bijschatten HS buiten scope o.b.v. gerealiseerde inv. 2021-2025 en bijgeschatte inv. 2026 | F126: EUR, pp jaar | AH126: 13889268 | AI126: 28151959 | AJ126: 51559437 | AK126: 80064175 | AL126: 87681438 | AO126: Update gewijzigde X-factorberekening Transporttaken TenneT t.b.v. Tarievenbesluit TenneT op Land 2027, tab 1, rij 51
B127: Verandering operationele kosten door gerealiseerde investeringen HS buiten scope in 2021 | F127: EUR, pp jaar | AH127: 1397228.5 | AI127: 1415266.7 | AJ127: 1433537.8 | AK127: 1452044.8 | AL127: 1470790.7 | AO127: Update gewijzigde X-factorberekening Transporttaken TenneT t.b.v. Tarievenbesluit TenneT op Land 2027, tab 1, rij 52
...

Sheet 11. Tarieven, RV en omzet
B2: Tabblad 11 - Tarieven, rekenvolumina en omzet
B4: Beschrijving gegevens
B5: Op dit tabblad staan per tariefdrager de tarieven 2025, de rekenvolumina 2026 en de totale inkomsten 2025, uitgesplitst voor de netvlakken EHS en HS. Deze gegevens worden gebruikt ten behoeve van de berekening van de omzetcorrectie (het verschil tussen de toegestane inkomsten en de gerealiseerde inkomsten).
B7: Omschrijving | F7: Eenheid | H7: Constante | J7: Rijtotaal | L7: Vastrecht | M7: kW gecontracteerd per jaar | N7: KW max gewogen per maand | O7: kW gecontracteerd per jaar (max 600 uur) | P7: KW max gewogen per week (max 600 uur) | R7: Bronverwijzing | T7: Opmerking
B10: Tarieven, rekenvolumina en inkomsten
B12: EHS
B13: Tarieven 2025 | F13: EUR, pp 2025 | L13: 12478.96 | M13: 54.99 | N13: 7.14 | O13: 27.5 | P13: 2.47 | R13: Rekenmodule tarievenbesluit TenneT 2025, tab 5, rij 17
B14: Rekenvolumina 2026 | F14: # | L14: 22.083333 | M14: 626014 | N14: 4953231 | O14: 45829 | P14: 675650.7 | R14: Rekenmodule tarievenbesluit TenneT 2026, tab 5, rij 18
B16: Totale inkomsten EHS TOVT 2025 | F16: EUR, pp 2025 | H16: 274537.12 | R16: Rekenmodule tarievenbesluit TenneT 2025, tab 30, cel H43
B17: Totale inkomsten EHS TAVT 2025 uit EHS | F17: EUR, pp 2025 | H17: 1.6054862e+08 | R17: Rekenmodule tarievenbesluit TenneT 2025, tab 30, cel H46 | T17: Het overige gedeelte van EHS TAVT wordt door toedoen van het cascade-beginsel afgenomen door HS.
B19: HS
B20: Tarieven 2025 | F20: EUR, pp 2025 | L20: 2760 | M20: 73.46 | N20: 8.5 | O20: 36.73 | P20: 2.94 | R20: Rekenmodule tarievenbesluit TenneT 2025, tab 5, rij 21
B21: Rekenvolumina 2026 | F21: # | L21: 95.916667 | M21: 17464394 | N21: 1.486096e+08 | O21: 463271 | P21: 2685402.9 | R21: Rekenmodule tarievenbesluit TenneT 2026, tab 5, rij 22
B23: Totale inkomsten HS TOVT 2025 | F23: EUR, pp 2025 | H23: 269100 | R23: Rekenmodule tarievenbesluit TenneT 2025, tab 30, cel H60
B24: Totale inkomsten HS TAVT 2025 (met EHS) | F24: EUR, pp 2025 | H24: 2.3923315e+09 | R24: Rekenmodule tarievenbesluit TenneT 2025, tab 30, cel H64

Sheet 12. Input inv. <= 10 jaar
B2: Tabblad 12 - Input nacalculatie investeringen met een afschrijvingstermijn van 5 of 10 jaar
B4: Beschrijving gegevens
B5: Op dit tabblad vult de ACM gerealiseerde investeringen met een afschrijvingstermijn van 5 of 10 jaar in, indien deze direct volgen uit wijzigingen aan wet- en regelgeving of gerelateerd zijn aan netcongestie of cybersecurity. Voor deze investeringen is afgestemd dat deze nagecalculeerd worden, ondanks dat ze niet binnen een in het methodebesluit aangekondigde nacalculatie vallen.
B7: Toelichting bij bijzonderheden
B8: Volgens het gewijzigd methodebesluit transporttaken worden alleen investeringen met een afschrijvingstermijn langer dan 10 jaar nagecalculeerd. De ACM heeft besloten dat TenneT investeringen met een afschrijvingstermijn gelijk aan of korter dan 10 jaar ook worden nagecalculeerd als deze direct volgen uit wijzigingen aan wet- en regelgeving. Welke investeringen aan deze voorwaarde voldoen is door de ACM beoordeeld voordat deze worden opgenomen in het Tarievenvoorstel. In het Tarievenbesluit wordt dit verder toegelicht.
B10: Volgnummer t.b.v. nacalculatie | C10: Jaar opgave reguleringsdata | D10: Volgnummer rapportage in reguleringsdata | E10: Methodebesluit | F10: Tariefcategorie | G10: Activacategorie | H10: Afschrijvingstermijn | I10: Jaar begin afschrijven | J10: Maand begin afschrijven | K10: Regulatorische waarde Inclusief bouwrente (EUR) | M10: Bronverwijzing
B11: 1 | C11: 2021 | D11: 2504 | E11: Systeem | F11: EHS | G11: (Proces)automatisering | H11: 5 | I11: 2021 | J11: 5 | K11: 233283 | M11: Rekenmodule Tarievenbesluit TenneT 2026, tabblad 9
B12: 2 | C12: 2021 | D12: 2506 | E12: Systeem | F12: EHS | G12: (Proces)automatisering | H12: 5 | I12: 2021 | J12: 7 | K12: 315137.94 | M12: Rekenmodule Tarievenbesluit TenneT 2026, tabblad 9
B13: 3 | C13: 2021 | D13: 2507 | E13: Systeem | F13: EHS | G13: (Proces)automatisering | H13: 5 | I13: 2021 | J13: 7 | K13: 1933355 | M13: Rekenmodule Tarievenbesluit TenneT 2026, tabblad 9
B14: 4 | C14: 2021 | D14: 2509 | E14: Systeem | F14: EHS | G14: (Proces)automatisering | H14: 5 | I14: 2021 | J14: 9 | K14: 3189891 | M14: Rekenmodule Tarievenbesluit TenneT 2026, tabblad 9
B15: 5 | C15: 2021 | D15: 2511 | E15: Systeem | F15: EHS | G15: (Proces)automatisering | H15: 5 | I15: 2021 | J15: 11 | K15: 1170875 | M15: Rekenmodule Tarievenbesluit TenneT 2026, tabblad 9
B16: 6 | C16: 2021 | D16: 2513 | E16: Systeem | F16: EHS | G16: (Proces)automatisering | H16: 5 | I16: 2021 | J16: 12 | K16: 794948 | M16: Rekenmodule Tarievenbesluit TenneT 2026, tabblad 9
B17: 7 | C17: 2021 | D17: 2514 | E17: Systeem | F17: EHS | G17: (Proces)automatisering | H17: 5 | I17: 2021 | J17: 13 | K17: 160262.96 | M17: Rekenmodule Tarievenbesluit TenneT 2026, tabblad 9
B18: 8 | C18: 2021 | D18: 2515 | E18: Systeem | F18: EHS | G18: (Proces)automatisering | H18: 5 | I18: 2021 | J18: 13 | K18: 1199333 | M18: Rekenmodule Tarievenbesluit TenneT 2026, tabblad 9
B19: 9 | C19: 2021 | D19: 2534 | E19: Transport | F19: EHS | G19: (Proces)automatisering | H19: 5 | I19: 2021 | J19: 7 | K19: 426363.1 | M19: Rekenmodule Tarievenbesluit TenneT 2026, tabblad 9
B20: 10 | C20: 2021 | D20: 2538 | E20: Transport | F20: EHS | G20: (Proces)automatisering | H20: 5 | I20: 2021 | J20: 13 | K20: 216826.36 | M20: Rekenmodule Tarievenbesluit TenneT 2026, tabblad 9
B21: 11 | C21: 2021 | D21: 2618 | E21: Transport | F21: HS | G21: (Proces)automatisering | H21: 5 | I21: 2021 | J21: 7 | K21: 1347943 | M21: Rekenmodule Tarievenbesluit TenneT 2026, tabblad 9
B22: 12 | C22: 2021 | D22: 2622 | E22: Transport | F22: HS | G22: (Proces)automatisering | H22: 5 | I22: 2021 | J22: 13 | K22: 685494.53 | M22: Rekenmodule Tarievenbesluit TenneT 2026, tabblad 9
... B102: 102 | C102: 2025 | D102: 4090 | E102: Transport | F102: HS | G102: Computerapparatuur | H102: 5 | I102: 2025 | J102: 12 | K102: 2463533 | M102: Reguleringsdata TenneT 2025, tabblad 1D

Sheet Input (Database) -->

Sheet 13. Input desinvesteringen
B2: Tabblad 13 - Input desinvesteringen
B4: Beschrijving gegevens
B5: Op dit tabblad staan de gegevens die de ACM gebruikt voor het berekenen van de daling van de operationele kosten als gevolg van de desinvesteringen in 2021 t/m 2025.
B7: Bron
B8: Reguleringsdata TenneT 2021, tab 1B; Reguleringsdata TenneT 2022, tab 1B; Reguleringsdata TenneT 2023, tab 1B; Reguleringsdata TenneT 2024, tab 1B; Reguleringsdata TenneT 2025, tab 1B
B10: Datum inladen
B11: 46202
B13: Bewerkingen
B14: - De ACM heeft met een filter de benodigde gegevens van alle desinvesteringen opgegeven in de reguleringsdata 2021 t/m 2025 geselecteerd. - Voor een aantal investeringen was er in de database geen informatie beschikbaar over het prijspeil waarin deze investeringen zijn gerapporteerd. De ACM heeft het prijspeil van deze investeringen handmatig ingevuld op basis van de door TenneT gerapporteerde gegevens. De cellen waarvoor dit geldt zijn roze gekleurd.
B16: Volgnummer ACM | C16: Methodebesluit | D16: Tariefcategorie/fase (NOZ) | E16: SHV | F16: Activacategorie | G16: Prijspeil gerapporteerde desinvestering (jaar) | H16: Oorspronkelijk investeringsbedrag Inclusief bouwrente voor niet RCR-investeringen (EUR) | I16: Jaar desinvestering | J16: Maand desinvestering | K16: Jaar opgave reguleringsdata | M16: Opmerking
B17: 1 | C17: Transport | D17: EHS | E17: Nee | F17: GAW ultimo 2000 EHS OUD | G17: 2000 | H17: 54990 | I17: 2021 | J17: 1 | K17: 2021
B18: 2 | C18: Transport | D18: EHS | E18: Nee | F18: GAW ultimo 2000 EHS OUD | G18: 2000 | H18: 68043 | I18: 2021 | J18: 5 | K18: 2021
B19: 3 | C19: Transport | D19: EHS | E19: Nee | F19: GAW ultimo 2000 EHS OUD | G19: 2000 | H19: 1781 | I19: 2021 | J19: 6 | K19: 2021
B20: 4 | C20: Transport | D20: EHS | E20: Nee | F20: GAW ultimo 2000 EHS OUD | G20: 2000 | H20: 205399 | I20: 2021 | J20: 7 | K20: 2021
B21: 5 | C21: Transport | D21: EHS | E21: Nee | F21: GAW ultimo 2000 EHS OUD | G21: 2000 | H21: 147410 | I21: 2021 | J21: 10 | K21: 2021
B22: 6 | C22: Transport | D22: EHS | E22: Nee | F22: GAW ultimo 2000 EHS OUD | G22: 2000 | H22: 5854 | I22: 2021 | J22: 11 | K22: 2021
B23: 7 | C23: Transport | D23: EHS | E23: Nee | F23: GAW ultimo 2000 EHS OUD | G23: 2000 | H23: 27637 | I23: 2021 | J23: 12 | K23: 2021
B24: 8 | C24: Transport | D24: HS | E24: Nee | F24: GAW ultimo 2000 Delta | G24: 2008 | H24: 857116 | I24: 2021 | J24: 6 | K24: 2021
B25: 9 | C25: Transport | D25: HS | E25: Nee | F25: GAW ultimo 2000 Delta | G25: 2008 | H25: 12498 | I25: 2021 | J25: 7 | K25: 2021
B26: 10 | C26: Transport | D26: HS | E26: Nee | F26: GAW ultimo 2000 Delta | G26: 2008 | H26: 98253 | I26: 2021 | J26: 10 | K26: 2021
B27: 11 | C27: Transport | D27: HS | E27: Nee | F27: GAW ultimo 2000 Enexis | G27: 2008 | H27: 305457 | I27: 2021 | J27: 1 | K27: 2021
B28: 12 | C28: Transport | D28: HS | E28: Nee | F28: GAW ultimo 2000 Enexis | G28: 2008 | H28: 7561 | I28: 2021 | J28: 2 | K28: 2021
... B427: 411 | C427: Transport | D427: HS | E427: Nee | F427: Hoogspanningskabels | G427: 2014 | H427: 14 | I427: 2025 | J427: 7 | K427: 2025

Sheet 14. Realisaties IKE&V
B2: Tabblad 14 - Realisaties inkoopkosten energie en vermogen
B4: Beschrijving gegevens
B5: Op dit blad worden de gerealiseerde inkoopkosten energie en vermogen uit de reguleringsdata database opgehaald. Deze inputgegevens worden gebruikt bij de nacalculatie inkoopkosten energie en vermogen.
B7: Bron
B8: Reguleringsdata TenneT 2018, tab 2B; Reguleringsdata TenneT 2019, tab 2B; Reguleringsdata TenneT 2020, tab 2B; Reguleringsdata TenneT 2022, tab 2B; Reguleringsdata TenneT 2023, tab 2B; Reguleringsdata TenneT 2024 tab 2B; Reguleringsdata 2025 2B
B10: Datum inladen
B11: 46247
B13: Bewerkingen
B14: De ACM heeft met een filter de benodigde gegevens voor de gerealiseerde inkoopkosten energie en vermogen opgegeven in de reguleringsdata 2018, 2019, 2020, 2022, 2023, 2024 en 2025 geselecteerd. Voor de kostencategorieën Netverliezen, Blindvermogen betrekken, Regel- en reservevermogen, Noodvermogen, Primaire reserve en Herstelvoorzieningen laadt de ACM de in de reguleringsdata opgegeven waarde Totaal inclusief sancties in vanuit de database. Op de kostencategorie Oplossen transportbeperkingen zijn geen sancties van toepassing. Voor deze categorie laadt de ACM daarom de waarde Totaal in vanuit de database.
B16: Jaar | C16: Methodebesluit | D16: Segment | E16: Categorie | F16: Waarde | H16: Opmerkingen
B17: 2018 | C17: Transport | D17: EHS | E17: Netverliezen
B18: 2018 | C18: Transport | D18: EHS | E18: Blindvermogen betrekken
B19: 2018 | C19: Transport | D19: EHS | E19: Oplossen transportbeperkingen
B20: 2018 | C20: Transport | D20: HS | E20: Netverliezen
B21: 2018 | C21: Transport | D21: HS | E21: Blindvermogen betrekken
B22: 2018 | C22: Transport | D22: HS | E22: Oplossen transportbeperkingen
B23: 2018 | C23: Systeem | D23: EHS | E23: Regel- en reservevermogen
B24: 2018 | C24: Systeem | D24: EHS | E24: Noodvermogen
B25: 2018 | C25: Systeem | D25: EHS | E25: Primaire reserve
B26: 2018 | C26: Systeem | D26: EHS | E26: Herstelvoorzieningen
B27: 2019 | C27: Transport | D27: EHS | E27: Netverliezen
B28: 2019 | C28: Transport | D28: EHS | E28: Blindvermogen betrekken
... B96: 2025 | C96: Transport | D96: EHS | E96: Blindvermogen betrekken

Sheet 15. Realisaties IKTNN
B2: Tabblad 15 - Inkoopkosten transport naastgelegen netten
B4: Beschrijving gegevens
B5: Op dit blad worden de gerealiseerd inkoopkosten transport naastgelegen netten uit de database opgehaald. Dit omvat de inkoopkosten transport bij regionale netbeheerder(s) en de Inter-TSO compensation.
B7: Bron
B8: Reguleringsdata 2018, tab 2A; Reguleringsdata 2019, tab 2A; Reguleringsdata 2020, tab 2A; Reguleringsdata 2022, tab 2A; Reguleringsdata 2023, tab 2A; Reguleringsdata 2024, tab 2A; Reguleringsdata 2025, tab 2A
B10: Datum inladen
B11: 46202
B13: Bewerkingen
B14: De ACM heeft met een filter de benodigde gegevens voor de gerealiseerde inkoopkosten transport naastgelegen netten opgegeven in de reguleringsdata 2018, 2019, 2020, 2023, 2024 en 2025 geselecteerd.
B16: Jaar | C16: Subcategorie | D16: EHS - Directe OPEX | E16: HS - Directe OPEX | K16: Opmerkingen
B17: 2018 | C17: Kosten Cross Border Trade | D17: -10082448
B18: 2018 | C18: Inkoop transport bij regionale netbeheerders | E18: 21124303
B19: 2019 | C19: Kosten Cross Border Trade | D19: -8352546.3
B20: 2019 | C20: Inkoop transport bij regionale netbeheerders | E20: 20364643
B21: 2020 | C21: Kosten Cross Border Trade | D21: -10170981
B22: 2020 | C22: Inkoop transport bij regionale netbeheerders | E22: 20963011
B23: 2021 | C23: Kosten Cross Border Trade | D23: -9317723.5
B24: 2021 | C24: Inkoop transport bij regionale netbeheerders | E24: 21238517
B25: 2022 | C25: Kosten Cross Border Trade | D25: 1914991.2
B26: 2022 | C26: Inkoop transport bij regionale netbeheerders | E26: 22228530
B27: 2023 | C27: Kosten Cross Border Trade | D27: 8104196.7
B28: 2023 | C28: Inkoop transport bij regionale netbeheerders | E28: 40824763
B29: 2024 | C29: Kosten Cross Border Trade | D29: -14127503
B30: 2024 | C30: Inkoop transport bij regionale netbeheerders | E30: 60986300
B31: 2025 | C31: Kosten Cross Border Trade | D31: -28526877
B32: 2025 | C32: Inkoop transport bij regionale netbeheerders | E32: 0

Sheet Berekeningen -->

Sheet 16. Berekening parameters
B2: Tabblad 16 - Berekening op basis van parameters
B4: Beschrijving berekening
B5: Op dit tabblad berekent de ACM samengestelde percentages voor de toepassing van de CPI, de frontier shift en het rentepercentage tariefcorrecties. Bij de toepassing van de samengestelde percentages wordt niet tussentijds afgerond.
B7: Omschrijving | F7: Eenheid | H7: Constante | J7: Rijtotaal | L7: 2000 | M7: 2001 | N7: 2002 | O7: 2003 | P7: 2004 | Q7: 2005 | R7: 2006 | S7: 2007 | T7: 2008 | U7: 2009 | V7: 2010 | W7: 2011 | X7: 2012 | Y7: 2013 | Z7: 2014 | AA7: 2015 | AB7: 2016 | AC7: 2017 | AD7: 2018 | AE7: 2019 | AF7: 2020 | AG7: 2021 | AH7: 2022 | AI7: 2023 | AJ7: 2024 | AK7: 2025 | AL7: 2026 | AM7: 2027 | AO7: Opmerking
B10: Ophalen gegevens voor berekening
B12: CPI
B13: CPI als jaarlijks percentage | F13: % | L13: ='9. Parameters'!L13 -> 0.026 | M13: ='9. Parameters'!M13 -> 0.025 | N13: ='9. Parameters'!N13 -> 0.047 | O13: ='9. Parameters'!O13 -> 0.033 | P13: ='9. Parameters'!P13 -> 0.021 | Q13: ='9. Parameters'!Q13 -> 0.011 | R13: ='9. Parameters'!R13 -> 0.018 | S13: ='9. Parameters'!S13 -> 0.014 | ... AL13: ='9. Parameters'!AL13 -> 0.028
B15: Frontier shift
B16: Frontier shift als jaarlijks percentage | F16: % | AF16: ='9. Parameters'!AF20 -> 0 | AG16: ='9. Parameters'!AG20 -> 0 | AH16: ='9. Parameters'!AH20 -> 0.005 | AI16: ='9. Parameters'!AI20 -> 0.005 | AJ16: ='9. Parameters'!AJ20 -> 0.005 | AK16: ='9. Parameters'!AK20 -> 0.005 | AL16: ='9. Parameters'!AL20 -> 0.005
B18: Rentepercentage tariefcorrecties
B19: Eerste kwartaal | F19: % | Y19: ='9. Parameters'!Y25 -> 0 | Z19: ='9. Parameters'!Z25 -> 0 | AA19: ='9. Parameters'!AA25 -> 0 | AB19: ='9. Parameters'!AB25 -> 0 | AC19: ='9. Parameters'!AC25 -> 0 | AD19: ='9. Parameters'!AD25 -> 0.02 | AE19: ='9. Parameters'!AE25 -> 0.02 | AF19: ='9. Parameters'!AF25 -> 0.02 | ... AM19: ='9. Parameters'!AM25 -> 0.05
B20: Tweede kwartaal | F20: % | Y20: ='9. Parameters'!Y26 -> 0 | Z20: ='9. Parameters'!Z26 -> 0 | AA20: ='9. Parameters'!AA26 -> 0 | AB20: ='9. Parameters'!AB26 -> 0 | AC20: ='9. Parameters'!AC26 -> 0 | AD20: ='9. Parameters'!AD26 -> 0.02 | AE20: ='9. Parameters'!AE26 -> 0.02 | AF20: ='9. Parameters'!AF26 -> 0.02 | ... AM20: ='9. Parameters'!AM26 -> 0.05
B21: Derde kwartaal | F21: % | Y21: ='9. Parameters'!Y27 -> 0 | Z21: ='9. Parameters'!Z27 -> 0 | AA21: ='9. Parameters'!AA27 -> 0 | AB21: ='9. Parameters'!AB27 -> 0 | AC21: ='9. Parameters'!AC27 -> 0 | AD21: ='9. Parameters'!AD27 -> 0.02 | AE21: ='9. Parameters'!AE27 -> 0.02 | AF21: ='9. Parameters'!AF27 -> 0.02 | ... AL21: ='9. Parameters'!AL27 -> 0.04
B22: Vierde kwartaal | F22: % | Y22: ='9. Parameters'!Y28 -> 0 | Z22: ='9. Parameters'!Z28 -> 0 | AA22: ='9. Parameters'!AA28 -> 0 | AB22: ='9. Parameters'!AB28 -> 0 | AC22: ='9. Parameters'!AC28 -> 0 | AD22: ='9. Parameters'!AD28 -> 0.02 | AE22: ='9. Parameters'!AE28 -> 0.02 | AF22: ='9. Parameters'!AF28 -> 0.02 | ... AL22: ='9. Parameters'!AL28 -> 0.04
B24: Berekening mutatie CPI over meerdere jaren
B26: CPI
B27: 1+CPI | F27: 1+% | M27: =1+M13 -> 1.025 | N27: =1+N13 -> 1.047 | O27: =1+O13 -> 1.033 | P27: =1+P13 -> 1.021 | Q27: =1+Q13 -> 1.011 | R27: =1+R13 -> 1.018 | S27: =1+S13 -> 1.014 | T27: =1+T13 -> 1.011 | ... AL27: =1+AL13 -> 1.028
B29: CPI van … naar …
B30: 2000 | F30: 1+% | L30: 1 | M30: =L30*M$27 -> 1.025 | N30: =M30*N$27 -> 1.073175 | O30: =N30*O$27 -> 1.1085898 | P30: =O30*P$27 -> 1.1318702 | Q30: =P30*Q$27 -> 1.1443207 | R30: =Q30*R$27 -> 1.1649185 | S30: =R30*S$27 -> 1.1812274 | T30: =S30*T$27 -> 1.1942209 | ... AL30: =AK30*AL$27 -> 1.8620504
B31: 2001 | F31: 1+% | M31: 1 | N31: =M31*N$27 -> 1.047 | O31: =N31*O$27 -> 1.081551 | P31: =O31*P$27 -> 1.1042636 | Q31: =P31*Q$27 -> 1.1164105 | R31: =Q31*R$27 -> 1.1365059 | S31: =R31*S$27 -> 1.1524169 | T31: =S31*T$27 -> 1.1650935 | U31: =T31*U$27 -> 1.2023765 | ... AL31: =AK31*AL$27 -> 1.8166345
B32: 2002 | F32: 1+% | N32: 1 | O32: =N32*O$27 -> 1.033 | P32: =O32*P$27 -> 1.054693 | Q32: =P32*Q$27 -> 1.0662946 | R32: =Q32*R$27 -> 1.0854879 | S32: =R32*S$27 -> 1.1006848 | T32: =S32*T$27 -> 1.1127923 | U32: =T32*U$27 -> 1.1484016 | V32: =U32*V$27 -> 1.1518468 | ... AL32: =AK32*AL$27 -> 1.7350855
B33: 2003 | F33: 1+% | O33: 1 | P33: =O33*P$27 -> 1.021 | Q33: =P33*Q$27 -> 1.032231 | R33: =Q33*R$27 -> 1.0508112 | S33: =R33*S$27 -> 1.0655225 | T33: =S33*T$27 -> 1.0772433 | U33: =T33*U$27 -> 1.111715 | V33: =U33*V$27 -> 1.1150502 | W33: =V33*W$27 -> 1.1317759 | ... AL33: =AK33*AL$27 -> 1.6796568
B34: 2004 | F34: 1+% | P34: 1 | Q34: =P34*Q$27 -> 1.011 | R34: =Q34*R$27 -> 1.029198 | S34: =R34*S$27 -> 1.0436068 | T34: =S34*T$27 -> 1.0550864 | U34: =T34*U$27 -> 1.0888492 | V34: =U34*V$27 -> 1.0921158 | W34: =V34*W$27 -> 1.1084975 | X34: =W34*X$27 -> 1.1373184 | ... AL34: =AK34*AL$27 -> 1.6451095
B35: 2005 | F35: 1+% | Q35: 1 | R35: =Q35*R$27 -> 1.018 | S35: =R35*S$27 -> 1.032252 | T35: =S35*T$27 -> 1.0436068 | U35: =T35*U$27 -> 1.0770022 | V35: =U35*V$27 -> 1.0802332 | W35: =V35*W$27 -> 1.0964367 | X35: =W35*X$27 -> 1.124944 | Y35: =X35*Y$27 -> 1.1508178 | ... AL35: =AK35*AL$27 -> 1.6272102
B36: 2006 | F36: 1+% | R36: 1 | S36: =R36*S$27 -> 1.014 | T36: =S36*T$27 -> 1.025154 | U36: =T36*U$27 -> 1.0579589 | V36: =U36*V$27 -> 1.0611328 | W36: =V36*W$27 -> 1.0770498 | X36: =W36*X$27 -> 1.1050531 | Y36: =X36*Y$27 -> 1.1304693 | Z36: =Y36*Z$27 -> 1.1621225 | ... AL36: =AK36*AL$27 -> 1.5984383
B37: 2007 | F37: 1+% | S37: 1 | T37: =S37*T$27 -> 1.011 | U37: =T37*U$27 -> 1.043352 | V37: =U37*V$27 -> 1.0464821 | W37: =V37*W$27 -> 1.0621793 | X37: =W37*X$27 -> 1.0897959 | Y37: =X37*Y$27 -> 1.1148613 | Z37: =Y37*Z$27 -> 1.1460774 | AA37: =Z37*AA$27 -> 1.1575381 | ... AL37: =AK37*AL$27 -> 1.5763691
B38: 2008 | F38: 1+% | T38: 1 | U38: =T38*U$27 -> 1.032 | V38: =U38*V$27 -> 1.035096 | W38: =V38*W$27 -> 1.0506224 | X38: =W38*X$27 -> 1.0779386 | Y38: =X38*Y$27 -> 1.1027312 | Z38: =Y38*Z$27 -> 1.1336077 | AA38: =Z38*AA$27 -> 1.1449438 | AB38: =AA38*AB$27 -> 1.1541033 | ... AL38: =AK38*AL$27 -> 1.5592177
B39: 2009 | F39: 1+% | U39: 1 | V39: =U39*V$27 -> 1.003 | W39: =V39*W$27 -> 1.018045 | X39: =W39*X$27 -> 1.0445142 | Y39: =X39*Y$27 -> 1.068538 | Z39: =Y39*Z$27 -> 1.0984571 | AA39: =Z39*AA$27 -> 1.1094416 | AB39: =AA39*AB$27 -> 1.1183172 | AC39: =AB39*AC$27 -> 1.1205538 | ... AL39: =AK39*AL$27 -> 1.5108699
B40: 2010 | F40: 1+% | V40: 1 | W40: =V40*W$27 -> 1.015 | X40: =W40*X$27 -> 1.04139 | Y40: =X40*Y$27 -> 1.065342 | Z40: =Y40*Z$27 -> 1.0951715 | AA40: =Z40*AA$27 -> 1.1061233 | AB40: =AA40*AB$27 -> 1.1149722 | AC40: =AB40*AC$27 -> 1.1172022 | AD40: =AC40*AD$27 -> 1.132843 | ... AL40: =AK40*AL$27 -> 1.5063508
B41: 2011 | F41: 1+% | W41: 1 | X41: =W41*X$27 -> 1.026 | Y41: =X41*Y$27 -> 1.049598 | Z41: =Y41*Z$27 -> 1.0789867 | AA41: =Z41*AA$27 -> 1.0897766 | AB41: =AA41*AB$27 -> 1.0984948 | AC41: =AB41*AC$27 -> 1.1006918 | AD41: =AC41*AD$27 -> 1.1161015 | AE41: =AD41*AE$27 -> 1.1395396 | ... AL41: =AK41*AL$27 -> 1.4840895
B42: 2012 | F42: 1+% | X42: 1 | Y42: =X42*Y$27 -> 1.023 | Z42: =Y42*Z$27 -> 1.051644 | AA42: =Z42*AA$27 -> 1.0621604 | AB42: =AA42*AB$27 -> 1.0706577 | AC42: =AB42*AC$27 -> 1.072799 | AD42: =AC42*AD$27 -> 1.0878182 | AE42: =AD42*AE$27 -> 1.1106624 | AF42: =AE42*AF$27 -> 1.141761 | ... AL42: =AK42*AL$27 -> 1.446481
B43: 2013 | F43: 1+% | Y43: 1 | Z43: =Y43*Z$27 -> 1.028 | AA43: =Z43*AA$27 -> 1.03828 | AB43: =AA43*AB$27 -> 1.0465862 | AC43: =AB43*AC$27 -> 1.0486794 | AD43: =AC43*AD$27 -> 1.0633609 | AE43: =AD43*AE$27 -> 1.0856915 | AF43: =AE43*AF$27 -> 1.1160909 | AG43: =AF43*AG$27 -> 1.1239035 | ... AL43: =AK43*AL$27 -> 1.4139599
B44: 2014 | F44: 1+% | Z44: 1 | AA44: =Z44*AA$27 -> 1.01 | AB44: =AA44*AB$27 -> 1.01808 | AC44: =AB44*AC$27 -> 1.0201162 | AD44: =AC44*AD$27 -> 1.0343978 | AE44: =AD44*AE$27 -> 1.0561201 | AF44: =AE44*AF$27 -> 1.0856915 | AG44: =AF44*AG$27 -> 1.0932913 | AH44: =AG44*AH$27 -> 1.1195303 | ... AL44: =AK44*AL$27 -> 1.3754474
B45: 2015 | F45: 1+% | AA45: 1 | AB45: =AA45*AB$27 -> 1.008 | AC45: =AB45*AC$27 -> 1.010016 | AD45: =AC45*AD$27 -> 1.0241562 | AE45: =AD45*AE$27 -> 1.0456635 | AF45: =AE45*AF$27 -> 1.0749421 | AG45: =AF45*AG$27 -> 1.0824667 | AH45: =AG45*AH$27 -> 1.1084459 | AI45: =AH45*AI$27 -> 1.2414594 | ... AL45: =AK45*AL$27 -> 1.3618291
B46: 2016 | F46: 1+% | AB46: 1 | AC46: =AB46*AC$27 -> 1.002 | AD46: =AC46*AD$27 -> 1.016028 | AE46: =AD46*AE$27 -> 1.0373646 | AF46: =AE46*AF$27 -> 1.0664108 | AG46: =AF46*AG$27 -> 1.0738757 | AH46: =AG46*AH$27 -> 1.0996487 | AI46: =AH46*AI$27 -> 1.2316065 | AJ46: =AI46*AJ$27 -> 1.2685547 | ... AL46: =AK46*AL$27 -> 1.3510209
B47: 2017 | F47: 1+% | AC47: 1 | AD47: =AC47*AD$27 -> 1.014 | AE47: =AD47*AE$27 -> 1.035294 | AF47: =AE47*AF$27 -> 1.0642822 | AG47: =AF47*AG$27 -> 1.0717322 | AH47: =AG47*AH$27 -> 1.0974538 | AI47: =AH47*AI$27 -> 1.2291482 | AJ47: =AI47*AJ$27 -> 1.2660227 | AK47: =AJ47*AK$27 -> 1.3115995 | AL47: =AK47*AL$27 -> 1.3483243
B48: 2018 | F48: 1+% | AD48: 1 | AE48: =AD48*AE$27 -> 1.021 | AF48: =AE48*AF$27 -> 1.049588 | AG48: =AF48*AG$27 -> 1.0569351 | AH48: =AG48*AH$27 -> 1.0823016 | AI48: =AH48*AI$27 -> 1.2121777 | AJ48: =AI48*AJ$27 -> 1.2485431 | AK48: =AJ48*AK$27 -> 1.2934906 | AL48: =AK48*AL$27 -> 1.3297084
B49: 2019 | F49: 1+% | AE49: 1 | AF49: =AE49*AF$27 -> 1.028 | AG49: =AF49*AG$27 -> 1.035196 | AH49: =AG49*AH$27 -> 1.0600407 | AI49: =AH49*AI$27 -> 1.1872456 | AJ49: =AI49*AJ$27 -> 1.222863 | AK49: =AJ49*AK$27 -> 1.266886 | AL49: =AK49*AL$27 -> 1.3023588
B50: 2020 | F50: 1+% | AF50: 1 | AG50: =AF50*AG$27 -> 1.007 | AH50: =AG50*AH$27 -> 1.031168 | AI50: =AH50*AI$27 -> 1.1549082 | AJ50: =AI50*AJ$27 -> 1.1895554 | AK50: =AJ50*AK$27 -> 1.2323794 | AL50: =AK50*AL$27 -> 1.266886
B51: 2021 | F51: 1+% | AG51: 1 | AH51: =AG51*AH$27 -> 1.024 | AI51: =AH51*AI$27 -> 1.14688 | AJ51: =AI51*AJ$27 -> 1.1812864 | AK51: =AJ51*AK$27 -> 1.2238127 | AL51: =AK51*AL$27 -> 1.2580795
B52: 2022 | F52: 1+% | AH52: 1 | AI52: =AH52*AI$27 -> 1.12 | AJ52: =AI52*AJ$27 -> 1.1536 | AK52: =AJ52*AK$27 -> 1.1951296 | AL52: =AK52*AL$27 -> 1.2285932
B53: 2023 | F53: 1+% | AI53: 1 | AJ53: =AI53*AJ$27 -> 1.03 | AK53: =AJ53*AK$27 -> 1.06708 | AL53: =AK53*AL$27 -> 1.0969582
B54: 2024 | F54: 1+% | AJ54: 1 | AK54: =AJ54*AK$27 -> 1.036 | AL54: =AK54*AL$27 -> 1.065008
B55: 2025 | F55: 1+% | AK55: 1 | AL55: =AK55*AL$27 -> 1.028
B56: 2026 | F56: 1+% | AL56: 1
B58: Berekening mutatie frontier shift over meerdere jaren
B60: Frontier shift
B61: 1 - frontier shift | F61: 1-% | AD61: =1-AD16 -> 1 | AE61: =1-AE16 -> 1 | AF61: =1-AF16 -> 1 | AG61: =1-AG16 -> 1 | AH61: =1-AH16 -> 0.995 | AI61: =1-AI16 -> 0.995 | AJ61: =1-AJ16 -> 0.995 | AK61: =1-AK16 -> 0.995 | AL61: =1-AL16 -> 0.995
B63: Frontier shift van … naar …
B66: 2018 | F66: 1-% | AD66: 1 | AE66: =AD66*AE$61 -> 1 | AF66: =AE66*AF$61 -> 1 | AG66: =AF66*AG$61 -> 1 | AH66: =AG66*AH$61 -> 0.995 | AI66: =AH66*AI$61 -> 0.990025 | AJ66: =AI66*AJ$61 -> 0.98507488 | AK66: =AJ66*AK$61 -> 0.9801495 | AL66: =AK66*AL$61 -> 0.97524875
B67: 2019 | F67: 1-% | AE67: 1 | AF67: =AE67*AF$61 -> 1 | AG67: =AF67*AG$61 -> 1 | AH67: =AG67*AH$61 -> 0.995 | AI67: =AH67*AI$61 -> 0.990025 | AJ67: =AI67*AJ$61 -> 0.98507488 | AK67: =AJ67*AK$61 -> 0.9801495 | AL67: =AK67*AL$61 -> 0.97524875
B68: 2020 | F68: 1-% | AF68: 1 | AG68: =AF68*AG$61 -> 1 | AH68: =AG68*AH$61 -> 0.995 | AI68: =AH68*AI$61 -> 0.990025 | AJ68: =AI68*AJ$61 -> 0.98507488 | AK68: =AJ68*AK$61 -> 0.9801495 | AL68: =AK68*AL$61 -> 0.97524875
B69: 2021 | F69: 1-% | AG69: 1 | AH69: =AG69*AH$61 -> 0.995 | AI69: =AH69*AI$61 -> 0.990025 | AJ69: =AI69*AJ$61 -> 0.98507488 | AK69: =AJ69*AK$61 -> 0.9801495 | AL69: =AK69*AL$61 -> 0.97524875
B70: 2022 | F70: 1-% | AH70: 1 | AI70: =AH70*AI$61 -> 0.995 | AJ70: =AI70*AJ$61 -> 0.990025 | AK70: =AJ70*AK$61 -> 0.98507488 | AL70: =AK70*AL$61 -> 0.9801495
B71: 2023 | F71: 1-% | AI71: 1 | AJ71: =AI71*AJ$61 -> 0.995 | AK71: =AJ71*AK$61 -> 0.990025 | AL71: =AK71*AL$61 -> 0.98507488
B72: 2024 | F72: 1-% | AJ72: 1 | AK72: =AJ72*AK$61 -> 0.995 | AL72: =AK72*AL$61 -> 0.990025
B73: 2025 | F73: 1-% | AK73: 1 | AL73: =AK73*AL$61 -> 0.995
B74: 2026 | F74: 1-% | AL74: 1
B76: Berekening mutatie rentepercentage tariefcorrecties over meerdere jaren
B78: Berekening rentepercentage tariefcorrecties op jaarbasis
B79: Boekjaar waarvoor mutatie rentepercentage berekend wordt:
B80: Samengesteld percentage op basis van juli - juli mutatie: | F80: 1+% | Z80: =((1+Y21)*(1+Y22)*(1+Z19)*(1+Z20))^(1/4) -> 1 | AA80: =((1+Z21)*(1+Z22)*(1+AA19)*(1+AA20))^(1/4) -> 1 | AB80: =((1+AA21)*(1+AA22)*(1+AB19)*(1+AB20))^(1/4) -> 1 | AC80: =((1+AB21)*(1+AB22)*(1+AC19)*(1+AC20))^(1/4) -> 1 | AD80: =((1+AC21)*(1+AC22)*(1+AD19)*(1+AD20))^(1/4) -> 1.0099505 | AE80: =((1+AD21)*(1+AD22)*(1+AE19)*(1+AE20))^(1/4) -> 1.02 | AF80: =((1+AE21)*(1+AE22)*(1+AF19)*(1+AF20))^(1/4) -> 1.02 | AG80: =((1+AF21)*(1+AF22)*(1+AG19)*(1+AG20))^(1/4) -> 1.02 | ... AM80: =((1+AL21)*(1+AL22)*(1+AM19)*(1+AM20))^(1/4) -> 1.044988
B82: 1 + rentepercentage van … naar …
B83: 2018 | F83: 1+% | AD83: 1 | AE83: =AD83*AE$80 -> 1.02 | AF83: =AE83*AF$80 -> 1.0404 | AG83: =AF83*AG$80 -> 1.061208 | AH83: =AG83*AH$80 -> 1.0824322 | AI83: =AH83*AI$80 -> 1.1148526 | AJ83: =AI83*AJ$80 -> 1.1873049 | AK83: =AJ83*AK$80 -> 1.2644658 | AL83: =AK83*AL$80 -> 1.3276289 | AM83: =AL83*AM$80 -> 1.3873563
B84: 2019 | F84: 1+% | AE84: 1 | AF84: =AE84*AF$80 -> 1.02 | AG84: =AF84*AG$80 -> 1.0404 | AH84: =AG84*AH$80 -> 1.061208 | AI84: =AH84*AI$80 -> 1.0929927 | AJ84: =AI84*AJ$80 -> 1.1640244 | AK84: =AJ84*AK$80 -> 1.2396723 | AL84: =AK84*AL$80 -> 1.3015969 | AM84: =AL84*AM$80 -> 1.3601532
B85: 2020 | F85: 1+% | AF85: 1 | AG85: =AF85*AG$80 -> 1.02 | AH85: =AG85*AH$80 -> 1.0404 | AI85: =AH85*AI$80 -> 1.0715615 | AJ85: =AI85*AJ$80 -> 1.1412004 | AK85: =AJ85*AK$80 -> 1.215365 | AL85: =AK85*AL$80 -> 1.2760754 | AM85: =AL85*AM$80 -> 1.3334836
B86: 2021 | F86: 1+% | AG86: 1 | AH86: =AG86*AH$80 -> 1.02 | AI86: =AH86*AI$80 -> 1.0505505 | AJ86: =AI86*AJ$80 -> 1.1188239 | AK86: =AJ86*AK$80 -> 1.1915344 | AL86: =AK86*AL$80 -> 1.2510543 | AM86: =AL86*AM$80 -> 1.3073368
B87: 2022 | F87: 1+% | AH87: 1 | AI87: =AH87*AI$80 -> 1.0299515 | AJ87: =AI87*AJ$80 -> 1.0968862 | AK87: =AJ87*AK$80 -> 1.1681709 | AL87: =AK87*AL$80 -> 1.2265239 | AM87: =AL87*AM$80 -> 1.2817028
B88: 2023 | F88: 1+% | AI88: 1 | AJ88: =AI88*AJ$80 -> 1.0649883 | AK88: =AJ88*AK$80 -> 1.1342 | AL88: =AK88*AL$80 -> 1.190856 | AM88: =AL88*AM$80 -> 1.2444303
B89: 2024 | F89: 1+% | AJ89: 1 | AK89: =AJ89*AK$80 -> 1.0649883 | AL89: =AK89*AL$80 -> 1.118187 | AM89: =AL89*AM$80 -> 1.168492
B90: 2025 | F90: 1+% | AK90: 1 | AL90: =AK90*AL$80 -> 1.0499524 | AM90: =AL90*AM$80 -> 1.0971877
B91: 2026 | F91: 1+% | AL91: 1 | AM91: =AL91*AM$80 -> 1.044988
B92: 2027 | F92: 1+% | AM92: 1
B94: Rentepercentage tariefcorrecties van 31/12/2025 tot 1/7/2027 | F94: % | H94: =(1+AL19)^(1/4)*(1+AL20)^(1/4)*(1+AL21)^(1/4)*(1+AL22)^(1/4)*(1+AM19)^(1/4)*(1+AM20)^(1/4)-1 -> 0.06568288

Sheet 17. Correctie IKE&V
B2: Tabblad 17 - Correctie inkoopkosten energie en vermogen
B4: Beschrijving berekening
B5: Op dit tabblad berekent de ACM de nacalculaties op de inkoopkosten energie en vermogen: - Voor inkoopkosten die binnen de transporttaak vallen gaat het niet om een volledige nacalculatie van het verschil tussen schatting en realisatie, maar om een gedeeltelijke nacalculatie op basis van een bonus-malusregeling. Een kwart van het verschil tussen prognose en realisatie is voor rekening van TenneT, tot een maximum van 20% afwijking op de geschatte kosten. Het meerdere aan kosten boven de afwijking van 20% wordt volledig nagecalculeerd. De schatting voor de inkoopkosten energie en vermogen binnen de transporttaak is gebaseerd op de realisaties in de jaren 2018 t/m 2020, gecorrigeerd met frontier shift en CPI. - Voor inkoopkosten die binnen de systeemtaak vallen gaat het om een volledige nacalculatie van het verschil tussen schatting en realisatie. De schatting voor de inkoopkosten energie en vermogen binnen de systeemtaak is tevens gebaseerd op de realisaties in de jaren 2018 t/m 2020, gecorrigeerd met frontier shift en CPI. - Bij de berekening van de correcties inkoopkosten energie en vermogen 2024 houdt de ACM rekening met het voorschot voor deze correcties zoals verwerkt in het Tarievenbesluit 2025.
B7: Toelichting bij bijzonderheden
B8: Bedragen in de berekeningen in de blauw gekleurde cellen zijn inclusief het rentepercentage voor tariefcorrecties.
B10: Omschrijving | F10: Eenheid | H10: Constante | J10: Rijtotaal | L10: 2000 | M10: 2001 | N10: 2002 | O10: 2003 | P10: 2004 | Q10: 2005 | R10: 2006 | S10: 2007 | T10: 2008 | U10: 2009 | V10: 2010 | W10: 2011 | X10: 2012 | Y10: 2013 | Z10: 2014 | AA10: 2015 | AB10: 2016 | AC10: 2017 | AD10: 2018 | AE10: 2019 | AF10: 2020 | AG10: 2021 | AH10: 2022 | AI10: 2023 | AJ10: 2024 | AK10: 2025 | AL10: 2026 | AM10: 2027 | AO10: Opmerking
B13: Ophalen gegevens voor berekening
B15: CPI
B16: 1+CPI van 2018 naar 2025 | F16: 1+% | H16: ='16. Berekening parameters'!AK48 -> 1.2934906
B17: 1+CPI van 2019 naar 2025 | F17: 1+% | H17: ='16. Berekening parameters'!AK49 -> 1.266886
B18: 1+CPI van 2020 naar 2025 | F18: 1+% | H18: ='16. Berekening parameters'!AK50 -> 1.2323794
B20: Frontier shift
B21: 1-FS van 2018 naar 2025 | F21: 1-% | H21: ='16. Berekening parameters'!AK66 -> 0.9801495
B22: 1-FS van 2019 naar 2025 | F22: 1-% | H22: ='16. Berekening parameters'!AK67 -> 0.9801495
B23: 1-FS van 2020 naar 2025 | F23: 1-% | H23: ='16. Berekening parameters'!AK68 -> 0.9801495
B25: Rentepercentage tariefcorrecties
B26: 1+rentepercentage van 2025 naar 2027 | F26: 1+% | H26: ='16. Berekening parameters'!AM90 -> 1.0971877
B28: Inkoopkosten transporttaak EHS
B29: Netverliezen | F29: EUR, pp jaar | AD29: =SOM((_2b_opex_inkoop_e_v[Segment]="EHS")*(_2b_opex_inkoop_e_v[Categorie]=$B29)*(_2b_opex_inkoop_e_v[Jaar]=AD$10)*(_2b_opex_inkoop_e_v[Waarde])) | AE29: =SOM((_2b_opex_inkoop_e_v[Segment]="EHS")*(_2b_opex_inkoop_e_v[Categorie]=$B29)*(_2b_opex_inkoop_e_v[Jaar]=AE$10)*(_2b_opex_inkoop_e_v[Waarde])) | AF29: =som((_2b_opex_inkoop_e_v[Segment]="EHS")*(_2b_opex_inkoop_e_v[Categorie]=$B29)*(_2b_opex_inkoop_e_v[Jaar]=AF$10)*(_2b_opex_inkoop_e_v[Waarde])) | AK29: =som((_2b_opex_inkoop_e_v[Segment]="EHS")*(_2b_opex_inkoop_e_v[Categorie]=$B29)*(_2b_opex_inkoop_e_v[Jaar]=AK$10)*(_2b_opex_inkoop_e_v[Waarde]))
B30: Blindvermogen betrekken | F30: EUR, pp jaar | AD30: =som((_2b_opex_inkoop_e_v[Segment]="EHS")*(_2b_opex_inkoop_e_v[Categorie]=$B30)*(_2b_opex_inkoop_e_v[Jaar]=AD$10)*(_2b_opex_inkoop_e_v[Waarde])) | AE30: =SOM((_2b_opex_inkoop_e_v[Segment]="EHS")*(_2b_opex_inkoop_e_v[Categorie]=$B30)*(_2b_opex_inkoop_e_v[Jaar]=AE$10)*(_2b_opex_inkoop_e_v[Waarde])) | AF30: =som((_2b_opex_inkoop_e_v[Segment]="EHS")*(_2b_opex_inkoop_e_v[Categorie]=$B30)*(_2b_opex_inkoop_e_v[Jaar]=AF$10)*(_2b_opex_inkoop_e_v[Waarde])) | AK30: =som((_2b_opex_inkoop_e_v[Segment]="EHS")*(_2b_opex_inkoop_e_v[Categorie]=$B30)*(_2b_opex_inkoop_e_v[Jaar]=AK$10)*(_2b_opex_inkoop_e_v[Waarde]))
B31: Oplossen transportbeperkingen | F31: EUR, pp jaar | AD31: =som((_2b_opex_inkoop_e_v[Segment]="EHS")*(_2b_opex_inkoop_e_v[Categorie]=$B31)*(_2b_opex_inkoop_e_v[Jaar]=AD$10)*(_2b_opex_inkoop_e_v[Waarde])) | AE31: =som((_2b_opex_inkoop_e_v[Segment]="EHS")*(_2b_opex_inkoop_e_v[Categorie]=$B31)*(_2b_opex_inkoop_e_v[Jaar]=AE$10)*(_2b_opex_inkoop_e_v[Waarde])) | AF31: =som((_2b_opex_inkoop_e_v[Segment]="EHS")*(_2b_opex_inkoop_e_v[Categorie]=$B31)*(_2b_opex_inkoop_e_v[Jaar]=AF$10)*(_2b_opex_inkoop_e_v[Waarde])) | AK31: =som((_2b_opex_inkoop_e_v[Segment]="EHS")*(_2b_opex_inkoop_e_v[Categorie]=$B31)*(_2b_opex_inkoop_e_v[Jaar]=AK$10)*(_2b_opex_inkoop_e_v[Waarde]))
B33: Inkoopkosten transporttaak HS
B34: Netverliezen | F34: EUR, pp jaar | AD34: =som((_2b_opex_inkoop_e_v[Segment]="HS")*(_2b_opex_inkoop_e_v[Categorie]=$B34)*(_2b_opex_inkoop_e_v[Jaar]=AD$10)*(_2b_opex_inkoop_e_v[Waarde])) | AE34: =som((_2b_opex_inkoop_e_v[Segment]="HS")*(_2b_opex_inkoop_e_v[Categorie]=$B34)*(_2b_opex_inkoop_e_v[Jaar]=AE$10)*(_2b_opex_inkoop_e_v[Waarde])) | AF34: =som((_2b_opex_inkoop_e_v[Segment]="HS")*(_2b_opex_inkoop_e_v[Categorie]=$B34)*(_2b_opex_inkoop_e_v[Jaar]=AF$10)*(_2b_opex_inkoop_e_v[Waarde])) | AK34: =som((_2b_opex_inkoop_e_v[Segment]="HS")*(_2b_opex_inkoop_e_v[Categorie]=$B34)*(_2b_opex_inkoop_e_v[Jaar]=AK$10)*(_2b_opex_inkoop_e_v[Waarde]))
B35: Blindvermogen betrekken | F35: EUR, pp jaar | AD35: =som((_2b_opex_inkoop_e_v[Segment]="HS")*(_2b_opex_inkoop_e_v[Categorie]=$B35)*(_2b_opex_inkoop_e_v[Jaar]=AD$10)*(_2b_opex_inkoop_e_v[Waarde])) | AE35: =som((_2b_opex_inkoop_e_v[Segment]="HS")*(_2b_opex_inkoop_e_v[Categorie]=$B35)*(_2b_opex_inkoop_e_v[Jaar]=AE$10)*(_2b_opex_inkoop_e_v[Waarde])) | AF35: =som((_2b_opex_inkoop_e_v[Segment]="HS")*(_2b_opex_inkoop_e_v[Categorie]=$B35)*(_2b_opex_inkoop_e_v[Jaar]=AF$10)*(_2b_opex_inkoop_e_v[Waarde])) | AK35: =som((_2b_opex_inkoop_e_v[Segment]="HS")*(_2b_opex_inkoop_e_v[Categorie]=$B35)*(_2b_opex_inkoop_e_v[Jaar]=AK$10)*(_2b_opex_inkoop_e_v[Waarde]))
B36: Oplossen transportbeperkingen | F36: EUR, pp jaar | AD36: =som((_2b_opex_inkoop_e_v[Segment]="HS")*(_2b_opex_inkoop_e_v[Categorie]=$B36)*(_2b_opex_inkoop_e_v[Jaar]=AD$10)*(_2b_opex_inkoop_e_v[Waarde])) | AE36: =som((_2b_opex_inkoop_e_v[Segment]="HS")*(_2b_opex_inkoop_e_v[Categorie]=$B36)*(_2b_opex_inkoop_e_v[Jaar]=AE$10)*(_2b_opex_inkoop_e_v[Waarde])) | AF36: =som((_2b_opex_inkoop_e_v[Segment]="HS")*(_2b_opex_inkoop_e_v[Categorie]=$B36)*(_2b_opex_inkoop_e_v[Jaar]=AF$10)*(_2b_opex_inkoop_e_v[Waarde])) | AK36: =som((_2b_opex_inkoop_e_v[Segment]="HS")*(_2b_opex_inkoop_e_v[Categorie]=$B36)*(_2b_opex_inkoop_e_v[Jaar]=AK$10)*(_2b_opex_inkoop_e_v[Waarde]))
B38: Inkoopkosten systeemtaak
B39: Regel- en reservevermogen | F39: EUR, pp jaar | AD39: =som((_2b_opex_inkoop_e_v[Categorie]=$B39)*(_2b_opex_inkoop_e_v[Jaar]=AD$10)*(_2b_opex_inkoop_e_v[Waarde])) | AE39: =som((_2b_opex_inkoop_e_v[Categorie]=$B39)*(_2b_opex_inkoop_e_v[Jaar]=AE$10)*(_2b_opex_inkoop_e_v[Waarde])) | AF39: =som((_2b_opex_inkoop_e_v[Categorie]=$B39)*(_2b_opex_inkoop_e_v[Jaar]=AF$10)*(_2b_opex_inkoop_e_v[Waarde])) | AK39: =som((_2b_opex_inkoop_e_v[Categorie]=$B39)*(_2b_opex_inkoop_e_v[Jaar]=AK$10)*(_2b_opex_inkoop_e_v[Waarde]))
B40: Noodvermogen | F40: EUR, pp jaar | AD40: =som((_2b_opex_inkoop_e_v[Categorie]=$B40)*(_2b_opex_inkoop_e_v[Jaar]=AD$10)*(_2b_opex_inkoop_e_v[Waarde])) | AE40: =som((_2b_opex_inkoop_e_v[Categorie]=$B40)*(_2b_opex_inkoop_e_v[Jaar]=AE$10)*(_2b_opex_inkoop_e_v[Waarde])) | AF40: =som((_2b_opex_inkoop_e_v[Categorie]=$B40)*(_2b_opex_inkoop_e_v[Jaar]=AF$10)*(_2b_opex_inkoop_e_v[Waarde])) | AK40: =som((_2b_opex_inkoop_e_v[Categorie]=$B40)*(_2b_opex_inkoop_e_v[Jaar]=AK$10)*(_2b_opex_inkoop_e_v[Waarde]))
B41: Primaire reserve | F41: EUR, pp jaar | AD41: =som((_2b_opex_inkoop_e_v[Categorie]=$B41)*(_2b_opex_inkoop_e_v[Jaar]=AD$10)*(_2b_opex_inkoop_e_v[Waarde])) | AE41: =som((_2b_opex_inkoop_e_v[Categorie]=$B41)*(_2b_opex_inkoop_e_v[Jaar]=AE$10)*(_2b_opex_inkoop_e_v[Waarde])) | AF41: =som((_2b_opex_inkoop_e_v[Categorie]=$B41)*(_2b_opex_inkoop_e_v[Jaar]=AF$10)*(_2b_opex_inkoop_e_v[Waarde])) | AK41: =som((_2b_opex_inkoop_e_v[Categorie]=$B41)*(_2b_opex_inkoop_e_v[Jaar]=AK$10)*(_2b_opex_inkoop_e_v[Waarde]))
B42: Herstelvoorzieningen | F42: EUR, pp jaar | AD42: =som((_2b_opex_inkoop_e_v[Categorie]=$B42)*(_2b_opex_inkoop_e_v[Jaar]=AD$10)*(_2b_opex_inkoop_e_v[Waarde])) | AE42: =som((_2b_opex_inkoop_e_v[Categorie]=$B42)*(_2b_opex_inkoop_e_v[Jaar]=AE$10)*(_2b_opex_inkoop_e_v[Waarde])) | AF42: =som((_2b_opex_inkoop_e_v[Categorie]=$B42)*(_2b_opex_inkoop_e_v[Jaar]=AF$10)*(_2b_opex_inkoop_e_v[Waarde])) | AK42: =som((_2b_opex_inkoop_e_v[Categorie]=$B42)*(_2b_opex_inkoop_e_v[Jaar]=AK$10)*(_2b_opex_inkoop_e_v[Waarde]))
B44: Voorschotspercentage 2025 in tarievenbesluit 2026
B45: Voorschotspercentage nacalculatie inkoopkosten E&V 2025 in tarievenbesluit 2026 | F45: % | H45: ='10. Brondata'!H46 -> 0.4
B47: Verwachte nacalculatie inkoopkosten E&V transporttaak 2025 in tarievenbesluit 2026
B48: Netverliezen EHS | F48: EUR, pp 2025 | AK48: ='10. Brondata'!AK49
B49: Blindvermogen betrekken EHS | F49: EUR, pp 2025 | AK49: ='10. Brondata'!AK50
B50: Oplossen transportbeperkingen EHS | F50: EUR, pp 2025 | AK50: ='10. Brondata'!AK51
B52: Netverliezen HS | F52: EUR, pp 2025 | AK52: ='10. Brondata'!AK53
B53: Blindvermogen betrekken HS | F53: EUR, pp 2025 | AK53: ='10. Brondata'!AK54
B54: Oplossen transportbeperkingen HS | F54: EUR, pp 2025 | AK54: ='10. Brondata'!AK55
B56: Verwachte nacalculatie inkoopkosten E&V systeemtaak 2025 in tarievenbesluit 2026
B57: Regel- en reservevermogen | F57: EUR, pp 2025 | AK57: ='10. Brondata'!AK58
B58: Noodvermogen | F58: EUR, pp 2025 | AK58: ='10. Brondata'!AK59
B59: Primaire reserve | F59: EUR, pp 2025 | AK59: ='10. Brondata'!AK60
B60: Herstelvoorzieningen | F60: EUR, pp 2025 | AK60: ='10. Brondata'!AK61
B62: Berekening prognose inkoopkosten transporttaak per product
B64: Prognose inkoopkosten per product transporttaak EHS
B65: Netverliezen EHS | F65: EUR, pp jaar | AK65: =GEMIDDELDE(AD29*$H$16*$H$21;AE29*$H$17*$H$22;AF29*$H$18*$H$23)
B66: Blindvermogen EHS | F66: EUR, pp jaar | AK66: =GEMIDDELDE(AD30*$H$16*$H$21;AE30*$H$17*$H$22;AF30*$H$18*$H$23)
B67: Oplossen transportbeperkingen EHS | F67: EUR, pp jaar | AK67: =GEMIDDELDE(AD31*$H$16*$H$21;AE31*$H$17*$H$22;AF31*$H$18*$H$23)
B69: Prognose inkoopkosten per product transporttaak HS
B70: Netverliezen HS | F70: EUR, pp jaar | AK70: =GEMIDDELDE(AD34*$H$16*$H$21;AE34*$H$17*$H$22;AF34*$H$18*$H$23)
B71: Blindvermogen HS | F71: EUR, pp jaar | AK71: =GEMIDDELDE(AD35*$H$16*$H$21;AE35*$H$17*$H$22;AF35*$H$18*$H$23)
B72: Oplossen transportbeperkingen HS | F72: EUR, pp jaar | AK72: =GEMIDDELDE(AD36*$H$16*$H$21;AE36*$H$17*$H$22;AF36*$H$18*$H$23)
B74: Prognose inkoopkosten per product systeemtaak
B75: Regel- en reservevermogen | F75: EUR, pp jaar | AK75: =GEMIDDELDE(AD39*$H$16*$H$21;AE39*$H$17*$H$22;AF39*$H$18*$H$23)
B76: Noodvermogen | F76: EUR, pp jaar | AK76: =GEMIDDELDE(AD40*$H$16*$H$21;AE40*$H$17*$H$22;AF40*$H$18*$H$23)
B77: Primaire reserve | F77: EUR, pp jaar | AK77: =GEMIDDELDE(AD41*$H$16*$H$21;AE41*$H$17*$H$22;AF41*$H$18*$H$23)
B78: Herstelvoorzieningen | F78: EUR, pp jaar | AK78: =GEMIDDELDE(AD42*$H$16*$H$21;AE42*$H$17*$H$22;AF42*$H$18*$H$23)
B80: Berekening nacalculatie per product met bonus/malus-regeling
B82: Nacalculatie netverliezen transporttaak EHS
B83: Verschil tussen realisatie en prognose | F83: EUR, pp jaar | AK83: =AK29-AK65
B84: Risico van TenneT (25% van verschil) | F84: EUR, pp jaar | AK84: =0,25*AK83
B85: Maximum risico van TenneT (25%*20% van prognose) | F85: EUR, pp jaar | AK85: =ALS(AK83<0; -0,05*AK65; 0,05*AK65)
B86: Netto risico van TenneT | F86: EUR, pp jaar | AK86: =ALS(AK83<0;MAX(AK84:AK85);MIN(AK84:AK85))
B87: Nacalculatie | F87: EUR, pp jaar | AK87: =AK83-AK86
B89: Al verrekende verwachte nacalculatie in tarievenbesluit 2026 | F89: EUR, pp jaar | AK89: =AK48*$H$45
B90: Resterende nacalculatie | F90: EUR, pp jaar | AK90: =AK87-AK89
B92: Nacalculatie blindvermogen transporttaak EHS
B93: Verschil tussen realisatie en prognose | F93: EUR, pp jaar | AK93: =AK30-AK66
B94: Risico van TenneT (25% van verschil) | F94: EUR, pp jaar | AK94: =0,25*AK93
B95: Maximum risico van TenneT (25%*20% van prognose) | F95: EUR, pp jaar | AK95: =ALS(AK93<0; -0,05*AK66; 0,05*AK66)
B96: Netto risico van TenneT | F96: EUR, pp jaar | AK96: =ALS(AK93<0;MAX(AK94:AK95);MIN(AK94:AK95))
B97: Nacalculatie | F97: EUR, pp jaar | AK97: =AK93-AK96
B99: Al verrekende verwachte nacalculatie in tarievenbesluit 2026 | F99: EUR, pp jaar | AK99: =AK49*$H$45
B100: Resterende nacalculatie | F100: EUR, pp jaar | AK100: =AK97-AK99
B102: Nacalculatie oplossen transportbeperkingen transporttaak EHS
B103: Verschil tussen realisatie en prognose | F103: EUR, pp jaar | AK103: =AK31-AK67
B104: Risico van TenneT (25% van verschil) | F104: EUR, pp jaar | AK104: =0,25*AK103
B105: Maximum risico van TenneT (25%*20% van prognose) | F105: EUR, pp jaar | AK105: =ALS(AK103<0; -0,05*AK67; 0,05*AK67)
B106: Netto risico van TenneT | F106: EUR, pp jaar | AK106: =ALS(AK103<0;MAX(AK104:AK105);MIN(AK104:AK105))
B107: Nacalculatie | F107: EUR, pp jaar | AK107: =AK103-AK106
B109: Al verrekende verwachte nacalculatie in tarievenbesluit 2026 | F109: EUR, pp jaar | AK109: =AK50*$H$45
B110: Resterende nacalculatie | F110: EUR, pp jaar | AK110: =AK107-AK109
B112: Totale nacalculatie inkoopkosten transporttaak EHS
B113: Totaal resterende nacalculatie transporttaak EHS | F113: EUR, pp jaar | AK113: 68148441
B114: Correctie inkoopkosten transporttaak EHS 2025 in 2027 | F114: EUR, pp jaar | AM114: =AK113*$H$26 -> 74771629
B116: Nacalculatie netverliezen transporttaak HS
B117: Verschil tussen realisatie en prognose | F117: EUR, pp jaar | AK117: =AK34-AK70
B118: Risico van TenneT (25% van verschil) | F118: EUR, pp jaar | AK118: =0,25*AK117
B119: Maximum risico van TenneT (25%*20% van prognose) | F119: EUR, pp jaar | AK119: =ALS(AK117<0; -0,05*AK70; 0,05*AK70)
B120: Netto risico van TenneT | F120: EUR, pp jaar | AK120: =ALS(AK117<0;MAX(AK118:AK119);MIN(AK118:AK119))
B121: Nacalculatie | F121: EUR, pp jaar | AK121: =AK117-AK120
B123: Al verrekende verwachte nacalculatie in tarievenbesluit 2026 | F123: EUR, pp jaar | AK123: =AK52*$H$45
B124: Resterende nacalculatie | F124: EUR, pp jaar | AK124: =AK121-AK123
B126: Nacalculatie blindvermogen transporttaak HS
B127: Verschil tussen realisatie en prognose | F127: EUR, pp jaar | AK127: =AK35-AK71
B128: Risico van TenneT (25% van verschil) | F128: EUR, pp jaar | AK128: =0,25*AK127
B129: Maximum risico van TenneT (25%*20% van prognose) | F129: EUR, pp jaar | AK129: =ALS(AK127<0; -0,05*AK71; 0,05*AK71)
B130: Netto risico van TenneT | F130: EUR, pp jaar | AK130: =ALS(AK127<0;MAX(AK128:AK129);MIN(AK128:AK129))
B131: Nacalculatie | F131: EUR, pp jaar | AK131: =AK127-AK130
...

Sheet 18. Correcties OA&M en IKTNN
B2: Tabblad 18 - Correcties omzet aansluitdienst & meterhuur en inkoopkosten transport naastgelegen netten
B4: Beschrijving berekening
B5: Op dit tabblad berekent de ACM de correcties voor de omzet aansluitdienst en meterhuur 2025 en voor de inkoopkosten transport naastgelegen netten 2025. Die laatste categorie omvat de inkoopkosten transport bij regionale netbeheerder(s) en de Inter-TSO compensation. De ACM berekent telkens het verschil tussen de realisatie en de prognose, vervolgens wordt dit bedrag met het rentepercentage tariefcorrecties aangepast.
B7: Toelichting bij bijzonderheden
B8: Bedragen in de berekening in de blauw gekleurde cellen zijn inclusief het rentepercentage voor tariefcorrecties.
B10: Omschrijving | F10: Eenheid | H10: Constante | J10: Rijtotaal | L10: EHS | M10: HS | O10: Opmerking
B13: Ophalen gegevens voor berekening
B15: Rentepercentage tariefcorrecties
B16: 1+rentepercentage van 2025 naar 2027 | F16: 1+% | H16: ='16. Berekening parameters'!AM90 -> 1.0971877
B18: Omzet aansluitdienst en meterhuur
B19: Correctie omzet aansluitdienst en meterhuur 2025 | F19: EUR, 2025 | L19: ='6. Correcties en prognoses'!AK15 -> -256948.63 | M19: ='6. Correcties en prognoses'!AK34 -> -7818823.5
B21: Inkoopkosten transport bij regionale netbeheerders 2025
B22: Prognose inkoopkosten transport bij regionale netbeheerders | F22: EUR, 2025 | M22: ='10. Brondata'!AK38 -> 26319384
B23: Realisatie inkoopkosten transport bij regionale netbeheerders | F23: EUR, 2025 | M23: {=SUM((_2a_algemene_opex[Subcategorie]="Inkoop transport bij regionale netbeheerders")*(_2a_algemene_opex[Jaar]=2025)*_2a_algemene_opex[HS - Directe OPEX])} -> 0
B25: Inter-TSO compensation 2025
B26: Prognose Inter-TSO compensation | F26: EUR, 2025 | L26: ='10. Brondata'!AK41 -> -12052595
B27: Realisatie Inter-TSO compensation | F27: EUR, 2025 | L27: {=SUM((_2a_algemene_opex[Subcategorie]="Kosten Cross Border Trade")*(_2a_algemene_opex[Jaar]=2025)*_2a_algemene_opex[EHS - Directe OPEX])} -> -28526877
B29: Berekening van correcties
B31: Correctie omzet aansluitdienst en meterhuur
B32: Correctie omzet aansluitdienst en meterhuur 2025 in 2027 | F32: EUR, 2027 | L32: =L19*$H$16 -> -281920.87 | M32: =M19*$H$16 -> -8578716.8
B34: Correctie inkoopkosten transport bij regionale netbeheerder(s)
B35: Verschil tussen realisatie en prognose 2025 | F35: EUR, 2025 | M35: =M23-M22 -> -26319384
B36: Correctie inkoopkosten transport bij regionale netbeheerders(s) 2025 in 2027 | F36: EUR, 2027 | M36: =M35*$H$16 -> -28877304
B38: Correctie Inter-TSO compensation
B39: Verschil tussen realisatie en prognose 2025 | F39: EUR, 2025 | L39: =L27-L26 -> -16474282
B40: Correctie Inter-TSO Compensation 2025 in 2027 | F40: EUR, 2027 | L40: =L39*$H$16 -> -18075380

Sheet 19. Correctie desinvesteringen
B2: Tabblad 19 - Correctie desinvesteringen
B4: Beschrijving berekening
B5: Op dit tabblad berekent de ACM de daling van de operationele kosten als gevolg van desinvesteringen. De ACM corrigeert het oorspronkelijke investeringsbedrag voor inflatie tot het jaar van verwijderen. De cumulatieve aanschafwaarde van de verwijderde activa leidt dan tot een neerwaartse correctie van de operationele kosten gelijk aan 1% van de verwijderde activa. De ACM stelt hierbij voor elke desinvestering vast of dit actief oorspronkelijk in de benchmark stond. Als dit het geval is, wordt op de correctie als gevolg van deze desinvestering ook de benchmarkscore toegepast.
B7: Omschrijving | F7: Eenheid | H7: Constante
B10: Ophalen gegevens voor berekening | J10: 2021 | K10: 2022 | L10: 2023 | M10: 2024 | N10: 2025 | O10: 2026 | P10: 2027
B12: CPI van … naar …
B13: 2000 | F13: 1+% | J13: ='16. Berekening parameters'!AG30 -> 1.4800737 | K13: ='16. Berekening parameters'!AH30 -> 1.5155955 | L13: ='16. Berekening parameters'!AI30 -> 1.6974669 | M13: ='16. Berekening parameters'!AJ30 -> 1.748391 | N13: ='16. Berekening parameters'!AK30 -> 1.811333 | O13: ='16. Berekening parameters'!AL30 -> 1.8620504
B14: 2001 | F14: 1+% | J14: ='16. Berekening parameters'!AG31 -> 1.4439744 | K14: ='16. Berekening parameters'!AH31 -> 1.4786297 | L14: ='16. Berekening parameters'!AI31 -> 1.6560653 | M14: ='16. Berekening parameters'!AJ31 -> 1.7057473 | N14: ='16. Berekening parameters'!AK31 -> 1.7671542 | O14: ='16. Berekening parameters'!AL31 -> 1.8166345
B15: 2002 | F15: 1+% | J15: ='16. Berekening parameters'!AG32 -> 1.3791541 | K15: ='16. Berekening parameters'!AH32 -> 1.4122538 | L15: ='16. Berekening parameters'!AI32 -> 1.5817243 | M15: ='16. Berekening parameters'!AJ32 -> 1.629176 | N15: ='16. Berekening parameters'!AK32 -> 1.6878263 | O15: ='16. Berekening parameters'!AL32 -> 1.7350855
B16: 2003 | F16: 1+% | J16: ='16. Berekening parameters'!AG33 -> 1.3350959 | K16: ='16. Berekening parameters'!AH33 -> 1.3671383 | L16: ='16. Berekening parameters'!AI33 -> 1.5311948 | M16: ='16. Berekening parameters'!AJ33 -> 1.5771307 | N16: ='16. Berekening parameters'!AK33 -> 1.6339074 | O16: ='16. Berekening parameters'!AL33 -> 1.6796568
B17: 2004 | F17: 1+% | J17: ='16. Berekening parameters'!AG34 -> 1.3076356 | K17: ='16. Berekening parameters'!AH34 -> 1.3390189 | L17: ='16. Berekening parameters'!AI34 -> 1.4997011 | M17: ='16. Berekening parameters'!AJ34 -> 1.5446922 | N17: ='16. Berekening parameters'!AK34 -> 1.6003011 | O17: ='16. Berekening parameters'!AL34 -> 1.6451095
B18: 2005 | F18: 1+% | J18: ='16. Berekening parameters'!AG35 -> 1.2934081 | K18: ='16. Berekening parameters'!AH35 -> 1.3244499 | L18: ='16. Berekening parameters'!AI35 -> 1.4833839 | M18: ='16. Berekening parameters'!AJ35 -> 1.5278854 | N18: ='16. Berekening parameters'!AK35 -> 1.5828893 | O18: ='16. Berekening parameters'!AL35 -> 1.6272102
B19: 2006 | F19: 1+% | J19: ='16. Berekening parameters'!AG36 -> 1.2705384 | K19: ='16. Berekening parameters'!AH36 -> 1.3010313 | L19: ='16. Berekening parameters'!AI36 -> 1.4571551 | M19: ='16. Berekening parameters'!AJ36 -> 1.5008698 | N19: ='16. Berekening parameters'!AK36 -> 1.5549011 | O19: ='16. Berekening parameters'!AL36 -> 1.5984383
B20: 2007 | F20: 1+% | J20: ='16. Berekening parameters'!AG37 -> 1.2529965 | K20: ='16. Berekening parameters'!AH37 -> 1.2830684 | L20: ='16. Berekening parameters'!AI37 -> 1.4370366 | M20: ='16. Berekening parameters'!AJ37 -> 1.4801477 | N20: ='16. Berekening parameters'!AK37 -> 1.533433 | O20: ='16. Berekening parameters'!AL37 -> 1.5763691
B21: 2008 | F21: 1+% | J21: ='16. Berekening parameters'!AG38 -> 1.2393635 | K21: ='16. Berekening parameters'!AH38 -> 1.2691082 | L21: ='16. Berekening parameters'!AI38 -> 1.4214012 | M21: ='16. Berekening parameters'!AJ38 -> 1.4640432 | N21: ='16. Berekening parameters'!AK38 -> 1.5167488 | O21: ='16. Berekening parameters'!AL38 -> 1.5592177
B22: 2009 | F22: 1+% | J22: ='16. Berekening parameters'!AG39 -> 1.2009336 | K22: ='16. Berekening parameters'!AH39 -> 1.229756 | L22: ='16. Berekening parameters'!AI39 -> 1.3773267 | M22: ='16. Berekening parameters'!AJ39 -> 1.4186465 | N22: ='16. Berekening parameters'!AK39 -> 1.4697178 | O22: ='16. Berekening parameters'!AL39 -> 1.5108699
B23: 2010 | F23: 1+% | J23: ='16. Berekening parameters'!AG40 -> 1.1973416 | K23: ='16. Berekening parameters'!AH40 -> 1.2260778 | L23: ='16. Berekening parameters'!AI40 -> 1.3732071 | M23: ='16. Berekening parameters'!AJ40 -> 1.4144033 | N23: ='16. Berekening parameters'!AK40 -> 1.4653218 | O23: ='16. Berekening parameters'!AL40 -> 1.5063508
B24: 2011 | F24: 1+% | J24: ='16. Berekening parameters'!AG41 -> 1.1796469 | K24: ='16. Berekening parameters'!AH41 -> 1.2079584 | L24: ='16. Berekening parameters'!AI41 -> 1.3529134 | M24: ='16. Berekening parameters'!AJ41 -> 1.3935008 | N24: ='16. Berekening parameters'!AK41 -> 1.4436668 | O24: ='16. Berekening parameters'!AL41 -> 1.4840895
... B34: 2021 | F34: 1+% | J34: ='16. Berekening parameters'!AG51 -> 1 | K34: ='16. Berekening parameters'!AH51 -> 1.024 | L34: ='16. Berekening parameters'!AI51 -> 1.14688 | M34: ='16. Berekening parameters'!AJ51 -> 1.1812864 | N34: ='16. Berekening parameters'!AK51 -> 1.2238127 | O34: ='16. Berekening parameters'!AL51 -> 1.2580795
B35: 2022 | F35: 1+% | K35: ='16. Berekening parameters'!AH52 -> 1 | L35: ='16. Berekening parameters'!AI52 -> 1.12 | M35: ='16. Berekening parameters'!AJ52 -> 1.1536 | N35: ='16. Berekening parameters'!AK52 -> 1.1951296 | O35: ='16. Berekening parameters'!AL52 -> 1.2285932
B36: 2023 | F36: 1+% | L36: ='16. Berekening parameters'!AI53 -> 1 | M36: ='16. Berekening parameters'!AJ53 -> 1.03 | N36: ='16. Berekening parameters'!AK53 -> 1.06708 | O36: ='16. Berekening parameters'!AL53 -> 1.0969582
B37: 2024 | F37: 1+% | M37: ='16. Berekening parameters'!AJ54 -> 1 | N37: ='16. Berekening parameters'!AK54 -> 1.036 | O37: ='16. Berekening parameters'!AL54 -> 1.065008
B38: 2025 | F38: 1+% | N38: ='16. Berekening parameters'!AK55 -> 1 | O38: ='16. Berekening parameters'!AL55 -> 1.028
B39: 2026 | F39: 1+% | O39: ='16. Berekening parameters'!AL56 -> 1
B41: 1 - frontier shift van … naar …
B42: 2021 | F42: 1-% | J42: ='16. Berekening parameters'!AG69 -> 1 | K42: ='16. Berekening parameters'!AH69 -> 0.995 | L42: ='16. Berekening parameters'!AI69 -> 0.990025 | M42: ='16. Berekening parameters'!AJ69 -> 0.98507488 | N42: ='16. Berekening parameters'!AK69 -> 0.9801495 | O42: ='16. Berekening parameters'!AL69 -> 0.97524875
B43: 2022 | F43: 1-% | K43: ='16. Berekening parameters'!AH70 -> 1 | L43: ='16. Berekening parameters'!AI70 -> 0.995 | M43: ='16. Berekening parameters'!AJ70 -> 0.990025 | N43: ='16. Berekening parameters'!AK70 -> 0.98507488 | O43: ='16. Berekening parameters'!AL70 -> 0.9801495
B44: 2023 | F44: 1-% | L44: ='16. Berekening parameters'!AI71 -> 1 | M44: ='16. Berekening parameters'!AJ71 -> 0.995 | N44: ='16. Berekening parameters'!AK71 -> 0.990025 | O44: ='16. Berekening parameters'!AL71 -> 0.98507488
B45: 2024 | F45: 1-% | M45: ='16. Berekening parameters'!AJ72 -> 1 | N45: ='16. Berekening parameters'!AK72 -> 0.995 | O45: ='16. Berekening parameters'!AL72 -> 0.990025
B46: 2025 | F46: 1-% | N46: ='16. Berekening parameters'!AK73 -> 1 | O46: ='16. Berekening parameters'!AL73 -> 0.995
B47: 2026 | F47: 1-% | O47: ='16. Berekening parameters'!AL74 -> 1
B49: 1 + rentepercentage tariefcorrecties van … naar …
B50: 2022 | F50: 1+% | K50: ='16. Berekening parameters'!AH87 -> 1 | L50: ='16. Berekening parameters'!AI87 -> 1.0299515 | M50: ='16. Berekening parameters'!AJ87 -> 1.0968862 | N50: ='16. Berekening parameters'!AK87 -> 1.1681709 | O50: ='16. Berekening parameters'!AL87 -> 1.2265239 | P50: ='16. Berekening parameters'!AM87 -> 1.2817028
B51: 2023 | F51: 1+% | L51: ='16. Berekening parameters'!AI88 -> 1 | M51: ='16. Berekening parameters'!AJ88 -> 1.0649883 | N51: ='16. Berekening parameters'!AK88 -> 1.1342 | O51: ='16. Berekening parameters'!AL88 -> 1.190856 | P51: ='16. Berekening parameters'!AM88 -> 1.2444303
B52: 2024 | F52: 1+% | M52: ='16. Berekening parameters'!AJ89 -> 1 | N52: ='16. Berekening parameters'!AK89 -> 1.0649883 | O52: ='16. Berekening parameters'!AL89 -> 1.118187 | P52: ='16. Berekening parameters'!AM89 -> 1.168492
B53: 2025 | F53: 1+% | N53: ='16. Berekening parameters'!AK90 -> 1 | O53: ='16. Berekening parameters'!AL90 -> 1.0499524 | P53: ='16. Berekening parameters'!AM90 -> 1.0971877
B54: 2026 | F54: 1+% | O54: ='16. Berekening parameters'!AL91 -> 1 | P54: ='16. Berekening parameters'!AM91 -> 1.044988
B55: 2027 | F55: 1+% | P55: ='16. Berekening parameters'!AM92 -> 1
B57: Verwachte verandering OPEX a.g.v. uitbreiding/krimp van de netomvang
B58: Verwachte verandering OPEX a.g.v. uitbreiding/krimp van de netomvang | F58: % | H58: ='9. Parameters'!H34 -> 0.01
B60: Statische efficiëntie
B61: Thèta | F61: % | J61: ='9. Parameters'!AG38 -> 1 | K61: ='9. Parameters'!AH38 -> 1 | L61: ='9. Parameters'!AI38 -> 1 | M61: ='9. Parameters'!AJ38 -> 1 | N61: ='9. Parameters'!AK38 -> 1 | O61: ='9. Parameters'!AL38 -> 1
B63: Percentage binnen scope per activaklasse
B64: GAW ultimo 2000 EHS OUD | F64: % | H64: ='9. Parameters'!H62 -> 0.97443793
B65: GAW ultimo 2000 Delta | F65: % | H65: ='9. Parameters'!H63 -> 0.95011783
B66: GAW ultimo 2000 Liander (overname: 2008) | F66: % | H66: ='9. Parameters'!H64 -> 0.95011783
B67: GAW ultimo 2000 Enexis | F67: % | H67: ='9. Parameters'!H65 -> 0.95011783
B68: GAW ultimo 2000 TZH | F68: % | H68: ='9. Parameters'!H66 -> 0.95011783
B69: GAW ultimo 2000 Stedin - HS Eneco Classic (Zuid-Holland) | F69: % | H69: ='9. Parameters'!H67 -> 0.87322202
B70: GAW ultimo 2000 Stedin - HS Utrecht (ENBU) | F70: % | H70: ='9. Parameters'!H68 -> 0.87322202
B71: GAW ultimo 2000 Liander - HS Pampus | F71: % | H71: ='9. Parameters'!H69 -> 0.95011783
B72: Desinvestering TZH 2011 (trafo's Stedin) | F72: % | H72: ='9. Parameters'!H70 -> 1
B73: Desinvestering TZH 2012 (trafo's Liander) | F73: % | H73: ='9. Parameters'!H71 -> 1
B74: GAW ultimo 2007 Delta | F74: % | H74: ='9. Parameters'!H72 -> 0.99121036
B75: GAW ultimo 2007 Liander | F75: % | H75: ='9. Parameters'!H73 -> 0.99121036
... B97: Hoogspanningsstations primair (25 jaar) | F97: % | H97: ='9. Parameters'!H95 -> 1
B99: Indexeren van de desinvesteringen
B101: Ophalen benodigde inputs | U101: Hulpkolommen voor berekening | X101: Reële aanschafwaarde desinvesteringen, gecorrigeerd naar maand van desinvesteren
B102: Volgnummer ACM | J102: Methodebesluit | K102: Tariefcategorie | L102: SHV | M102: Activacategorie | N102: Prijspeil desinvestering | Q102: Oorspronkelijk investeringsbedrag | R102: Jaar van desinvesteren | S102: Maand van desinvesteren | U102: Percentage binnen scope | V102: Percentage buiten scope | X102: 2021 | Y102: 2022 | Z102: 2023 | AA102: 2024 | AB102: 2025 | AC102: 2026
B104: ='13. Input desinvesteringen'!B17 -> 1 | J104: ='13. Input desinvesteringen'!C17 -> Transport | K104: ='13. Input desinvesteringen'!D17 -> EHS | L104: ='13. Input desinvesteringen'!E17 -> Nee | M104: ='13. Input desinvesteringen'!F17 -> GAW ultimo 2000 EHS OUD | N104: ='13. Input desinvesteringen'!G17 -> 2000 | Q104: ='13. Input desinvesteringen'!H17 -> 54990 | R104: ='13. Input desinvesteringen'!I17 -> 2021 | S104: ='13. Input desinvesteringen'!J17 -> 1 | U104: =(J104="Transport")*(L104="Nee")*(VLOOKUP($M104,$B$64:$H$97,7,FALSE)) -> 0.97443793 | V104: =1-U104 -> 0.025562065 | X104: {=((X$102=$R104)*((13-$S104)/12)+(X$102>$R104))*$Q104*INDEX($J$13:$O$39,$N104-1999,X$102-2020)} -> 81389.254 | Y104: {=((Y$102=$R104)*((13-$S104)/12)+(Y$102>$R104))*$Q104*INDEX($J$13:$O$39,$N104-1999,Y$102-2020)} -> 83342.596 | Z104: {=((Z$102=$R104)*((13-$S104)/12)+(Z$102>$R104))*$Q104*INDEX($J$13:$O$39,$N104-1999,Z$102-2020)} -> 93343.707 | AA104: {=((AA$102=$R104)*((13-$S104)/12)+(AA$102>$R104))*$Q104*INDEX($J$13:$O$39,$N104-1999,AA$102-2020)} -> 96144.018 | AB104: {=((AB$102=$R104)*((13-$S104)/12)+(AB$102>$R104))*$Q104*INDEX($J$13:$O$39,$N104-1999,AB$102-2020)} -> 99605.203 | AC104: {=((AC$102=$R104)*((13-$S104)/12)+(AC$102>$R104))*$Q104*INDEX($J$13:$O$39,$N104-1999,AC$102-2020)} -> 102394.15
B105: ='13. Input desinvesteringen'!B18 -> 2 | J105: ='13. Input desinvesteringen'!C18 -> Transport | K105: ='13. Input desinvesteringen'!D18 -> EHS | L105: ='13. Input desinvesteringen'!E18 -> Nee | M105: ='13. Input desinvesteringen'!F18 -> GAW ultimo 2000 EHS OUD | N105: ='13. Input desinvesteringen'!G18 -> 2000 | Q105: ='13. Input desinvesteringen'!H18 -> 68043 | R105: ='13. Input desinvesteringen'!I18 -> 2021 | S105: ='13. Input desinvesteringen'!J18 -> 5 | U105: =(J105="Transport")*(L105="Nee")*(VLOOKUP($M105,$B$64:$H$97,7,FALSE)) -> 0.97443793 | V105: =1-U105 -> 0.025562065 | X105: {=((X$102=$R105)*((13-$S105)/12)+(X$102>$R105))*$Q105*INDEX($J$13:$O$39,$N105-1999,X$102-2020)} -> 67139.104 | Y105: {=((Y$102=$R105)*((13-$S105)/12)+(Y$102>$R105))*$Q105*INDEX($J$13:$O$39,$N105-1999,Y$102-2020)} -> 103125.66 | Z105: {=((Z$102=$R105)*((13-$S105)/12)+(Z$102>$R105))*$Q105*INDEX($J$13:$O$39,$N105-1999,Z$102-2020)} -> 115500.74 | AA105: {=((AA$102=$R105)*((13-$S105)/12)+(AA$102>$R105))*$Q105*INDEX($J$13:$O$39,$N105-1999,AA$102-2020)} -> 118965.77 | AB105: {=((AB$102=$R105)*((13-$S105)/12)+(AB$102>$R105))*$Q105*INDEX($J$13:$O$39,$N105-1999,AB$102-2020)} -> 123248.53 | AC105: {=((AC$102=$R105)*((13-$S105)/12)+(AC$102>$R105))*$Q105*INDEX($J$13:$O$39,$N105-1999,AC$102-2020)} -> 126699.49
B106: ='13. Input desinvesteringen'!B19 -> 3 | J106: ='13. Input desinvesteringen'!C19 -> Transport | K106: ='13. Input desinvesteringen'!D19 -> EHS | L106: ='13. Input desinvesteringen'!E19 -> Nee | M106: ='13. Input desinvesteringen'!F19 -> GAW ultimo 2000 EHS OUD | N106: ='13. Input desinvesteringen'!G19 -> 2000 | Q106: ='13. Input desinvesteringen'!H19 -> 1781 | R106: ='13. Input desinvesteringen'!I19 -> 2021 | S106: ='13. Input desinvesteringen'!J19 -> 6 | U106: =(J106="Transport")*(L106="Nee")*(VLOOKUP($M106,$B$64:$H$97,7,FALSE)) -> 0.97443793 | V106: =1-U106 -> 0.025562065 | X106: {=((X$102=$R106)*((13-$S106)/12)+(X$102>$R106))*$Q106*INDEX($J$13:$O$39,$N106-1999,X$102-2020)} -> 1537.6733 | Y106: {=((Y$102=$R106)*((13-$S106)/12)+(Y$102>$R106))*$Q106*INDEX($J$13:$O$39,$N106-1999,Y$102-2020)} -> 2699.2756 | Z106: {=((Z$102=$R106)*((13-$S106)/12)+(Z$102>$R106))*$Q106*INDEX($J$13:$O$39,$N106-1999,Z$102-2020)} -> 3023.1886 | AA106: {=((AA$102=$R106)*((13-$S106)/12)+(AA$102>$R106))*$Q106*INDEX($J$13:$O$39,$N106-1999,AA$102-2020)} -> 3113.8843 | AB106: {=((AB$102=$R106)*((13-$S106)/12)+(AB$102>$R106))*$Q106*INDEX($J$13:$O$39,$N106-1999,AB$102-2020)} -> 3225.9841 | AC106: {=((AC$102=$R106)*((13-$S106)/12)+(AC$102>$R106))*$Q106*INDEX($J$13:$O$39,$N106-1999,AC$102-2020)} -> 3316.3117
B107: ='13. Input desinvesteringen'!B20 -> 4 | J107: ='13. Input desinvesteringen'!C20 -> Transport | K107: ='13. Input desinvesteringen'!D20 -> EHS | L107: ='13. Input desinvesteringen'!E20 -> Nee | M107: ='13. Input desinvesteringen'!F20 -> GAW ultimo 2000 EHS OUD | N107: ='13. Input desinvesteringen'!G20 -> 2000 | Q107: ='13. Input desinvesteringen'!H20 -> 205399 | R107: ='13. Input desinvesteringen'!I20 -> 2021 | S107: ='13. Input desinvesteringen'!J20 -> 7 | U107: =(J107="Transport")*(L107="Nee")*(VLOOKUP($M107,$B$64:$H$97,7,FALSE)) -> 0.97443793 | V107: =1-U107 -> 0.025562065 | X107: {=((X$102=$R107)*((13-$S107)/12)+(X$102>$R107))*$Q107*INDEX($J$13:$O$39,$N107-1999,X$102-2020)} -> 152002.83 | Y107: {=((Y$102=$R107)*((13-$S107)/12)+(Y$102>$R107))*$Q107*INDEX($J$13:$O$39,$N107-1999,Y$102-2020)} -> 311301.8 | Z107: {=((Z$102=$R107)*((13-$S107)/12)+(Z$102>$R107))*$Q107*INDEX($J$13:$O$39,$N107-1999,Z$102-2020)} -> 348658.01 | AA107: {=((AA$102=$R107)*((13-$S107)/12)+(AA$102>$R107))*$Q107*INDEX($J$13:$O$39,$N107-1999,AA$102-2020)} -> 359117.75 | AB107: {=((AB$102=$R107)*((13-$S107)/12)+(AB$102>$R107))*$Q107*INDEX($J$13:$O$39,$N107-1999,AB$102-2020)} -> 372045.99 | AC107: {=((AC$102=$R107)*((13-$S107)/12)+(AC$102>$R107))*$Q107*INDEX($J$13:$O$39,$N107-1999,AC$102-2020)} -> 382463.28
B108: ='13. Input desinvesteringen'!B21 -> 5 | J108: ='13. Input desinvesteringen'!C21 -> Transport | K108: ='13. Input desinvesteringen'!D21 -> EHS | L108: ='13. Input desinvesteringen'!E21 -> Nee | M108: ='13. Input desinvesteringen'!F21 -> GAW ultimo 2000 EHS OUD | N108: ='13. Input desinvesteringen'!G21 -> 2000 | Q108: ='13. Input desinvesteringen'!H21 -> 147410 | R108: ='13. Input desinvesteringen'!I21 -> 2021 | S108: ='13. Input desinvesteringen'!J21 -> 10 | U108: =(J108="Transport")*(L108="Nee")*(VLOOKUP($M108,$B$64:$H$97,7,FALSE)) -> 0.97443793 | V108: =1-U108 -> 0.025562065 | X108: {=((X$102=$R108)*((13-$S108)/12)+(X$102>$R108))*$Q108*INDEX($J$13:$O$39,$N108-1999,X$102-2020)} -> 54544.417 | Y108: {=((Y$102=$R108)*((13-$S108)/12)+(Y$102>$R108))*$Q108*INDEX($J$13:$O$39,$N108-1999,Y$102-2020)} -> 223413.93 | Z108: {=((Z$102=$R108)*((13-$S108)/12)+(Z$102>$R108))*$Q108*INDEX($J$13:$O$39,$N108-1999,Z$102-2020)} -> 250223.6 | AA108: {=((AA$102=$R108)*((13-$S108)/12)+(AA$102>$R108))*$Q108*INDEX($J$13:$O$39,$N108-1999,AA$102-2020)} -> 257730.31 | AB108: {=((AB$102=$R108)*((13-$S108)/12)+(AB$102>$R108))*$Q108*INDEX($J$13:$O$39,$N108-1999,AB$102-2020)} -> 267008.6 | AC108: {=((AC$102=$R108)*((13-$S108)/12)+(AC$102>$R108))*$Q108*INDEX($J$13:$O$39,$N108-1999,AC$102-2020)} -> 274484.84
B109: ='13. Input desinvesteringen'!B22 -> 6 | J109: ='13. Input desinvesteringen'!C22 -> Transport | K109: ='13. Input desinvesteringen'!D22 -> EHS | L109: ='13. Input desinvesteringen'!E22 -> Nee | M109: ='13. Input desinvesteringen'!F22 -> GAW ultimo 2000 EHS OUD | N109: ='13. Input desinvesteringen'!G22 -> 2000 | Q109: ='13. Input desinvesteringen'!H22 -> 5854 | R109: ='13. Input desinvesteringen'!I22 -> 2021 | S109: ='13. Input desinvesteringen'!J22 -> 11 | U109: =(J109="Transport")*(L109="Nee")*(VLOOKUP($M109,$B$64:$H$97,7,FALSE)) -> 0.97443793 | V109: =1-U109 -> 0.025562065 | X109: {=((X$102=$R109)*((13-$S109)/12)+(X$102>$R109))*$Q109*INDEX($J$13:$O$39,$N109-1999,X$102-2020)} -> 1444.0586 | Y109: {=((Y$102=$R109)*((13-$S109)/12)+(Y$102>$R109))*$Q109*INDEX($J$13:$O$39,$N109-1999,Y$102-2020)} -> 8872.296 | Z109: {=((Z$102=$R109)*((13-$S109)/12)+(Z$102>$R109))*$Q109*INDEX($J$13:$O$39,$N109-1999,Z$102-2020)} -> 9936.9715 | AA109: {=((AA$102=$R109)*((13-$S109)/12)+(AA$102>$R109))*$Q109*INDEX($J$13:$O$39,$N109-1999,AA$102-2020)} -> 10235.081 | AB109: {=((AB$102=$R109)*((13-$S109)/12)+(AB$102>$R109))*$Q109*INDEX($J$13:$O$39,$N109-1999,AB$102-2020)} -> 10603.544 | AC109: {=((AC$102=$R109)*((13-$S109)/12)+(AC$102>$R109))*$Q109*INDEX($J$13:$O$39,$N109-1999,AC$102-2020)} -> 10900.443
B110: ='13. Input desinvesteringen'!B23 -> 7 | J110: ='13. Input desinvesteringen'!C23 -> Transport | K110: ='13. Input desinvesteringen'!D23 -> EHS | L110: ='13. Input desinvesteringen'!E23 -> Nee | M110: ='13. Input desinvesteringen'!F23 -> GAW ultimo 2000 EHS OUD | N110: ='13. Input desinvesteringen'!G23 -> 2000 | Q110: ='13. Input desinvesteringen'!H23 -> 27637 | R110: ='13. Input desinvesteringen'!I23 -> 2021 | S110: ='13. Input desinvesteringen'!J23 -> 12 | U110: =(J110="Transport")*(L110="Nee")*(VLOOKUP($M110,$B$64:$H$97,7,FALSE)) -> 0.97443793 | V110: =1-U110 -> 0.025562065 | X110: {=((X$102=$R110)*((13-$S110)/12)+(X$102>$R110))*$Q110*INDEX($J$13:$O$39,$N110-1999,X$102-2020)} -> 3408.7331 | Y110: {=((Y$102=$R110)*((13-$S110)/12)+(Y$102>$R110))*$Q110*INDEX($J$13:$O$39,$N110-1999,Y$102-2020)} -> 41886.512 | Z110: {=((Z$102=$R110)*((13-$S110)/12)+(Z$102>$R110))*$Q110*INDEX($J$13:$O$39,$N110-1999,Z$102-2020)} -> 46912.894 | AA110: {=((AA$102=$R110)*((13-$S110)/12)+(AA$102>$R110))*$Q110*INDEX($J$13:$O$39,$N110-1999,AA$102-2020)} -> 48320.281 | AB110: {=((AB$102=$R110)*((13-$S110)/12)+(AB$102>$R110))*$Q110*INDEX($J$13:$O$39,$N110-1999,AB$102-2020)} -> 50059.811 | AC110: {=((AC$102=$R110)*((13-$S110)/12)+(AC$102>$R110))*$Q110*INDEX($J$13:$O$39,$N110-1999,AC$102-2020)} -> 51461.486
B111: ='13. Input desinvesteringen'!B24 -> 8 | J111: ='13. Input desinvesteringen'!C24 -> Transport | K111: ='13. Input desinvesteringen'!D24 -> HS | L111: ='13. Input desinvesteringen'!E24 -> Nee | M111: ='13. Input desinvesteringen'!F24 -> GAW ultimo 2000 Delta | N111: ='13. Input desinvesteringen'!G24 -> 2008 | Q111: ='13. Input desinvesteringen'!H24 -> 857116 | R111: ='13. Input desinvesteringen'!I24 -> 2021 | S111: ='13. Input desinvesteringen'!J24 -> 6 | U111: =(J111="Transport")*(L111="Nee")*(VLOOKUP($M111,$B$64:$H$97,7,FALSE)) -> 0.95011783 | V111: =1-U111 -> 0.049882168 | X111: {=((X$102=$R111)*((13-$S111)/12)+(X$102>$R111))*$Q111*INDEX($J$13:$O$39,$N111-1999,X$102-2020)} -> 619662.32 | Y111: {=((Y$102=$R111)*((13-$S111)/12)+(Y$102>$R111))*$Q111*INDEX($J$13:$O$39,$N111-1999,Y$102-2020)} -> 1087772.9 | Z111: {=((Z$102=$R111)*((13-$S111)/12)+(Z$102>$R111))*$Q111*INDEX($J$13:$O$39,$N111-1999,Z$102-2020)} -> 1218305.7 | AA111: {=((AA$102=$R111)*((13-$S111)/12)+(AA$102>$R111))*$Q111*INDEX($J$13:$O$39,$N111-1999,AA$102-2020)} -> 1254854.9 | AB111: {=((AB$102=$R111)*((13-$S111)/12)+(AB$102>$R111))*$Q111*INDEX($J$13:$O$39,$N111-1999,AB$102-2020)} -> 1300029.6 | AC111: {=((AC$102=$R111)*((13-$S111)/12)+(AC$102>$R111))*$Q111*INDEX($J$13:$O$39,$N111-1999,AC$102-2020)} -> 1336430.5
B112: ='13. Input desinvesteringen'!B25 -> 9 | J112: ='13. Input desinvesteringen'!C25 -> Transport | K112: ='13. Input desinvesteringen'!D25 -> HS | L112: ='13. Input desinvesteringen'!E25 -> Nee | M112: ='13. Input desinvesteringen'!F25 -> GAW ultimo 2000 Delta | N112: ='13. Input desinvesteringen'!G25 -> 2008 | Q112: ='13. Input desinvesteringen'!H25 -> 12498 | R112: ='13. Input desinvesteringen'!I25 -> 2021 | S112: ='13. Input desinvesteringen'!J25 -> 7 | U112: =(J112="Transport")*(L112="Nee")*(VLOOKUP($M112,$B$64:$H$97,7,FALSE)) -> 0.95011783 | V112: =1-U112 -> 0.049882168 | X112: {=((X$102=$R112)*((13-$S112)/12)+(X$102>$R112))*$Q112*INDEX($J$13:$O$39,$N112-1999,X$102-2020)} -> 7744.7823 | Y112: {=((Y$102=$R112)*((13-$S112)/12)+(Y$102>$R112))*$Q112*INDEX($J$13:$O$39,$N112-1999,Y$102-2020)} -> 15861.314 | Z112: {=((Z$102=$R112)*((13-$S112)/12)+(Z$102>$R112))*$Q112*INDEX($J$13:$O$39,$N112-1999,Z$102-2020)} -> 17764.672 | AA112: {=((AA$102=$R112)*((13-$S112)/12)+(AA$102>$R112))*$Q112*INDEX($J$13:$O$39,$N112-1999,AA$102-2020)} -> 18297.612 | AB112: {=((AB$102=$R112)*((13-$S112)/12)+(AB$102>$R112))*$Q112*INDEX($J$13:$O$39,$N112-1999,AB$102-2020)} -> 18956.326 | AC112: {=((AC$102=$R112)*((13-$S112)/12)+(AC$102>$R112))*$Q112*INDEX($J$13:$O$39,$N112-1999,AC$102-2020)} -> 19487.103
B113: ='13. Input desinvesteringen'!B26 -> 10 | J113: ='13. Input desinvesteringen'!C26 -> Transport | K113: ='13. Input desinvesteringen'!D26 -> HS | L113: ='13. Input desinvesteringen'!E26 -> Nee | M113: ='13. Input desinvesteringen'!F26 -> GAW ultimo 2000 Delta | N113: ='13. Input desinvesteringen'!G26 -> 2008 | Q113: ='13. Input desinvesteringen'!H26 -> 98253 | R113: ='13. Input desinvesteringen'!I26 -> 2021 | S113: ='13. Input desinvesteringen'!J26 -> 10 | U113: =(J113="Transport")*(L113="Nee")*(VLOOKUP($M113,$B$64:$H$97,7,FALSE)) -> 0.95011783 | V113: =1-U113 -> 0.049882168 | X113: {=((X$102=$R113)*((13-$S113)/12)+(X$102>$R113))*$Q113*INDEX($J$13:$O$39,$N113-1999,X$102-2020)} -> 30442.795 | Y113: {=((Y$102=$R113)*((13-$S113)/12)+(Y$102>$R113))*$Q113*INDEX($J$13:$O$39,$N113-1999,Y$102-2020)} -> 124693.69 | Z113: {=((Z$102=$R113)*((13-$S113)/12)+(Z$102>$R113))*$Q113*INDEX($J$13:$O$39,$N113-1999,Z$102-2020)} -> 139656.93 | AA113: {=((AA$102=$R113)*((13-$S113)/12)+(AA$102>$R113))*$Q113*INDEX($J$13:$O$39,$N113-1999,AA$102-2020)} -> 143846.64 | AB113: {=((AB$102=$R113)*((13-$S113)/12)+(AB$102>$R113))*$Q113*INDEX($J$13:$O$39,$N113-1999,AB$102-2020)} -> 149025.12 | AC113: {=((AC$102=$R113)*((13-$S113)/12)+(AC$102>$R113))*$Q113*INDEX($J$13:$O$39,$N113-1999,AC$102-2020)} -> 153197.82
B114: ='13. Input desinvesteringen'!B27 -> 11 | J114: ='13. Input desinvesteringen'!C27 -> Transport | K114: ='13. Input desinvesteringen'!D27 -> HS | L114: ='13. Input desinvesteringen'!E27 -> Nee | M114: ='13. Input desinvesteringen'!F27 -> GAW ultimo 2000 Enexis | N114: ='13. Input desinvesteringen'!G27 -> 2008 | Q114: ='13. Input desinvesteringen'!H27 -> 305457 | R114: ='13. Input desinvesteringen'!I27 -> 2021 | S114: ='13. Input desinvesteringen'!J27 -> 1 | U114: =(J114="Transport")*(L114="Nee")*(VLOOKUP($M114,$B$64:$H$97,7,FALSE)) -> 0.95011783 | V114: =1-U114 -> 0.049882168 | X114: {=((X$102=$R114)*((13-$S114)/12)+(X$102>$R114))*$Q114*INDEX($J$13:$O$39,$N114-1999,X$102-2020)} -> 378572.25 | Y114: {=((Y$102=$R114)*((13-$S114)/12)+(Y$102>$R114))*$Q114*INDEX($J$13:$O$39,$N114-1999,Y$102-2020)} -> 387657.98 | Z114: {=((Z$102=$R114)*((13-$S114)/12)+(Z$102>$R114))*$Q114*INDEX($J$13:$O$39,$N114-1999,Z$102-2020)} -> 434176.94 | AA114: {=((AA$102=$R114)*((13-$S114)/12)+(AA$102>$R114))*$Q114*INDEX($J$13:$O$39,$N114-1999,AA$102-2020)} -> 447202.25 | AB114: {=((AB$102=$R114)*((13-$S114)/12)+(AB$102>$R114))*$Q114*INDEX($J$13:$O$39,$N114-1999,AB$102-2020)} -> 463301.53 | AC114: {=((AC$102=$R114)*((13-$S114)/12)+(AC$102>$R114))*$Q114*INDEX($J$13:$O$39,$N114-1999,AC$102-2020)} -> 476273.97
B115: ='13. Input desinvesteringen'!B28 -> 12 | J115: ='13. Input desinvesteringen'!C28 -> Transport | K115: ='13. Input desinvesteringen'!D28 -> HS | L115: ='13. Input desinvesteringen'!E28 -> Nee | M115: ='13. Input desinvesteringen'!F28 -> GAW ultimo 2000 Enexis | N115: ='13. Input desinvesteringen'!G28 -> 2008 | Q115: ='13. Input desinvesteringen'!H28 -> 7561 | R115: ='13. Input desinvesteringen'!I28 -> 2021 | S115: ='13. Input desinvesteringen'!J28 -> 2 | U115: =(J115="Transport")*(L115="Nee")*(VLOOKUP($M115,$B$64:$H$97,7,FALSE)) -> 0.95011783 | V115: =1-U115 -> 0.049882168 | X115: {=((X$102=$R115)*((13-$S115)/12)+(X$102>$R115))*$Q115*INDEX($J$13:$O$39,$N115-1999,X$102-2020)} -> 8589.9249 | Y115: {=((Y$102=$R115)*((13-$S115)/12)+(Y$102>$R115))*$Q115*INDEX($J$13:$O$39,$N115-1999,Y$102-2020)} -> 9595.7271 | Z115: {=((Z$102=$R115)*((13-$S115)/12)+(Z$102>$R115))*$Q115*INDEX($J$13:$O$39,$N115-1999,Z$102-2020)} -> 10747.214 | AA115: {=((AA$102=$R115)*((13-$S115)/12)+(AA$102>$R115))*$Q115*INDEX($J$13:$O$39,$N115-1999,AA$102-2020)} -> 11069.631 | AB115: {=((AB$102=$R115)*((13-$S115)/12)+(AB$102>$R115))*$Q115*INDEX($J$13:$O$39,$N115-1999,AB$102-2020)} -> 11468.137 | AC115: {=((AC$102=$R115)*((13-$S115)/12)+(AC$102>$R115))*$Q115*INDEX($J$13:$O$39,$N115-1999,AC$102-2020)} -> 11789.245
... B514: ='13. Input desinvesteringen'!B427 -> 411 | J514: ='13. Input desinvesteringen'!C427 -> Transport | K514: ='13. Input desinvesteringen'!D427 -> HS | L514: ='13. Input desinvesteringen'!E427 -> Nee | M514: ='13. Input desinvesteringen'!F427 -> Hoogspanningskabels | N514: ='13. Input desinvesteringen'!G427 -> 2014 | Q514: ='13. Input desinvesteringen'!H427 -> 14 | R514: ='13. Input desinvesteringen'!I427 -> 2025 | S514: ='13. Input desinvesteringen'!J427 -> 7 | U514: =(J514="Transport")*(L514="Nee")*(VLOOKUP($M514,$B$64:$H$97,7,FALSE)) -> 1 | V514: =1-U514 -> 0 | X514: {=((X$102=$R514)*((13-$S514)/12)+(X$102>$R514))*$Q514*INDEX($J$13:$O$39,$N514-1999,X$102-2020)} -> 0 | Y514: {=((Y$102=$R514)*((13-$S514)/12)+(Y$102>$R514))*$Q514*INDEX($J$13:$O$39,$N514-1999,Y$102-2020)} -> 0 | Z514: {=((Z$102=$R514)*((13-$S514)/12)+(Z$102>$R514))*$Q514*INDEX($J$13:$O$39,$N514-1999,Z$102-2020)} -> 0 | AA514: {=((AA$102=$R514)*((13-$S514)/12)+(AA$102>$R514))*$Q514*INDEX($J$13:$O$39,$N514-1999,AA$102-2020)} -> 0 | AB514: {=((AB$102=$R514)*((13-$S514)/12)+(AB$102>$R514))*$Q514*INDEX($J$13:$O$39,$N514-1999,AB$102-2020)} -> 9.3658869 | AC514: {=((AC$102=$R514)*((13-$S514)/12)+(AC$102>$R514))*$Q514*INDEX($J$13:$O$39,$N514-1999,AC$102-2020)} -> 19.256263
B516: Reële aanschafwaarden desinvesteringen | J516: 2021 | K516: 2022 | L516: 2023 | M516: 2024 | N516: 2025 | O516: 2026
B518: Reële aanschafwaarde desinvesteringen van jaar ... EHS binnen scope
B519: 2021 | F519: EUR, pp jaar | K519: {=SUMPRODUCT(($K$104:$K$514="EHS")*($J$104:$J$514="Transport")*($R$104:$R$514=$B519)*$U$104:$U$514*Y$104:Y$514)} -> 1980012.1 | L519: {=SUMPRODUCT(($K$104:$K$514="EHS")*($J$104:$J$514="Transport")*($R$104:$R$514=$B519)*$U$104:$U$514*Z$104:Z$514)} -> 2217613.5 | M519: {=SUMPRODUCT(($K$104:$K$514="EHS")*($J$104:$J$514="Transport")*($R$104:$R$514=$B519)*$U$104:$U$514*AA$104:AA$514)} -> 2284141.9 | N519: {=SUMPRODUCT(($K$104:$K$514="EHS")*($J$104:$J$514="Transport")*($R$104:$R$514=$B519)*$U$104:$U$514*AB$104:AB$514)} -> 2366371.1 | O519: {=SUMPRODUCT(($K$104:$K$514="EHS")*($J$104:$J$514="Transport")*($R$104:$R$514=$B519)*$U$104:$U$514*AC$104:AC$514)} -> 2432629.4
B520: 2022 | F520: EUR, pp jaar | K520: {=SUMPRODUCT(($K$104:$K$514="EHS")*($J$104:$J$514="Transport")*($R$104:$R$514=$B520)*$U$104:$U$514*Y$104:Y$514)} -> 4851845.7 | L520: {=SUMPRODUCT(($K$104:$K$514="EHS")*($J$104:$J$514="Transport")*($R$104:$R$514=$B520)*$U$104:$U$514*Z$104:Z$514)} -> 11779774 | M520: {=SUMPRODUCT(($K$104:$K$514="EHS")*($J$104:$J$514="Transport")*($R$104:$R$514=$B520)*$U$104:$U$514*AA$104:AA$514)} -> 12133167 | N520: {=SUMPRODUCT(($K$104:$K$514="EHS")*($J$104:$J$514="Transport")*($R$104:$R$514=$B520)*$U$104:$U$514*AB$104:AB$514)} -> 12569961 | O520: {=SUMPRODUCT(($K$104:$K$514="EHS")*($J$104:$J$514="Transport")*($R$104:$R$514=$B520)*$U$104:$U$514*AC$104:AC$514)} -> 12921920
B521: 2023 | F521: EUR, pp jaar | L521: {=SUMPRODUCT(($K$104:$K$514="EHS")*($J$104:$J$514="Transport")*($R$104:$R$514=$B521)*$U$104:$U$514*Z$104:Z$514)} -> 33066730 | M521: {=SUMPRODUCT(($K$104:$K$514="EHS")*($J$104:$J$514="Transport")*($R$104:$R$514=$B521)*$U$104:$U$514*AA$104:AA$514)} -> 45146974 | N521: {=SUMPRODUCT(($K$104:$K$514="EHS")*($J$104:$J$514="Transport")*($R$104:$R$514=$B521)*$U$104:$U$514*AB$104:AB$514)} -> 46772265 | O521: {=SUMPRODUCT(($K$104:$K$514="EHS")*($J$104:$J$514="Transport")*($R$104:$R$514=$B521)*$U$104:$U$514*AC$104:AC$514)} -> 48081888
B522: 2024 | F522: EUR, pp jaar | M522: {=SUMPRODUCT(($K$104:$K$514="EHS")*($J$104:$J$514="Transport")*($R$104:$R$514=$B522)*$U$104:$U$514*AA$104:AA$514)} -> 25635717 | N522: {=SUMPRODUCT(($K$104:$K$514="EHS")*($J$104:$J$514="Transport")*($R$104:$R$514=$B522)*$U$104:$U$514*AB$104:AB$514)} -> 57670128 | O522: {=SUMPRODUCT(($K$104:$K$514="EHS")*($J$104:$J$514="Transport")*($R$104:$R$514=$B522)*$U$104:$U$514*AC$104:AC$514)} -> 59284892
B523: 2025 | F523: EUR, pp jaar | N523: {=SUMPRODUCT(($K$104:$K$514="EHS")*($J$104:$J$514="Transport")*($R$104:$R$514=$B523)*$U$104:$U$514*AB$104:AB$514)} -> 10276933 | O523: {=SUMPRODUCT(($K$104:$K$514="EHS")*($J$104:$J$514="Transport")*($R$104:$R$514=$B523)*$U$104:$U$514*AC$104:AC$514)} -> 21069968
B525: Reële aanschafwaarde desinvesteringen van jaar ... EHS buiten scope
B526: 2021 | F526: EUR, pp jaar | K526: {=SUMPRODUCT(($K$104:$K$514="EHS")*($J$104:$J$514="Transport")*($R$104:$R$514=$B526)*$V$104:$V$514*Y$104:Y$514)} -> 19801.451 | L526: {=SUMPRODUCT(($K$104:$K$514="EHS")*($J$104:$J$514="Transport")*($R$104:$R$514=$B526)*$V$104:$V$514*Z$104:Z$514)} -> 22177.625 | M526: {=SUMPRODUCT(($K$104:$K$514="EHS")*($J$104:$J$514="Transport")*($R$104:$R$514=$B526)*$V$104:$V$514*AA$104:AA$514)} -> 22842.954 | N526: {=SUMPRODUCT(($K$104:$K$514="EHS")*($J$104:$J$514="Transport")*($R$104:$R$514=$B526)*$V$104:$V$514*AB$104:AB$514)} -> 23665.3 | O526: {=SUMPRODUCT(($K$104:$K$514="EHS")*($J$104:$J$514="Transport")*($R$104:$R$514=$B526)*$V$104:$V$514*AC$104:AC$514)} -> 24327.929
B527: 2022 | F527: EUR, pp jaar | K527: {=SUMPRODUCT(($K$104:$K$514="EHS")*($J$104:$J$514="Transport")*($R$104:$R$514=$B527)*$V$104:$V$514*Y$104:Y$514)} -> 335973.33 | L527: {=SUMPRODUCT(($K$104:$K$514="EHS")*($J$104:$J$514="Transport")*($R$104:$R$514=$B527)*$V$104:$V$514*Z$104:Z$514)} -> 596160.53 | M527: {=SUMPRODUCT(($K$104:$K$514="EHS")*($J$104:$J$514="Transport")*($R$104:$R$514=$B527)*$V$104:$V$514*AA$104:AA$514)} -> 614045.34 | N527: {=SUMPRODUCT(($K$104:$K$514="EHS")*($J$104:$J$514="Transport")*($R$104:$R$514=$B527)*$V$104:$V$514*AB$104:AB$514)} -> 636150.98 | O527: {=SUMPRODUCT(($K$104:$K$514="EHS")*($J$104:$J$514="Transport")*($R$104:$R$514=$B527)*$V$104:$V$514*AC$104:AC$514)} -> 653963.2
B528: 2023 | F528: EUR, pp jaar | L528: {=SUMPRODUCT(($K$104:$K$514="EHS")*($J$104:$J$514="Transport")*($R$104:$R$514=$B528)*$V$104:$V$514*Z$104:Z$514)} -> 6828744.9 | M528: {=SUMPRODUCT(($K$104:$K$514="EHS")*($J$104:$J$514="Transport")*($R$104:$R$514=$B528)*$V$104:$V$514*AA$104:AA$514)} -> 7309316.7 | N528: {=SUMPRODUCT(($K$104:$K$514="EHS")*($J$104:$J$514="Transport")*($R$104:$R$514=$B528)*$V$104:$V$514*AB$104:AB$514)} -> 7572452.1 | O528: {=SUMPRODUCT(($K$104:$K$514="EHS")*($J$104:$J$514="Transport")*($R$104:$R$514=$B528)*$V$104:$V$514*AC$104:AC$514)} -> 7784480.7
B529: 2024 | F529: EUR, pp jaar | M529: {=SUMPRODUCT(($K$104:$K$514="EHS")*($J$104:$J$514="Transport")*($R$104:$R$514=$B529)*$V$104:$V$514*AA$104:AA$514)} -> 647104.03 | N529: {=SUMPRODUCT(($K$104:$K$514="EHS")*($J$104:$J$514="Transport")*($R$104:$R$514=$B529)*$V$104:$V$514*AB$104:AB$514)} -> 1446846.1 | O529: {=SUMPRODUCT(($K$104:$K$514="EHS")*($J$104:$J$514="Transport")*($R$104:$R$514=$B529)*$V$104:$V$514*AC$104:AC$514)} -> 1487357.8
B530: 2025 | F530: EUR, pp jaar | N530: {=SUMPRODUCT(($K$104:$K$514="EHS")*($J$104:$J$514="Transport")*($R$104:$R$514=$B530)*$V$104:$V$514*AB$104:AB$514)} -> 327012.43 | O530: {=SUMPRODUCT(($K$104:$K$514="EHS")*($J$104:$J$514="Transport")*($R$104:$R$514=$B530)*$V$104:$V$514*AC$104:AC$514)} -> 482756.49
B532: Reële aanschafwaarde desinvesteringen van jaar ... HS binnen scope
B533: 2021 | F533: EUR, pp jaar | K533: {=SUMPRODUCT(($K$104:$K$514="HS")*($J$104:$J$514="Transport")*($R$104:$R$514=$B533)*$U$104:$U$514*Y$104:Y$514)} -> 20473512 | L533: {=SUMPRODUCT(($K$104:$K$514="HS")*($J$104:$J$514="Transport")*($R$104:$R$514=$B533)*$U$104:$U$514*Z$104:Z$514)} -> 22930333 | M533: {=SUMPRODUCT(($K$104:$K$514="HS")*($J$104:$J$514="Transport")*($R$104:$R$514=$B533)*$U$104:$U$514*AA$104:AA$514)} -> 23618243 | N533: {=SUMPRODUCT(($K$104:$K$514="HS")*($J$104:$J$514="Transport")*($R$104:$R$514=$B533)*$U$104:$U$514*AB$104:AB$514)} -> 24468500 | O533: {=SUMPRODUCT(($K$104:$K$514="HS")*($J$104:$J$514="Transport")*($R$104:$R$514=$B533)*$U$104:$U$514*AC$104:AC$514)} -> 25153618
B534: 2022 | F534: EUR, pp jaar | K534: {=SUMPRODUCT(($K$104:$K$514="HS")*($J$104:$J$514="Transport")*($R$104:$R$514=$B534)*$U$104:$U$514*Y$104:Y$514)} -> 2868196.6 | L534: {=SUMPRODUCT(($K$104:$K$514="HS")*($J$104:$J$514="Transport")*($R$104:$R$514=$B534)*$U$104:$U$514*Z$104:Z$514)} -> 33295398 | M534: {=SUMPRODUCT(($K$104:$K$514="HS")*($J$104:$J$514="Transport")*($R$104:$R$514=$B534)*$U$104:$U$514*AA$104:AA$514)} -> 34294260 | N534: {=SUMPRODUCT(($K$104:$K$514="HS")*($J$104:$J$514="Transport")*($R$104:$R$514=$B534)*$U$104:$U$514*AB$104:AB$514)} -> 35528854 | O534: {=SUMPRODUCT(($K$104:$K$514="HS")*($J$104:$J$514="Transport")*($R$104:$R$514=$B534)*$U$104:$U$514*AC$104:AC$514)} -> 36523661
B535: 2023 | F535: EUR, pp jaar | L535: {=SUMPRODUCT(($K$104:$K$340="HS")*($J$104:$J$340="Transport")*($R$104:$R$340=$B535)*$U$104:$U$340*Z$104:Z$340)} -> 9026665.3 | M535: {=SUMPRODUCT(($K$104:$K$514="HS")*($J$104:$J$514="Transport")*($R$104:$R$514=$B535)*$U$104:$U$514*AA$104:AA$514)} -> 25017967 | N535: {=SUMPRODUCT(($K$104:$K$514="HS")*($J$104:$J$514="Transport")*($R$104:$R$514=$B535)*$U$104:$U$514*AB$104:AB$514)} -> 25918614 | O535: {=SUMPRODUCT(($K$104:$K$514="HS")*($J$104:$J$514="Transport")*($R$104:$R$514=$B535)*$U$104:$U$514*AC$104:AC$514)} -> 26644335
B536: 2024 | F536: EUR, pp jaar | M536: {=SUMPRODUCT(($K$104:$K$514="HS")*($J$104:$J$514="Transport")*($R$104:$R$514=$B536)*$U$104:$U$514*AA$104:AA$514)} -> 8394954.5 | N536: {=SUMPRODUCT(($K$104:$K$514="HS")*($J$104:$J$514="Transport")*($R$104:$R$514=$B536)*$U$104:$U$514*AB$104:AB$514)} -> 22061888 | O536: {=SUMPRODUCT(($K$104:$K$514="HS")*($J$104:$J$514="Transport")*($R$104:$R$514=$B536)*$U$104:$U$514*AC$104:AC$514)} -> 22679620
B537: 2025 | F537: EUR, pp jaar | N537: {=SUMPRODUCT(($K$104:$K$514="HS")*($J$104:$J$514="Transport")*($R$104:$R$514=$B537)*$U$104:$U$514*AB$104:AB$514)} -> 5866085 | O537: {=SUMPRODUCT(($K$104:$K$514="HS")*($J$104:$J$514="Transport")*($R$104:$R$514=$B537)*$U$104:$U$514*AC$104:AC$514)} -> 16232869
B539: Reële aanschafwaarde desinvesteringen van jaar ... HS buiten scope
B540: 2021 | F540: EUR, pp jaar | K540: {=SUMPRODUCT(($K$104:$K$514="HS")*($J$104:$J$514="Transport")*($R$104:$R$514=$B540)*$V$104:$V$514*Y$104:Y$514)} -> 818006.88 | L540: {=SUMPRODUCT(($K$104:$K$514="HS")*($J$104:$J$514="Transport")*($R$104:$R$514=$B540)*$V$104:$V$514*Z$104:Z$514)} -> 916167.71 | M540: {=SUMPRODUCT(($K$104:$K$514="HS")*($J$104:$J$514="Transport")*($R$104:$R$514=$B540)*$V$104:$V$514*AA$104:AA$514)} -> 943652.74 | N540: {=SUMPRODUCT(($K$104:$K$514="HS")*($J$104:$J$514="Transport")*($R$104:$R$514=$B540)*$V$104:$V$514*AB$104:AB$514)} -> 977624.24 | O540: {=SUMPRODUCT(($K$104:$K$514="HS")*($J$104:$J$514="Transport")*($R$104:$R$514=$B540)*$V$104:$V$514*AC$104:AC$514)} -> 1004997.7
B541: 2022 | F541: EUR, pp jaar | K541: {=SUMPRODUCT(($K$104:$K$514="HS")*($J$104:$J$514="Transport")*($R$104:$R$514=$B541)*$V$104:$V$514*Y$104:Y$514)} -> 299630.06 | L541: {=SUMPRODUCT(($K$104:$K$514="HS")*($J$104:$J$514="Transport")*($R$104:$R$514=$B541)*$V$104:$V$514*Z$104:Z$514)} -> 1850033.2 | M541: {=SUMPRODUCT(($K$104:$K$514="HS")*($J$104:$J$514="Transport")*($R$104:$R$514=$B541)*$V$104:$V$514*AA$104:AA$514)} -> 1905534.2 | N541: {=SUMPRODUCT(($K$104:$K$514="HS")*($J$104:$J$514="Transport")*($R$104:$R$514=$B541)*$V$104:$V$514*AB$104:AB$514)} -> 1974133.4 | O541: {=SUMPRODUCT(($K$104:$K$514="HS")*($J$104:$J$514="Transport")*($R$104:$R$514=$B541)*$V$104:$V$514*AC$104:AC$514)} -> 2029409.2
B542: 2023 | F542: EUR, pp jaar | L542: {=SUMPRODUCT(($K$104:$K$514="HS")*($J$104:$J$514="Transport")*($R$104:$R$514=$B542)*$V$104:$V$514*Z$104:Z$514)} -> 408417.77 | M542: {=SUMPRODUCT(($K$104:$K$514="HS")*($J$104:$J$514="Transport")*($R$104:$R$514=$B542)*$V$104:$V$514*AA$104:AA$514)} -> 1215994.7 | N542: {=SUMPRODUCT(($K$104:$K$514="HS")*($J$104:$J$514="Transport")*($R$104:$R$514=$B542)*$V$104:$V$514*AB$104:AB$514)} -> 1259770.5 | O542: {=SUMPRODUCT(($K$104:$K$514="HS")*($J$104:$J$514="Transport")*($R$104:$R$514=$B542)*$V$104:$V$514*AC$104:AC$514)} -> 1295044.1
B543: 2024 | F543: EUR, pp jaar | M543: {=SUMPRODUCT(($K$104:$K$514="HS")*($J$104:$J$514="Transport")*($R$104:$R$514=$B543)*$V$104:$V$514*AA$104:AA$514)} -> 1237910.8 | N543: {=SUMPRODUCT(($K$104:$K$514="HS")*($J$104:$J$514="Transport")*($R$104:$R$514=$B543)*$V$104:$V$514*AB$104:AB$514)} -> 2548622.7 | O543: {=SUMPRODUCT(($K$104:$K$514="HS")*($J$104:$J$514="Transport")*($R$104:$R$514=$B543)*$V$104:$V$514*AC$104:AC$514)} -> 2619984.1
B544: 2025 | F544: EUR, pp jaar | N544: {=SUMPRODUCT(($K$104:$K$514="HS")*($J$104:$J$514="Transport")*($R$104:$R$514=$B544)*$V$104:$V$514*AB$104:AB$514)} -> 868626.68 | O544: {=SUMPRODUCT(($K$104:$K$514="HS")*($J$104:$J$514="Transport")*($R$104:$R$514=$B544)*$V$104:$V$514*AC$104:AC$514)} -> 1938387.2
B546: Reële aanschafwaarde desinvesteringen van jaar ... Systeem
B547: 2021 | F547: EUR, pp jaar | K547: {=SUMPRODUCT(($J$104:$J$514="Systeem")*($R$104:$R$514=$B547)*$V$104:$V$514*Y$104:Y$514)} -> 704648.55 | L547: {=SUMPRODUCT(($J$104:$J$514="Systeem")*($R$104:$R$514=$B547)*$V$104:$V$514*Z$104:Z$514)} -> 789206.38 | M547: {=SUMPRODUCT(($J$104:$J$514="Systeem")*($R$104:$R$514=$B547)*$V$104:$V$514*AA$104:AA$514)} -> 812882.57 | N547: {=SUMPRODUCT(($J$104:$J$514="Systeem")*($R$104:$R$514=$B547)*$V$104:$V$514*AB$104:AB$514)} -> 842146.34 | O547: {=SUMPRODUCT(($J$104:$J$514="Systeem")*($R$104:$R$514=$B547)*$V$104:$V$514*AC$104:AC$514)} -> 865726.44
B548: 2022 | F548: EUR, pp jaar | K548: {=SUMPRODUCT(($J$104:$J$514="Systeem")*($R$104:$R$514=$B548)*$V$104:$V$514*Y$104:Y$514)} -> 315281.15 | L548: {=SUMPRODUCT(($J$104:$J$514="Systeem")*($R$104:$R$514=$B548)*$V$104:$V$514*Z$104:Z$514)} -> 3479237.3 | M548: {=SUMPRODUCT(($J$104:$J$514="Systeem")*($R$104:$R$514=$B548)*$V$104:$V$514*AA$104:AA$514)} -> 3583614.5 | N548: {=SUMPRODUCT(($J$104:$J$514="Systeem")*($R$104:$R$514=$B548)*$V$104:$V$514*AB$104:AB$514)} -> 3712624.6 | O548: {=SUMPRODUCT(($J$104:$J$514="Systeem")*($R$104:$R$514=$B548)*$V$104:$V$514*AC$104:AC$514)} -> 3816578.1
...

Sheet 20. Correctie bijschatten
B2: Tabblad 20 - Correctie investeringen met afschrijvingstermijn > 10 jaar
B4: Beschrijving berekening
B5: Op dit tabblad berekent de ACM het verschil tussen de geschatte efficiënte kosten (kapitaalkosten en operationele kosten) in het gewijzigde X-factormodel transporttaken TenneT 2022-2026 en de herrekende geschatte efficiënte kosten (kapitaalkosten en operationele kosten) in de update van het gewijzigde X-factormodel transporttaken TenneT 2022-2026 a.g.v. de gerealiseerde investeringen met een afschrijvingstermijn langer dan 10 jaar. In de update van het gewijzigde X-factormodel is de input overgenomen uit een update van de gewijzigde GAW-berekening waarbij bijgeschatte investeringen met een afschrijvingstermijn langer dan 10 jaar in 2021 t/m 2025 vervangen zijn door de gerealiseerde investeringen met een afschrijvingstermijn langer dan 10 jaar in 2021 t/m 2025. Ook voor de correctie voor systeemtaken wordt deze werkwijze gevolgd, maar dan via de update van de gewijzigde doelmatigheidsfactorberekening.
B7: Toelichting bij bijzonderheden
B8: - De kapitaalkosten a.g.v. de in 2022 gevormde ARO voor de NorNed-kabel worden apart berekend. In de berekeningen in het X-factormodel wordt namelijk ook rekening gehouden met veranderingen van de operationele kosten a.g.v. de gerealiseerde investeringen. Het vormen van ARO leidt niet tot operationele kosten, maar uitsluitend tot kapitaalkosten. De ACM voegt deze apart berekende kapitaalkosten voor de ARO voor de NorNed-kabel toe aan de tariefcorrectie bijgeschatte investeringen. - In de tarievenbesluiten 2023 t/m 2026 hebben al tariefcorrecties plaatsgevonden voor het verschil in de efficiënte kosten in de jaren 2022 t/m 2026 a.g.v. de gerealiseerde investeringen in 2021 t/m 2024. Deze verschillen worden daarom niet meegenomen in de berekening van de tariefcorrecties voor de tarieven 2027.
B10: Omschrijving | F10: Eenheid | H10: Constante | J10: Rijtotaal | L10: 2000 | M10: 2001 | N10: 2002 | O10: 2003 | P10: 2004 | Q10: 2005 | R10: 2006 | S10: 2007 | T10: 2008 | U10: 2009 | V10: 2010 | W10: 2011 | X10: 2012 | Y10: 2013 | Z10: 2014 | AA10: 2015 | AB10: 2016 | AC10: 2017 | AD10: 2018 | AE10: 2019 | AF10: 2020 | AG10: 2021 | AH10: 2022 | AI10: 2023 | AJ10: 2024 | AK10: 2025 | AL10: 2026 | AM10: 2027 | AO10: Opmerking
B13: Ophalen gegevens voor berekening
B15: Statische efficiëntieparameter
B16: Thèta | F16: % | AH16: ='9. Parameters'!AH38 -> 1 | AI16: ='9. Parameters'!AI38 -> 1 | AJ16: ='9. Parameters'!AJ38 -> 1 | AK16: ='9. Parameters'!AK38 -> 1 | AL16: ='9. Parameters'!AL38 -> 1
B18: Reëel-plus WACC uit het methodebesluit
B19: Reeël-plus WACC nieuw vermogen uit MB (voor belasting) | F19: % | AH19: ='9. Parameters'!AH43 -> 0.022 | AI19: ='9. Parameters'!AI43 -> 0.022 | AJ19: ='9. Parameters'!AJ43 -> 0.027 | AK19: ='9. Parameters'!AK43 -> 0.027 | AL19: ='9. Parameters'!AL43 -> 0.027
B21: Indexatiefactor 2022-2026
B22: Indexatiefactor 2022-2026 | F22: % | H22: ='9. Parameters'!H16 -> 0.009
B24: Rentepercentage tariefcorrecties
B25: 1 + rentepercentage van ... naar 2027 | F25: 1+% | AH25: ='16. Berekening parameters'!AM87 -> 1.2817028 | AI25: ='16. Berekening parameters'!AM88 -> 1.2444303 | AJ25: ='16. Berekening parameters'!AM89 -> 1.168492 | AK25: ='16. Berekening parameters'!AM90 -> 1.0971877 | AL25: ='16. Berekening parameters'!AM91 -> 1.044988
B27: Verwachte kosten o.b.v. bijgeschatte investeringen EHS
B28: Verwachte kapitaalkosten bijschatten EHS binnen scope | F28: EUR, pp jaar | AH28: ='10. Brondata'!AH66 -> 3956909.8 | AI28: ='10. Brondata'!AI66 -> 6252842.2 | AJ28: ='10. Brondata'!AJ66 -> 9323114.5 | AK28: ='10. Brondata'!AK66 -> 11867311 | AL28: ='10. Brondata'!AL66 -> 14228133
B29: Verandering operationele kosten door bijgeschatte investeringen EHS binnen scope in 2021 | F29: EUR, pp jaar | AH29: ='10. Brondata'!AH67 -> 376893.98 | AI29: ='10. Brondata'!AI67 -> 381759.69 | AJ29: ='10. Brondata'!AJ67 -> 386688.2 | AK29: ='10. Brondata'!AK67 -> 391680.35 | AL29: ='10. Brondata'!AL67 -> 396736.94
B30: Verandering operationele kosten door bijgeschatte investeringen EHS binnen scope in 2022 | F30: EUR, pp jaar | AH30: ='10. Brondata'!AH68 -> 188446.99 | AI30: ='10. Brondata'!AI68 -> 381759.69 | AJ30: ='10. Brondata'!AJ68 -> 386688.2 | AK30: ='10. Brondata'!AK68 -> 391680.35 | AL30: ='10. Brondata'!AL68 -> 396736.94
B31: Verandering operationele kosten door bijgeschatte investeringen EHS binnen scope in 2023 | F31: EUR, pp jaar | AI31: ='10. Brondata'!AI69 -> 190879.84 | AJ31: ='10. Brondata'!AJ69 -> 386688.2 | AK31: ='10. Brondata'!AK69 -> 391680.35 | AL31: ='10. Brondata'!AL69 -> 396736.94
B32: Verandering operationele kosten door bijgeschatte investeringen EHS binnen scope in 2024 | F32: EUR, pp jaar | AJ32: ='10. Brondata'!AJ70 -> 193344.1 | AK32: ='10. Brondata'!AK70 -> 391680.35 | AL32: ='10. Brondata'!AL70 -> 396736.94
B33: Verandering operationele kosten door bijgeschatte investeringen EHS binnen scope in 2025 | F33: EUR, pp jaar | AK33: ='10. Brondata'!AK71 -> 195840.17 | AL33: ='10. Brondata'!AL71 -> 396736.94
B35: Verwachte kapitaalkosten bijschatten EHS buiten scope | F35: EUR, pp jaar | AH35: ='10. Brondata'!AH73 -> 1826202.7 | AI35: ='10. Brondata'!AI73 -> 2876198.9 | AJ35: ='10. Brondata'!AJ73 -> 4308390.8 | AK35: ='10. Brondata'!AK73 -> 5482066.9 | AL35: ='10. Brondata'!AL73 -> 6514012.7
B36: Verandering operationele kosten door bijgeschatte investeringen EHS buiten scope in 2021 | F36: EUR, pp jaar | AH36: ='10. Brondata'!AH74 -> 184399.13 | AI36: ='10. Brondata'!AI74 -> 186779.72 | AJ36: ='10. Brondata'!AJ74 -> 189191.05 | AK36: ='10. Brondata'!AK74 -> 191633.5 | AL36: ='10. Brondata'!AL74 -> 194107.49
B37: Verandering operationele kosten door bijgeschatte investeringen EHS buiten scope in 2022 | F37: EUR, pp jaar | AH37: ='10. Brondata'!AH75 -> 92199.564 | AI37: ='10. Brondata'!AI75 -> 186779.72 | AJ37: ='10. Brondata'!AJ75 -> 189191.05 | AK37: ='10. Brondata'!AK75 -> 191633.5 | AL37: ='10. Brondata'!AL75 -> 194107.49
B38: Verandering operationele kosten door bijgeschatte investeringen EHS buiten scope in 2023 | F38: EUR, pp jaar | AI38: ='10. Brondata'!AI76 -> 93389.861 | AJ38: ='10. Brondata'!AJ76 -> 189191.05 | AK38: ='10. Brondata'!AK76 -> 191633.5 | AL38: ='10. Brondata'!AL76 -> 194107.49
B39: Verandering operationele kosten door bijgeschatte investeringen EHS buiten scope in 2024 | F39: EUR, pp jaar | AJ39: ='10. Brondata'!AJ77 -> 94595.524 | AK39: ='10. Brondata'!AK77 -> 191633.5 | AL39: ='10. Brondata'!AL77 -> 194107.49
B40: Verandering operationele kosten door bijgeschatte investeringen EHS buiten scope in 2025 | F40: EUR, pp jaar | AK40: ='10. Brondata'!AK78 -> 95816.752 | AL40: ='10. Brondata'!AL78 -> 194107.49
B42: Verwachte kosten o.b.v. bijgeschatte investeringen HS
B43: Verwachte kapitaalkosten bijschatten HS binnen scope | F43: EUR, pp jaar | AH43: ='10. Brondata'!AH81 -> 17629824 | AI43: ='10. Brondata'!AI81 -> 27629471 | AJ43: ='10. Brondata'!AJ81 -> 41671476 | AK43: ='10. Brondata'!AK81 -> 52994432 | AL43: ='10. Brondata'!AL81 -> 63754633
B44: Verandering operationele kosten door bijgeschatte investeringen HS binnen scope in 2021 | F44: EUR, pp jaar | AH44: ='10. Brondata'!AH82 -> 1928713.3 | AI44: ='10. Brondata'!AI82 -> 1953613 | AJ44: ='10. Brondata'!AJ82 -> 1978834.2 | AK44: ='10. Brondata'!AK82 -> 2004380.9 | AL44: ='10. Brondata'!AL82 -> 2030257.5
B45: Verandering operationele kosten door bijgeschatte investeringen HS binnen scope in 2022 | F45: EUR, pp jaar | AH45: ='10. Brondata'!AH83 -> 964356.67 | AI45: ='10. Brondata'!AI83 -> 1953613 | AJ45: ='10. Brondata'!AJ83 -> 1978834.2 | AK45: ='10. Brondata'!AK83 -> 2004380.9 | AL45: ='10. Brondata'!AL83 -> 2030257.5
B46: Verandering operationele kosten door bijgeschatte investeringen HS binnen scope in 2023 | F46: EUR, pp jaar | AI46: ='10. Brondata'!AI84 -> 976806.52 | AJ46: ='10. Brondata'!AJ84 -> 1978834.2 | AK46: ='10. Brondata'!AK84 -> 2004380.9 | AL46: ='10. Brondata'!AL84 -> 2030257.5
B47: Verandering operationele kosten door bijgeschatte investeringen HS binnen scope in 2024 | F47: EUR, pp jaar | AJ47: ='10. Brondata'!AJ85 -> 989417.09 | AK47: ='10. Brondata'!AK85 -> 2004380.9 | AL47: ='10. Brondata'!AL85 -> 2030257.5
B48: Verandering operationele kosten door bijgeschatte investeringen HS binnen scope in 2025 | F48: EUR, pp jaar | AK48: ='10. Brondata'!AK86 -> 1002190.5 | AL48: ='10. Brondata'!AL86 -> 2030257.5
B50: Verwachte kapitaalkosten bijschatten HS buiten scope | F50: EUR, pp jaar | AH50: ='10. Brondata'!AH88 -> 3782556.4 | AI50: ='10. Brondata'!AI88 -> 6021196.3 | AJ50: ='10. Brondata'!AJ88 -> 8886956.5 | AK50: ='10. Brondata'!AK88 -> 11321452 | AL50: ='10. Brondata'!AL88 -> 13298325
B51: Verandering operationele kosten door bijgeschatte investeringen HS buiten scope in 2021 | F51: EUR, pp jaar | AH51: ='10. Brondata'!AH89 -> 312650.49 | AI51: ='10. Brondata'!AI89 -> 316686.81 | AJ51: ='10. Brondata'!AJ89 -> 320775.24 | AK51: ='10. Brondata'!AK89 -> 324916.45 | AL51: ='10. Brondata'!AL89 -> 329111.12
B52: Verandering operationele kosten door bijgeschatte investeringen HS buiten scope in 2022 | F52: EUR, pp jaar | AH52: ='10. Brondata'!AH90 -> 156325.25 | AI52: ='10. Brondata'!AI90 -> 316686.81 | AJ52: ='10. Brondata'!AJ90 -> 320775.24 | AK52: ='10. Brondata'!AK90 -> 324916.45 | AL52: ='10. Brondata'!AL90 -> 329111.12
B53: Verandering operationele kosten door bijgeschatte investeringen HS buiten scope in 2023 | F53: EUR, pp jaar | AI53: ='10. Brondata'!AI91 -> 158343.41 | AJ53: ='10. Brondata'!AJ91 -> 320775.24 | AK53: ='10. Brondata'!AK91 -> 324916.45 | AL53: ='10. Brondata'!AL91 -> 329111.12
B54: Verandering operationele kosten door bijgeschatte investeringen HS buiten scope in 2024 | F54: EUR, pp jaar | AJ54: ='10. Brondata'!AJ92 -> 160387.62 | AK54: ='10. Brondata'!AK92 -> 324916.45 | AL54: ='10. Brondata'!AL92 -> 329111.12
B55: Verandering operationele kosten door bijgeschatte investeringen HS buiten scope in 2025 | F55: EUR, pp jaar | AK55: ='10. Brondata'!AK93 -> 162458.22 | AL55: ='10. Brondata'!AL93 -> 329111.12
B57: Verwachte kosten o.b.v. bijgeschatte investeringen systeem
B58: Verwachte kapitaalkosten bijschatten systeem | F58: EUR, pp jaar | AH58: ='10. Brondata'!AH96 -> 7048454.1 | AI58: ='10. Brondata'!AI96 -> 11549405 | AJ58: ='10. Brondata'!AJ96 -> 16339121 | AK58: ='10. Brondata'!AK96 -> 20885891 | AL58: ='10. Brondata'!AL96 -> 23323972
B59: Verandering operationele kosten door bijgeschatte investeringen systeem in 2021 | F59: EUR, pp jaar | AH59: ='10. Brondata'!AH97 -> 209865.12 | AI59: ='10. Brondata'!AI97 -> 212574.48 | AJ59: ='10. Brondata'!AJ97 -> 215318.82 | AK59: ='10. Brondata'!AK97 -> 218098.58 | AL59: ='10. Brondata'!AL97 -> 220914.23
B60: Verandering operationele kosten door bijgeschatte investeringen systeem in 2022 | F60: EUR, pp jaar | AH60: ='10. Brondata'!AH98 -> 104932.56 | AI60: ='10. Brondata'!AI98 -> 212574.48 | AJ60: ='10. Brondata'!AJ98 -> 215318.82 | AK60: ='10. Brondata'!AK98 -> 218098.58 | AL60: ='10. Brondata'!AL98 -> 220914.23
B61: Verandering operationele kosten door bijgeschatte investeringen systeem in 2023 | F61: EUR, pp jaar | AI61: ='10. Brondata'!AI99 -> 106287.24 | AJ61: ='10. Brondata'!AJ99 -> 215318.82 | AK61: ='10. Brondata'!AK99 -> 218098.58 | AL61: ='10. Brondata'!AL99 -> 220914.23
B62: Verandering operationele kosten door bijgeschatte investeringen systeem in 2024 | F62: EUR, pp jaar | AJ62: ='10. Brondata'!AJ100 -> 107659.41 | AK62: ='10. Brondata'!AK100 -> 218098.58 | AL62: ='10. Brondata'!AL100 -> 220914.23
B63: Verandering operationele kosten door bijgeschatte investeringen systeem in 2025 | F63: EUR, pp jaar | AK63: ='10. Brondata'!AK101 -> 109049.29 | AL63: ='10. Brondata'!AL101 -> 220914.23
B65: Verwachte kosten o.b.v. gerealiseerde investeringen met afschrijvingstermijn > 10 jaar EHS
B66: Verwachte kapitaalkosten bijschatten EHS binnen scope o.b.v. gerealiseerde inv. 2021-2025 en bijgeschatte inv. 2026 | F66: EUR, pp jaar | AH66: ='10. Brondata'!AH104 -> 710312.77 | AI66: ='10. Brondata'!AI104 -> 1160911 | AJ66: ='10. Brondata'!AJ104 -> 1645171.5 | AK66: ='10. Brondata'!AK104 -> 2102688.2 | AL66: ='10. Brondata'!AL104 -> 3955918.7
B67: Verandering operationele kosten door gerealiseerde investeringen EHS binnen scope in 2021 | F67: EUR, pp jaar | AH67: ='10. Brondata'!AH105 -> 22862.757 | AI67: ='10. Brondata'!AI105 -> 23157.916 | AJ67: ='10. Brondata'!AJ105 -> 23456.884 | AK67: ='10. Brondata'!AK105 -> 23759.713 | AL67: ='10. Brondata'!AL105 -> 24066.451
B68: Verandering operationele kosten door gerealiseerde investeringen EHS binnen scope in 2022 | F68: EUR, pp jaar | AH68: ='10. Brondata'!AH106 -> 11431.379 | AI68: ='10. Brondata'!AI106 -> 23157.916 | AJ68: ='10. Brondata'!AJ106 -> 23456.884 | AK68: ='10. Brondata'!AK106 -> 23759.713 | AL68: ='10. Brondata'!AL106 -> 24066.451
B69: Verandering operationele kosten door gerealiseerde investeringen EHS binnen scope in 2023 | F69: EUR, pp jaar | AI69: ='10. Brondata'!AI107 -> 11578.958 | AJ69: ='10. Brondata'!AJ107 -> 23456.884 | AK69: ='10. Brondata'!AK107 -> 23759.713 | AL69: ='10. Brondata'!AL107 -> 24066.451
B70: Verandering operationele kosten door gerealiseerde investeringen EHS binnen scope in 2024 | F70: EUR, pp jaar | AJ70: ='10. Brondata'!AJ108 -> 11728.442 | AK70: ='10. Brondata'!AK108 -> 23759.713 | AL70: ='10. Brondata'!AL108 -> 24066.451
B71: Verandering operationele kosten door gerealiseerde investeringen EHS binnen scope in 2025 | F71: EUR, pp jaar | AK71: ='10. Brondata'!AK109 -> 11879.856 | AL71: ='10. Brondata'!AL109 -> 24066.451
B73: Verwachte kapitaalkosten bijschatten EHS buiten scope o.b.v. gerealiseerde inv. 2021-2025 en bijgeschatte inv. 2026 | F73: EUR, pp jaar | AH73: ='10. Brondata'!AH111 -> 4820374.3 | AI73: ='10. Brondata'!AI111 -> 13585750 | AJ73: ='10. Brondata'!AJ111 -> 27482477 | AK73: ='10. Brondata'!AK111 -> 38923830 | AL73: ='10. Brondata'!AL111 -> 43523036
B74: Verandering operationele kosten door gerealiseerde investeringen EHS buiten scope in 2021 | F74: EUR, pp jaar | AH74: ='10. Brondata'!AH112 -> 561610.05 | AI74: ='10. Brondata'!AI112 -> 568860.43 | AJ74: ='10. Brondata'!AJ112 -> 576204.42 | AK74: ='10. Brondata'!AK112 -> 583643.22 | AL74: ='10. Brondata'!AL112 -> 591178.05
B75: Verandering operationele kosten door gerealiseerde investeringen EHS buiten scope in 2022 | F75: EUR, pp jaar | AH75: ='10. Brondata'!AH113 -> 233540.69 | AI75: ='10. Brondata'!AI113 -> 467100.04 | AJ75: ='10. Brondata'!AJ113 -> 473130.3 | AK75: ='10. Brondata'!AK113 -> 479238.41 | AL75: ='10. Brondata'!AL113 -> 485425.38
B76: Verandering operationele kosten door gerealiseerde investeringen EHS buiten scope in 2023 | F76: EUR, pp jaar | AI76: ='10. Brondata'!AI114 -> 876363.66 | AJ76: ='10. Brondata'!AJ114 -> 2350763.9 | AK76: ='10. Brondata'!AK114 -> 2381112.3 | AL76: ='10. Brondata'!AL114 -> 2411852.4
B77: Verandering operationele kosten door gerealiseerde investeringen EHS buiten scope in 2024 | F77: EUR, pp jaar | AJ77: ='10. Brondata'!AJ115 -> 947793.33 | AK77: ='10. Brondata'!AK115 -> 2221860.6 | AL77: ='10. Brondata'!AL115 -> 2250544.8
B78: Verandering operationele kosten door gerealiseerde investeringen EHS buiten scope in 2025 | F78: EUR, pp jaar | AK78: ='10. Brondata'!AK116 -> 721454.78 | AL78: ='10. Brondata'!AL116 -> 2223186.7
B80: Verwachte kosten HS o.b.v. gerealiseerde investeringen met afschrijvingstermijn > 10 jaar HS
B81: Verwachte kapitaalkosten bijschatten HS binnen scope o.b.v. gerealiseerde inv. 2021-2025 en bijgeschatte inv. 2026 | F81: EUR, pp jaar | AH81: ='10. Brondata'!AH119 -> 2374050.5 | AI81: ='10. Brondata'!AI119 -> 3877726.4 | AJ81: ='10. Brondata'!AJ119 -> 5499144.8 | AK81: ='10. Brondata'!AK119 -> 7027926.1 | AL81: ='10. Brondata'!AL119 -> 15630638
B82: Verandering operationele kosten door gerealiseerde investeringen HS binnen scope in 2021 | F82: EUR, pp jaar | AH82: ='10. Brondata'!AH120 -> 78582.435 | AI82: ='10. Brondata'!AI120 -> 79596.935 | AJ82: ='10. Brondata'!AJ120 -> 80624.531 | AK82: ='10. Brondata'!AK120 -> 81665.394 | AL82: ='10. Brondata'!AL120 -> 82719.694
B83: Verandering operationele kosten door gerealiseerde investeringen HS binnen scope in 2022 | F83: EUR, pp jaar | AH83: ='10. Brondata'!AH121 -> 39291.218 | AI83: ='10. Brondata'!AI121 -> 79596.935 | AJ83: ='10. Brondata'!AJ121 -> 80624.531 | AK83: ='10. Brondata'!AK121 -> 81665.394 | AL83: ='10. Brondata'!AL121 -> 82719.694
B84: Verandering operationele kosten door gerealiseerde investeringen HS binnen scope in 2023 | F84: EUR, pp jaar | AI84: ='10. Brondata'!AI122 -> 39798.467 | AJ84: ='10. Brondata'!AJ122 -> 80624.531 | AK84: ='10. Brondata'!AK122 -> 81665.394 | AL84: ='10. Brondata'!AL122 -> 82719.694
B85: Verandering operationele kosten door gerealiseerde investeringen HS binnen scope in 2024 | F85: EUR, pp jaar | AJ85: ='10. Brondata'!AJ123 -> 40312.266 | AK85: ='10. Brondata'!AK123 -> 81665.394 | AL85: ='10. Brondata'!AL123 -> 82719.694
B86: Verandering operationele kosten door gerealiseerde investeringen HS binnen scope in 2025 | F86: EUR, pp jaar | AK86: ='10. Brondata'!AK124 -> 40832.697 | AL86: ='10. Brondata'!AL124 -> 82719.694
B88: Verwachte kapitaalkosten bijschatten HS buiten scope o.b.v. gerealiseerde inv. 2021-2025 en bijgeschatte inv. 2026 | F88: EUR, pp jaar | AH88: ='10. Brondata'!AH126 -> 13889268 | AI88: ='10. Brondata'!AI126 -> 28151959 | AJ88: ='10. Brondata'!AJ126 -> 51559437 | AK88: ='10. Brondata'!AK126 -> 80064175 | AL88: ='10. Brondata'!AL126 -> 87681438
B89: Verandering operationele kosten door gerealiseerde investeringen HS buiten scope in 2021 | F89: EUR, pp jaar | AH89: ='10. Brondata'!AH127 -> 1397228.5 | AI89: ='10. Brondata'!AI127 -> 1415266.7 | AJ89: ='10. Brondata'!AJ127 -> 1433537.8 | AK89: ='10. Brondata'!AK127 -> 1452044.8 | AL89: ='10. Brondata'!AL127 -> 1470790.7
B90: Verandering operationele kosten door gerealiseerde investeringen HS buiten scope in 2022 | F90: EUR, pp jaar | AH90: ='10. Brondata'!AH128 -> 466581.86 | AI90: ='10. Brondata'!AI128 -> 1876438.4 | AJ90: ='10. Brondata'!AJ128 -> 1900663.2 | AK90: ='10. Brondata'!AK128 -> 1925200.8 | AL90: ='10. Brondata'!AL128 -> 1950055.1
B91: Verandering operationele kosten door gerealiseerde investeringen HS buiten scope in 2023 | F91: EUR, pp jaar | AI91: ='10. Brondata'!AI129 -> 1384183.8 | AJ91: ='10. Brondata'!AJ129 -> 2750908 | AK91: ='10. Brondata'!AK129 -> 2786422.2 | AL91: ='10. Brondata'!AL129 -> 2822394.9
B92: Verandering operationele kosten door gerealiseerde investeringen HS buiten scope in 2024 | F92: EUR, pp jaar | AJ92: ='10. Brondata'!AJ130 -> 1775622.1 | AK92: ='10. Brondata'!AK130 -> 4448170 | AL92: ='10. Brondata'!AL130 -> 4505595.9
B93: Verandering operationele kosten door gerealiseerde investeringen HS buiten scope in 2025 | F93: EUR, pp jaar | AK93: ='10. Brondata'!AK131 -> 2086989.8 | AL93: ='10. Brondata'!AL131 -> 4525894.3
B95: Verwachte kosten systeem o.b.v. gerealiseerde investeringen met afschrijvingstermijn > 10 jaar systeem
B96: Verwachte kapitaalkosten bijschatten systeem o.b.v. gerealiseerde inv. 2021-2025 en bijgeschatte inv. 2026 | F96: EUR, pp jaar | AH96: ='10. Brondata'!AH134 -> 7269254.5 | AI96: ='10. Brondata'!AI134 -> 13368388 | AJ96: ='10. Brondata'!AJ134 -> 20516801 | AK96: ='10. Brondata'!AK134 -> 25526206 | AL96: ='10. Brondata'!AL134 -> 28559315
B97: Verandering operationele kosten door gerealiseerde investeringen systeem in 2021 | F97: EUR, pp jaar | AH97: ='10. Brondata'!AH135 -> 235479.51 | AI97: ='10. Brondata'!AI135 -> 238519.55 | AJ97: ='10. Brondata'!AJ135 -> 241598.84 | AK97: ='10. Brondata'!AK135 -> 244717.88 | AL97: ='10. Brondata'!AL135 -> 247877.19
B98: Verandering operationele kosten door gerealiseerde investeringen systeem in 2022 | F98: EUR, pp jaar | AH98: ='10. Brondata'!AH136 -> 104836.34 | AI98: ='10. Brondata'!AI136 -> 212379.55 | AJ98: ='10. Brondata'!AJ136 -> 215121.37 | AK98: ='10. Brondata'!AK136 -> 217898.58 | AL98: ='10. Brondata'!AL136 -> 220711.65
B99: Verandering operationele kosten door gerealiseerde investeringen systeem in 2023 | F99: EUR, pp jaar | AI99: ='10. Brondata'!AI137 -> 208480.44 | AJ99: ='10. Brondata'!AJ137 -> 652574.07 | AK99: ='10. Brondata'!AK137 -> 660998.8 | AL99: ='10. Brondata'!AL137 -> 669532.3
B100: Verandering operationele kosten door gerealiseerde investeringen systeem in 2024 | F100: EUR, pp jaar | AJ100: ='10. Brondata'!AJ138 -> 107560.68 | AK100: ='10. Brondata'!AK138 -> 217898.58 | AL100: ='10. Brondata'!AL138 -> 220711.65
B101: Verandering operationele kosten door gerealiseerde investeringen systeem in 2025 | F101: EUR, pp jaar | AK101: ='10. Brondata'!AK139 -> 109177.9 | AL101: ='10. Brondata'!AL139 -> 411298.45
B103: Al verrekende verschillen kosten EHS a.g.v. gerealiseerde investeringen 2021-2024 (excl. toepassing theta)
B104: Totaal verschil kapitaalkosten bijschatten EHS binnen scope a.g.v. gerealiseerde investeringen 2021-2024 | F104: EUR, pp jaar | AH104: ='10. Brondata'!AH142 -> -3246597 | AI104: ='10. Brondata'!AI142 -> -5091931.1 | AJ104: ='10. Brondata'!AJ142 -> -7677943 | AK104: ='10. Brondata'!AK142 -> -8196024.8 | AL104: ='10. Brondata'!AL142 -> -8141828.7
B105: Totaal verschil kapitaalkosten bijschatten EHS buiten scope a.g.v. gerealiseerde investeringen 2021-2024 | F105: EUR, pp jaar | AH105: ='10. Brondata'!AH143 -> 2994171.5 | AI105: ='10. Brondata'!AI143 -> 10709551 | AJ105: ='10. Brondata'!AJ143 -> 23174087 | AK105: ='10. Brondata'!AK143 -> 26351830 | AL105: ='10. Brondata'!AL143 -> 26203079
B107: Al verrekende verschillen kosten HS a.g.v. gerealiseerde investeringen 2021-2024 (excl. toepassing theta)
B108: Totaal verschil kapitaalkosten bijschatten HS binnen scope a.g.v. gerealiseerde investeringen 2021-2024 | F108: EUR, pp jaar | AH108: ='10. Brondata'!AH146 -> -15255774 | AI108: ='10. Brondata'!AI146 -> -23751745 | AJ108: ='10. Brondata'!AJ146 -> -36172332 | AK108: ='10. Brondata'!AK146 -> -38367538 | AL108: ='10. Brondata'!AL146 -> -38179962
B109: Totaal verschil kapitaalkosten bijschatten HS buiten scope a.g.v. gerealiseerde investeringen 2021-2024 | F109: EUR, pp jaar | AH109: ='10. Brondata'!AH147 -> 10106712 | AI109: ='10. Brondata'!AI147 -> 22130762 | AJ109: ='10. Brondata'!AJ147 -> 42672480 | AK109: ='10. Brondata'!AK147 -> 48435910 | AL109: ='10. Brondata'!AL147 -> 48182331
B111: Al verrekende verschillen kosten systeem a.g.v. gerealiseerde investeringen 2021-2024
B112: Totaal verschil kapitaalkosten bijschatten systeem a.g.v. gerealiseerde investeringen 2021-2024 | F112: EUR, pp jaar | AH112: ='10. Brondata'!AH150 -> 220800.43 | AI112: ='10. Brondata'!AI150 -> 1818983 | AJ112: ='10. Brondata'!AJ150 -> 4177680.1 | AK112: ='10. Brondata'!AK150 -> 4132524.2 | AL112: ='10. Brondata'!AL150 -> 4085915.9
B114: Gegevens ARO NorNed-kabel t.b.v. berekening kapitaalkosten EHS
B115: Initiële waarde en mutatie ARO NorNed-kabel | F115: EUR, pp jaar | AH115: ='10. Brondata'!AH153 -> 26011952 | AI115: ='10. Brondata'!AI153 -> 18893772 | AJ115: ='10. Brondata'!AJ153 -> -17831717
B116: Reële afschrijvingen a.g.v. initiële waarde ARO NorNed-kabel 2022 | F116: EUR, pp jaar | AH116: ='10. Brondata'!AH154 -> 583601.49 | AI116: ='10. Brondata'!AI154 -> 1009463.8 | AJ116: ='10. Brondata'!AJ154 -> 1018549 | AK116: ='10. Brondata'!AK154 -> 1027715.9 | AL116: ='10. Brondata'!AL154 -> 1036965.4
B117: Reële afschrijvingen a.g.v. mutatie ARO NorNed-kabel 2023 | F117: EUR, pp jaar | AI117: ='10. Brondata'!AI155 -> 440854.68 | AJ117: ='10. Brondata'!AJ155 -> 762552.64 | AK117: ='10. Brondata'!AK155 -> 769415.61 | AL117: ='10. Brondata'!AL155 -> 776340.35
B118: Reële afschrijvingen a.g.v. mutatie ARO NorNed-kabel 2024 | F118: EUR, pp jaar | AJ118: ='10. Brondata'!AJ156 -> -433409.79 | AK118: ='10. Brondata'!AK156 -> -749675.1 | AL118: ='10. Brondata'!AL156 -> -756422.18
B119: Reële afschrijvingen a.g.v. mutatie ARO NorNed-kabel 2025 | F119: EUR, pp jaar | AK119: ='10. Brondata'!AK157 -> -137307.92 | AL119: ='10. Brondata'!AL157 -> -237503.46
B121: Al verrekende kapitaalkosten ARO NorNed-kabel
B122: Al verrekende gerealiseerde kapitaalkosten ARO NorNed-kabel in 2026 | F122: EUR, pp jaar | AH122: ='10. Brondata'!AH160 -> 1143025.2 | AI122: ='10. Brondata'!AI160 -> 2398533 | AJ122: ='10. Brondata'!AJ160 -> 2004039.1 | AK122: ='10. Brondata'!AK160 -> 1681429.5 | AL122: ='10. Brondata'!AL160 -> 1668026.5
B124: Berekening correctie investeringen afschrijvingstermijn > 10 jaar EHS
B126: Berekening verschil kosten EHS bijschatten a.g.v. gerealiseerde investeringen 2021-2025
B127: Totaal verschil kapitaalkosten bijschatten EHS binnen scope a.g.v. gerealiseerde investeringen 2021-2025 | F127: EUR, pp jaar | AH127: =AH66-AH28 -> -3246597 | AI127: =AI66-AI28 -> -5091931.1 | AJ127: =AJ66-AJ28 -> -7677943 | AK127: =AK66-AK28 -> -9764622.6 | AL127: =AL66-AL28 -> -10272214
...

Sheet 21. Correctie afloopinv. WUI
B2: Tabblad 21 - Correctie afloopinvesteringen WUI's
B4: Beschrijving berekening
B5: Op dit tabblad berekent de ACM het verschil tussen de geschatte efficiënte kosten (kapitaalkosten en operationele kosten) in het gewijzigde X-factormodel transporttaken TenneT 2022-2026 en de herrekende geschatte efficiënte kosten (kapitaalkosten en operationele kosten) in de update van het gewijzigde X-factormodel transporttaken TenneT 2022-2026 a.g.v. de gerealiseerde investeringen met een afschrijvingstermijn langer dan 10 jaar. In de update van het gewijzigde X-factormodel is de input overgenomen uit een update van de gewijzigde GAW-berekening waarbij de gerealiseerde afloopinvesteringen van enkele WUI's opgenomen zijn in plaats van de geschatte afloopinvesteringen.
B7: Toelichting bij bijzonderheden
B8: - In de tarievenbesluiten 2023 t/m 2026 hebben al nacalculaties plaatsgevonden voor het verschil in de efficiënte kosten in de jaren 2022 t/m 2026 a.g.v. de gerealiseerde afloopinvesteringen WUI's in 2021 t/m 2024. Deze verschillen worden daarom niet meegenomen in de berekening van de nacalculaties voor de tarieven 2027.
B10: Omschrijving | F10: Eenheid | H10: Constante | J10: Rijtotaal | L10: 2000 | M10: 2001 | N10: 2002 | O10: 2003 | P10: 2004 | Q10: 2005 | R10: 2006 | S10: 2007 | T10: 2008 | U10: 2009 | V10: 2010 | W10: 2011 | X10: 2012 | Y10: 2013 | Z10: 2014 | AA10: 2015 | AB10: 2016 | AC10: 2017 | AD10: 2018 | AE10: 2019 | AF10: 2020 | AG10: 2021 | AH10: 2022 | AI10: 2023 | AJ10: 2024 | AK10: 2025 | AL10: 2026 | AM10: 2027 | AO10: Opmerking
B13: Ophalen gegevens voor berekening
B15: Statische efficiëntieparameter
B16: Thèta | F16: % | AH16: ='9. Parameters'!AH38 -> 1 | AI16: ='9. Parameters'!AI38 -> 1 | AJ16: ='9. Parameters'!AJ38 -> 1 | AK16: ='9. Parameters'!AK38 -> 1 | AL16: ='9. Parameters'!AL38 -> 1
B18: Rentepercentage tariefcorrecties
B19: 1 + rentepercentage van ... naar 2027 | F19: 1+% | AH19: ='16. Berekening parameters'!AM87 -> 1.2817028 | AI19: ='16. Berekening parameters'!AM88 -> 1.2444303 | AJ19: ='16. Berekening parameters'!AM89 -> 1.168492 | AK19: ='16. Berekening parameters'!AM90 -> 1.0971877 | AL19: ='16. Berekening parameters'!AM91 -> 1.044988
B21: Verwachte kosten EHS o.b.v. geschatte afloopinvesteringen WUI's
B22: Verwachte kapitaalkosten doorrollen EHS binnen scope | F22: EUR, pp jaar | AH22: ='10. Brondata'!AH165 -> 1.3009642e+08 | AI22: ='10. Brondata'!AI165 -> 1.2727579e+08 | AJ22: ='10. Brondata'!AJ165 -> 1.3239412e+08 | AK22: ='10. Brondata'!AK165 -> 1.3034495e+08 | AL22: ='10. Brondata'!AL165 -> 80916548
B23: Verandering opex door verandering in aanschafwaarden ten opzichte van gemiddelde 2018-2020 binnen scope | F23: EUR, pp jaar | AH23: ='10. Brondata'!AH166 -> 3747209.3 | AI23: ='10. Brondata'!AI166 -> 3795585.8 | AJ23: ='10. Brondata'!AJ166 -> 3844586.8 | AK23: ='10. Brondata'!AK166 -> 3894220.4 | AL23: ='10. Brondata'!AL166 -> 3944494.8
B25: Verwachte kapitaalkosten doorrollen EHS buiten scope excl. Cobra-kabel | F25: EUR, pp jaar | AH25: ='10. Brondata'!AH168 -> 14941355 | AI25: ='10. Brondata'!AI168 -> 14491230 | AJ25: ='10. Brondata'!AJ168 -> 15878464 | AK25: ='10. Brondata'!AK168 -> 15610571 | AL25: ='10. Brondata'!AL168 -> 13597342
B26: Verwachte efficiënte kapitaalkosten doorrollen EHS buiten scope Cobra-kabel | F26: EUR, pp jaar | AH26: ='10. Brondata'!AH169 -> 14599590 | AI26: ='10. Brondata'!AI169 -> 14275013 | AJ26: ='10. Brondata'!AJ169 -> 15127324 | AK26: ='10. Brondata'!AK169 -> 14081071 | AL26: ='10. Brondata'!AL169 -> 14001461
B27: Verandering opex door verandering in aanschafwaarden ten opzichte van gemiddelde 2018-2020 buiten scope | F27: EUR, pp jaar | AH27: ='10. Brondata'!AH170 -> 722098.67 | AI27: ='10. Brondata'!AI170 -> 731420.96 | AJ27: ='10. Brondata'!AJ170 -> 740863.61 | AK27: ='10. Brondata'!AK170 -> 750428.16 | AL27: ='10. Brondata'!AL170 -> 760116.18
B28: Verwachte operationele kosten EHS buiten scope Cobra-kabel | F28: EUR, pp jaar | AH28: ='10. Brondata'!AH171 -> 7623760.7 | AI28: ='10. Brondata'!AI171 -> 7722183.4 | AJ28: ='10. Brondata'!AJ171 -> 7821876.8 | AK28: ='10. Brondata'!AK171 -> 7922857.3 | AL28: ='10. Brondata'!AL171 -> 8025141.3
B30: Verwachte kosten HS o.b.v. geschatte afloopinvesteringen WUI's
B31: Verwachte kapitaalkosten doorrollen HS binnen scope | F31: EUR, pp jaar | AH31: ='10. Brondata'!AH174 -> 1.5185327e+08 | AI31: ='10. Brondata'!AI174 -> 1.4833512e+08 | AJ31: ='10. Brondata'!AJ174 -> 1.5054155e+08 | AK31: ='10. Brondata'!AK174 -> 1.3277618e+08 | AL31: ='10. Brondata'!AL174 -> 1.2418791e+08
B32: Verandering opex door verandering in aanschafwaarden ten opzichte van gemiddelde 2018-2020 binnen scope | F32: EUR, pp jaar | AH32: ='10. Brondata'!AH175 -> 3553684.2 | AI32: ='10. Brondata'!AI175 -> 3599562.2 | AJ32: ='10. Brondata'!AJ175 -> 3521692.4 | AK32: ='10. Brondata'!AK175 -> 3438682.5 | AL32: ='10. Brondata'!AL175 -> 3483075.8
B34: Verwachte kapitaalkosten doorrollen HS buiten scope | F34: EUR, pp jaar | AH34: ='10. Brondata'!AH177 -> 16638343 | AI34: ='10. Brondata'!AI177 -> 15976504 | AJ34: ='10. Brondata'!AJ177 -> 16461768 | AK34: ='10. Brondata'!AK177 -> 14837936 | AL34: ='10. Brondata'!AL177 -> 12817612
B35: Verandering opex door verandering in aanschafwaarden ten opzichte van gemiddelde 2018-2020 buiten scope | F35: EUR, pp jaar | AH35: ='10. Brondata'!AH178 -> 530428.99 | AI35: ='10. Brondata'!AI178 -> 537276.83 | AJ35: ='10. Brondata'!AJ178 -> 537685.09 | AK35: ='10. Brondata'!AK178 -> 537881.53 | AL35: ='10. Brondata'!AL178 -> 544825.58
B37: Verwachte kosten EHS o.b.v. gerealiseerde afloopinvesteringen WUI's
B38: Verwachte kapitaalkosten doorrollen EHS binnen scope o.b.v. gerealiseerde afloopinv. WUI's in RD 2021-2025 | F38: EUR, pp jaar | AH38: ='10. Brondata'!AH181 -> 1.2969025e+08 | AI38: ='10. Brondata'!AI181 -> 1.2687949e+08 | AJ38: ='10. Brondata'!AJ181 -> 1.3195435e+08 | AK38: ='10. Brondata'!AK181 -> 1.2990665e+08 | AL38: ='10. Brondata'!AL181 -> 80479883
B39: Verandering opex door verandering in aanschafwaarden ten opzichte van gemiddelde 2018-2020 binnen scope o.b.v. WUI's in RD 2021-2025 | F39: EUR, pp jaar | AH39: ='10. Brondata'!AH182 -> 3699863.8 | AI39: ='10. Brondata'!AI182 -> 3747629 | AJ39: ='10. Brondata'!AJ182 -> 3796010.9 | AK39: ='10. Brondata'!AK182 -> 3845017.4 | AL39: ='10. Brondata'!AL182 -> 3894656.6
B41: Verwachte kapitaalkosten doorrollen EHS buiten scope excl. Cobra-kabel o.b.v. gerealiseerde afloopinv. WUI's in RD 2021-2025 | F41: EUR, pp jaar | AH41: ='10. Brondata'!AH184 -> 15103302 | AI41: ='10. Brondata'!AI184 -> 14648642 | AJ41: ='10. Brondata'!AJ184 -> 16061004 | AK41: ='10. Brondata'!AK184 -> 15793508 | AL41: ='10. Brondata'!AL184 -> 13780668
B42: Verwachte efficiënte kapitaalkosten doorrollen EHS buiten scope Cobra-kabel o.b.v. gerealiseerde afloopinv. WUI's in RD 2021-2025 | F42: EUR, pp jaar | AH42: ='10. Brondata'!AH185 -> 14453057 | AI42: ='10. Brondata'!AI185 -> 14131385 | AJ42: ='10. Brondata'!AJ185 -> 14990441 | AK42: ='10. Brondata'!AK185 -> 13987433 | AL42: ='10. Brondata'!AL185 -> 13908340
B43: Verandering opex door verandering in aanschafwaarden ten opzichte van gemiddelde 2018-2020 buiten scope o.b.v. WUI's in RD 2021-2025 | F43: EUR, pp jaar | AH43: ='10. Brondata'!AH186 -> 747105.96 | AI43: ='10. Brondata'!AI186 -> 756751.09 | AJ43: ='10. Brondata'!AJ186 -> 766520.75 | AK43: ='10. Brondata'!AK186 -> 776416.53 | AL43: ='10. Brondata'!AL186 -> 786440.07
B44: Verwachte operationele kosten EHS buiten scope Cobra-kabel o.b.v. gerealiseerde afloopinv. WUI's in RD 2021-2025 | F44: EUR, pp jaar | AH44: ='10. Brondata'!AH187 -> 7563385.2 | AI44: ='10. Brondata'!AI187 -> 7661028.5 | AJ44: ='10. Brondata'!AJ187 -> 7759932.4 | AK44: ='10. Brondata'!AK187 -> 7860113.1 | AL44: ='10. Brondata'!AL187 -> 7961587.1
B46: Verwachte kosten HS o.b.v. gerealiseerde afloopinvesteringen WUI's
B47: Verwachte kapitaalkosten doorrollen HS binnen scope o.b.v. gerealiseerde afloopinv. WUI's in RD 2021-2025 | F47: EUR, pp jaar | AH47: ='10. Brondata'!AH190 -> 1.5175411e+08 | AI47: ='10. Brondata'!AI190 -> 1.4823852e+08 | AJ47: ='10. Brondata'!AJ190 -> 1.5043225e+08 | AK47: ='10. Brondata'!AK190 -> 1.3266698e+08 | AL47: ='10. Brondata'!AL190 -> 1.2407881e+08
B48: Verandering opex door verandering in aanschafwaarden ten opzichte van gemiddelde 2018-2020 binnen scope o.b.v. WUI's in RD 2021-2025 | F48: EUR, pp jaar | AH48: ='10. Brondata'!AH191 -> 3553684.2 | AI48: ='10. Brondata'!AI191 -> 3599562.2 | AJ48: ='10. Brondata'!AJ191 -> 3521692.4 | AK48: ='10. Brondata'!AK191 -> 3438682.5 | AL48: ='10. Brondata'!AL191 -> 3483075.8
B50: Verwachte kapitaalkosten doorrollen HS buiten scope o.b.v. gerealiseerde afloopinv. WUI's in RD 2021-2025 | F50: EUR, pp jaar | AH50: ='10. Brondata'!AH193 -> 16856801 | AI50: ='10. Brondata'!AI193 -> 16189988 | AJ50: ='10. Brondata'!AJ193 -> 16694241 | AK50: ='10. Brondata'!AK193 -> 15069076 | AL50: ='10. Brondata'!AL193 -> 13047375
B51: Verandering opex door verandering in aanschafwaarden ten opzichte van gemiddelde 2018-2020 buiten scope o.b.v. WUI's in RD 2021-2025 | F51: EUR, pp jaar | AH51: ='10. Brondata'!AH194 -> 530428.99 | AI51: ='10. Brondata'!AI194 -> 537276.83 | AJ51: ='10. Brondata'!AJ194 -> 537685.09 | AK51: ='10. Brondata'!AK194 -> 1317135.6 | AL51: ='10. Brondata'!AL194 -> 1334139.8
B53: Al verrekende verschillen efficiënte kosten a.g.v. gerealiseerde afloopinvesteringen WUI's
B54: Verschil efficiënte kosten EHS doorrollen a.g.v. gerealiseerde afloopinvesteringen WUI's 2021-2023 in 2025 | F54: EUR, pp jaar | AH54: ='10. Brondata'!AH197 -> -509211.96 | AI54: ='10. Brondata'!AI197 -> -501427.81 | AJ54: ='10. Brondata'!AJ197 -> -516299.62 | AK54: ='10. Brondata'!AK197 -> -472094.43
B55: Vergoedde verschil efficiënte kosten EHS doorrollen a.g.v. gerealiseerde afloopinvesteringen WUI's 2021-2024 in 2026 | F55: EUR, pp jaar | AH55: ='10. Brondata'!AH198 -> 35733.317 | AI55: ='10. Brondata'!AI198 -> 35125.134 | AJ55: ='10. Brondata'!AJ198 -> 37330.44 | AK55: ='10. Brondata'!AK198 -> 37129.299 | AL55: ='10. Brondata'!AL198 -> -433526.89
B56: Verschil efficiënte kosten HS doorrollen a.g.v. gerealiseerde afloopinvesteringen WUI's 2021-2024 in 2025 | F56: EUR, pp jaar | AH56: ='10. Brondata'!AH199 -> 119290.61 | AI56: ='10. Brondata'!AI199 -> 116887.06 | AJ56: ='10. Brondata'!AJ199 -> 123177.39 | AK56: ='10. Brondata'!AK199 -> 121937.26
B57: Vergoedde verschil efficiënte kosten HS doorrollen a.g.v. gerealiseerde afloopinvesteringen WUI's 2021-2024 in 2026 | F57: EUR, pp jaar | AH57: ='10. Brondata'!AH200 -> -1.4901161e-08 | AI57: ='10. Brondata'!AI200 -> -2.1420419e-08 | AJ57: ='10. Brondata'!AJ200 -> -2.2351742e-08 | AK57: ='10. Brondata'!AK200 -> 3.259629e-08 | AL57: ='10. Brondata'!AL200 -> 120664.83
B59: Berekening correctie efficiënte kosten gerealiseerde afloopinvesteringen WUI's EHS
B61: Berekening verschil kosten EHS doorrollen a.g.v. gerealiseerde afloopinvesteringen WUI's 2021-2025
B62: Totaal verschil kapitaalkosten doorrollen EHS binnen scope o.b.v. gerealiseerde afloopinv. WUI's in RD 2021-2025 | F62: EUR, pp jaar | AH62: =AH38-AH22 -> -406179.53 | AI62: =AI38-AI22 -> -396304.86 | AJ62: =AJ38-AJ22 -> -439762.65 | AK62: =AK38-AK22 -> -438305.06 | AL62: =AL38-AL22 -> -436664.29
B63: Totaal verschil verandering opex door verandering in aanschafwaarden ten opzichte van gemiddelde 2018-2020 binnen scope o.b.v. WUI's in RD 2021-2025 | F63: EUR, pp jaar | AH63: =AH39-AH23 -> -47345.531 | AI63: =AI39-AI23 -> -47956.762 | AJ63: =AJ39-AJ23 -> -48575.884 | AK63: =AK39-AK23 -> -49202.998 | AL63: =AL39-AL23 -> -49838.209
B65: Totaal verschil kapitaalkosten doorrollen EHS buiten scope excl. Cobra-kabel o.b.v. gerealiseerde afloopinv. WUI's in RD 2021-2025 | F65: EUR, pp jaar | AH65: =AH41-AH25 -> 161947.43 | AI65: =AI41-AI25 -> 157411.94 | AJ65: =AJ41-AJ25 -> 182539.25 | AK65: =AK41-AK25 -> 182936.7 | AL65: =AL41-AL25 -> 183326.51
B66: Totaal verschil verwachte kapitaalkosten doorrollen EHS buiten scope Cobra-kabel o.b.v. gerealiseerde afloopinv. WUI's in RD 2021-2025 | F66: EUR, pp jaar | AH66: =AH42-AH26 -> -146532.78 | AI66: =AI42-AI26 -> -143628.16 | AJ66: =AJ42-AJ26 -> -136882.57 | AK66: =AK42-AK26 -> -93637.98 | AL66: =AL42-AL26 -> -93120.588
B67: Totaal verschil verandering opex door verandering in aanschafwaarden ten opzichte van gemiddelde 2018-2020 buiten scope o.b.v. WUI's in RD 2021-2025 | F67: EUR, pp jaar | AH67: =AH43-AH27 -> 25007.287 | AI67: =AI43-AI27 -> 25330.131 | AJ67: =AJ43-AJ27 -> 25657.143 | AK67: =AK43-AK27 -> 25988.376 | AL67: =AL43-AL27 -> 26323.886
B68: Totaal verschil verwachte operationele kosten EHS buiten scope Cobra-kabel o.b.v. gerealiseerde afloopinv. WUI's in RD 2021-2025 | F68: EUR, pp jaar | AH68: =AH44-AH28 -> -60375.513 | AI68: =AI44-AI28 -> -61154.961 | AJ68: =AJ44-AJ28 -> -61944.471 | AK68: =AK44-AK28 -> -62744.174 | AL68: =AL44-AL28 -> -63554.202
B70: Totaal verschil kosten EHS o.b.v. gerealiseerde afloopinv. WUI"s in RD 2021-2025 | F70: EUR, pp jaar | AH70: {=SUM(AH62:AH63*AH$16,AH65:AH68)} -> -473478.64 | AI70: {=SUM(AI62:AI63*AI$16,AI65:AI68)} -> -466302.67 | AJ70: {=SUM(AJ62:AJ63*AJ$16,AJ65:AJ68)} -> -478969.18 | AK70: {=SUM(AK62:AK63*AK$16,AK65:AK68)} -> -434965.14 | AL70: {=SUM(AL62:AL63*AL$16,AL65:AL68)} -> -433526.89
B72: Te vergoeden kosten EHS doorrollen a.g.v. gerealiseerde afloopinvesteringen WUI's 2021-2025
B73: Totaal nog te vergoeden verschil kosten EHS doorrollen a.g.v. gerealiseerde afloopinvesteringen WUI's 2021-2025 | F73: EUR, pp jaar | AH73: =AH70-AH54-AH55 -> 0 | AI73: =AI70-AI54-AI55 -> 0 | AJ73: =AJ70-AJ54-AJ55 -> 0 | AK73: =AK70-AK54-AK55 -> 0 | AL73: =AL70-AL54-AL55 -> 0
B75: Tariefcorrectie efficiënte kosten EHS doorrollen a.g.v. gerealiseerde afloopinvesteringen WUI's 2021-2025
A76: 2026 veranderd in 2027 | B76: Tariefcorrectie efficiënte kosten EHS doorrollen a.g.v. gerealiseerde afloopinvesteringen WUI's 2021-2025 in 2027 | F76: EUR, pp jaar | AM76: {=SUM(AH73:AL73*AH$19:AL$19)} -> 0
B78: Berekening nacalculatie HS
B80: Berekening verschil kosten HS doorrollen a.g.v. gerealiseerde afloopinvesteringen WUI's 2021-2025
B81: Totaal verschil kapitaalkosten doorrollen HS binnen scope o.b.v. gerealiseerde afloopinv. WUI's in RD 2021-2025 | F81: EUR, pp jaar | AH81: =AH47-AH31 -> -99167.501 | AI81: =AI47-AI31 -> -96596.336 | AJ81: =AJ47-AJ31 -> -109296.03 | AK81: =AK47-AK31 -> -109202.32 | AL81: =AL47-AL31 -> -109098.06
B82: Totaal verschil verandering opex door verandering in aanschafwaarden ten opzichte van gemiddelde 2018-2020 binnen scope o.b.v. WUI's in RD 2021-2025 | F82: EUR, pp jaar | AH82: =AH48-AH32 -> 0 | AI82: =AI48-AI32 -> 4.6566129e-09 | AJ82: =AJ48-AJ32 -> 0 | AK82: =AK48-AK32 -> -4.6566129e-09 | AL82: =AL48-AL32 -> 0
B84: Totaal verschil kapitaalkosten doorrollen HS buiten scope o.b.v. gerealiseerde afloopinv. WUI's in RD 2021-2025 | F84: EUR, pp jaar | AH84: =AH50-AH34 -> 218458.11 | AI84: =AI50-AI34 -> 213483.4 | AJ84: =AJ50-AJ34 -> 232473.41 | AK84: =AK50-AK34 -> 231139.57 | AL84: =AL50-AL34 -> 229762.89
B85: Totaal verschil verandering opex door verandering in aanschafwaarden ten opzichte van gemiddelde 2018-2020 buiten scope o.b.v. WUI's in RD 2021-2025 | F85: EUR, pp jaar | AH85: =AH51-AH35 -> 0 | AI85: =AI51-AI35 -> 0 | AJ85: =AJ51-AJ35 -> 0 | AK85: =AK51-AK35 -> 779254.07 | AL85: =AL51-AL35 -> 789314.25
B87: Totaal verschil kosten HS o.b.v. gerealiseerde afloopinv. WUI"s in RD 2021-2025 | F87: EUR, pp jaar | AH87: {=SUM(AH81:AH82*AH$16,AH84:AH85)} -> 119290.61 | AI87: {=SUM(AI81:AI82*AI$16,AI84:AI85)} -> 116887.06 | AJ87: {=SUM(AJ81:AJ82*AJ$16,AJ84:AJ85)} -> 123177.39 | AK87: {=SUM(AK81:AK82*AK$16,AK84:AK85)} -> 901191.33 | AL87: {=SUM(AL81:AL82*AL$16,AL84:AL85)} -> 909979.07
B89: Te vergoeden kosten HS doorrollen a.g.v. gerealiseerde afloopinvesteringen WUI's 2021-2025
